Workbook
Name Scenario: Tables!$A$2:$A$9
Name Water: Tables!$A$13:$A$55

Sheet Summary
A2: Scenario | B2: Sensitivity | C2: Scenario/Sensitivty | D2: Retirement Dates | F2: Economic Depletion Range | G2: Notes | H2: 2017 | I2: 2018 | J2: 2019 | K2: 2020 | L2: 2021 | M2: 2022 | N2: 2023 | O2: 2024 | P2: 2025 | Q2: 2026 | R2: 2027 | S2: 2028 | T2: 2029 | U2: 2030 | V2: 2031 | W2: 2032 | X2: 2033 | Y2: 2034 | Z2: 2035 | AA2: 2036 | AB2: 2037 | AC2: 2038 | AD2: 2039 | AE2: 2040 | AF2: 2041 | AG2: 2042 | AH2: 2043 | AI2: 2044 | AJ2: 2045 | AK2: Total
D3: Unit 1 | E3: Unit 2
A4: 1 | B4: =CONCATENATE("Sensitivity ",A4) -> Sensitivity 1 | C4: Status quo (w/o Northern Ag) | D4: 2023 | E4: ='Scenario 1'!J14 -> 2023 | F4: 2022-2024 | H4: =SUBTOTAL(9,H5:H9) -> 50240082 | I4: =SUBTOTAL(9,I5:I9) -> 51609983 | J4: =SUBTOTAL(9,J5:J9) -> 40885198 | K4: =SUBTOTAL(9,K5:K9) -> 47524913 | L4: =SUBTOTAL(9,L5:L9) -> 40978250 | M4: =SUBTOTAL(9,M5:M9) -> 37113734 | N4: =SUBTOTAL(9,N5:N9) -> 35183748 | O4: =SUBTOTAL(9,O5:O9) -> 0 | ... AK4: =SUBTOTAL(9,AK5:AK9) -> 3.0353591e+08
A5: =A4 -> 1 | C5: On-Going CapX (exc water) | H5: =HLOOKUP($A5,'Scenario 1'!$I$42:$N$72,Summary!H$2-2015,FALSE) -> 18803258 | I5: =HLOOKUP($A5,'Scenario 1'!$I$42:$N$72,Summary!I$2-2015,FALSE) -> 15515714 | J5: =HLOOKUP($A5,'Scenario 1'!$I$42:$N$72,Summary!J$2-2015,FALSE) -> 10355907 | K5: =HLOOKUP($A5,'Scenario 1'!$I$42:$N$72,Summary!K$2-2015,FALSE) -> 12100046 | L5: =HLOOKUP($A5,'Scenario 1'!$I$42:$N$72,Summary!L$2-2015,FALSE) -> 7175311.4 | M5: =HLOOKUP($A5,'Scenario 1'!$I$42:$N$72,Summary!M$2-2015,FALSE) -> 2305697.2 | N5: =HLOOKUP($A5,'Scenario 1'!$I$42:$N$72,Summary!N$2-2015,FALSE) -> 689350.13 | O5: =HLOOKUP($A5,'Scenario 1'!$I$42:$N$72,Summary!O$2-2015,FALSE) -> 0 | ... AJ5: =HLOOKUP($A5,'Scenario 1'!$I$42:$N$72,Summary!AJ$2-2015,FALSE) -> 0 | AK5: =SUM(H5:AJ5) -> 66945284
A6: =A5 -> 1 | C6: CapX Water Costs | H6: =HLOOKUP($A6,'Scenario 1'!$I$75:$N$105,Summary!H$2-2015,FALSE) -> 600000 | I6: =HLOOKUP($A6,'Scenario 1'!$I$75:$N$105,Summary!I$2-2015,FALSE) -> 4641000 | J6: =HLOOKUP($A6,'Scenario 1'!$I$75:$N$105,Summary!J$2-2015,FALSE) -> 728000 | K6: =HLOOKUP($A6,'Scenario 1'!$I$75:$N$105,Summary!K$2-2015,FALSE) -> 2015208 | L6: =HLOOKUP($A6,'Scenario 1'!$I$75:$N$105,Summary!L$2-2015,FALSE) -> 648000 | M6: =HLOOKUP($A6,'Scenario 1'!$I$75:$N$105,Summary!M$2-2015,FALSE) -> 990000 | N6: =HLOOKUP($A6,'Scenario 1'!$I$75:$N$105,Summary!N$2-2015,FALSE) -> 0 | O6: =HLOOKUP($A6,'Scenario 1'!$I$75:$N$105,Summary!O$2-2015,FALSE) -> 0 | ... AJ6: =HLOOKUP($A6,'Scenario 1'!$I$75:$N$105,Summary!AJ$2-2015,FALSE) -> 0 | AK6: =SUM(H6:AJ6) -> 9622208
A7: =A6 -> 1 | C7: Fixed O&M Labor | H7: =HLOOKUP($A7,'Scenario 1'!$I$108:$N$138,Summary!H$2-2015,FALSE) -> 18063856 | I7: =HLOOKUP($A7,'Scenario 1'!$I$108:$N$138,Summary!I$2-2015,FALSE) -> 18538570 | J7: =HLOOKUP($A7,'Scenario 1'!$I$108:$N$138,Summary!J$2-2015,FALSE) -> 18854305 | K7: =HLOOKUP($A7,'Scenario 1'!$I$108:$N$138,Summary!K$2-2015,FALSE) -> 19834948 | L7: =HLOOKUP($A7,'Scenario 1'!$I$108:$N$138,Summary!L$2-2015,FALSE) -> 19947342 | M7: =HLOOKUP($A7,'Scenario 1'!$I$108:$N$138,Summary!M$2-2015,FALSE) -> 20346289 | N7: =HLOOKUP($A7,'Scenario 1'!$I$108:$N$138,Summary!N$2-2015,FALSE) -> 20753215 | O7: =HLOOKUP($A7,'Scenario 1'!$I$108:$N$138,Summary!O$2-2015,FALSE) -> 0 | ... AJ7: =HLOOKUP($A7,'Scenario 1'!$I$108:$N$138,Summary!AJ$2-2015,FALSE) -> 0 | AK7: =SUM(H7:AJ7) -> 1.3633853e+08
A8: =A7 -> 1 | C8: Fixed O&M Other | H8: =HLOOKUP($A8,'Scenario 1'!$I$143:$N$173,Summary!H$2-2015,FALSE) -> 10696150 | I8: =HLOOKUP($A8,'Scenario 1'!$I$143:$N$173,Summary!I$2-2015,FALSE) -> 10735594 | J8: =HLOOKUP($A8,'Scenario 1'!$I$143:$N$173,Summary!J$2-2015,FALSE) -> 8134829.1 | K8: =HLOOKUP($A8,'Scenario 1'!$I$143:$N$173,Summary!K$2-2015,FALSE) -> 10672832 | L8: =HLOOKUP($A8,'Scenario 1'!$I$143:$N$173,Summary!L$2-2015,FALSE) -> 10192874 | M8: =HLOOKUP($A8,'Scenario 1'!$I$143:$N$173,Summary!M$2-2015,FALSE) -> 10396731 | N8: =HLOOKUP($A8,'Scenario 1'!$I$143:$N$173,Summary!N$2-2015,FALSE) -> 10604666 | O8: =HLOOKUP($A8,'Scenario 1'!$I$143:$N$173,Summary!O$2-2015,FALSE) -> 0 | ... AJ8: =HLOOKUP($A8,'Scenario 1'!$I$143:$N$173,Summary!AJ$2-2015,FALSE) -> 0 | AK8: =SUM(H8:AJ8) -> 71433677
A9: =A8 -> 1 | C9: Variable O&M | H9: =HLOOKUP($A9,'Scenario 1'!$I$178:$N$208,Summary!H$2-2015,FALSE) -> 2076817 | I9: =HLOOKUP($A9,'Scenario 1'!$I$178:$N$208,Summary!I$2-2015,FALSE) -> 2179106 | J9: =HLOOKUP($A9,'Scenario 1'!$I$178:$N$208,Summary!J$2-2015,FALSE) -> 2812156 | K9: =HLOOKUP($A9,'Scenario 1'!$I$178:$N$208,Summary!K$2-2015,FALSE) -> 2901879 | L9: =HLOOKUP($A9,'Scenario 1'!$I$178:$N$208,Summary!L$2-2015,FALSE) -> 3014722 | M9: =HLOOKUP($A9,'Scenario 1'!$I$178:$N$208,Summary!M$2-2015,FALSE) -> 3075016.4 | N9: =HLOOKUP($A9,'Scenario 1'!$I$178:$N$208,Summary!N$2-2015,FALSE) -> 3136516.8 | O9: =HLOOKUP($A9,'Scenario 1'!$I$178:$N$208,Summary!O$2-2015,FALSE) -> 0 | ... AJ9: =HLOOKUP($A9,'Scenario 1'!$I$178:$N$208,Summary!AJ$2-2015,FALSE) -> 0 | AK9: =SUM(H9:AJ9) -> 19196213
A10: 1A | B10: =CONCATENATE("Sensitivity ",A10) -> Sensitivity 1A | C10: Status quo (incl Northern Ag) | D10: 2024 | E10: 2024 | F10: 2023-2025 | H10: =SUBTOTAL(9,H11:H15) -> 58240082 | I10: =SUBTOTAL(9,I11:I15) -> 51609983 | J10: =SUBTOTAL(9,J11:J15) -> 40885198 | K10: =SUBTOTAL(9,K11:K15) -> 52114586 | L10: =SUBTOTAL(9,L11:L15) -> 44506849 | M10: =SUBTOTAL(9,M11:M15) -> 40044340 | N10: =SUBTOTAL(9,N11:N15) -> 43214318 | O10: =SUBTOTAL(9,O11:O15) -> 35794097 | ... AK10: =SUBTOTAL(9,AK11:AK15) -> 3.6640945e+08
A11: =A10 -> 1A | C11: On-Going CapX (exc water) | H11: =HLOOKUP($A11,'Scenario 1'!$I$42:$N$72,Summary!H$2-2015,FALSE) -> 18803258 | I11: =HLOOKUP($A11,'Scenario 1'!$I$42:$N$72,Summary!I$2-2015,FALSE) -> 15515714 | J11: =HLOOKUP($A11,'Scenario 1'!$I$42:$N$72,Summary!J$2-2015,FALSE) -> 10355907 | K11: =HLOOKUP($A11,'Scenario 1'!$I$42:$N$72,Summary!K$2-2015,FALSE) -> 16689718 | L11: =HLOOKUP($A11,'Scenario 1'!$I$42:$N$72,Summary!L$2-2015,FALSE) -> 10703911 | M11: =HLOOKUP($A11,'Scenario 1'!$I$42:$N$72,Summary!M$2-2015,FALSE) -> 5236302.9 | N11: =HLOOKUP($A11,'Scenario 1'!$I$42:$N$72,Summary!N$2-2015,FALSE) -> 3715892.4 | O11: =HLOOKUP($A11,'Scenario 1'!$I$42:$N$72,Summary!O$2-2015,FALSE) -> 609811.12 | ... AJ11: =HLOOKUP($A11,'Scenario 1'!$I$42:$N$72,Summary!AJ$2-2015,FALSE) -> 0 | AK11: =SUM(H11:AJ11) -> 81630515
A12: =A11 -> 1A | C12: CapX Water Costs | H12: =HLOOKUP($A12,'Scenario 1'!$I$75:$N$105,Summary!H$2-2015,FALSE) -> 8600000 | I12: =HLOOKUP($A12,'Scenario 1'!$I$75:$N$105,Summary!I$2-2015,FALSE) -> 4641000 | J12: =HLOOKUP($A12,'Scenario 1'!$I$75:$N$105,Summary!J$2-2015,FALSE) -> 728000 | K12: =HLOOKUP($A12,'Scenario 1'!$I$75:$N$105,Summary!K$2-2015,FALSE) -> 2015208 | L12: =HLOOKUP($A12,'Scenario 1'!$I$75:$N$105,Summary!L$2-2015,FALSE) -> 648000 | M12: =HLOOKUP($A12,'Scenario 1'!$I$75:$N$105,Summary!M$2-2015,FALSE) -> 990000 | N12: =HLOOKUP($A12,'Scenario 1'!$I$75:$N$105,Summary!N$2-2015,FALSE) -> 5004027.9 | O12: =HLOOKUP($A12,'Scenario 1'!$I$75:$N$105,Summary!O$2-2015,FALSE) -> 0 | ... AJ12: =HLOOKUP($A12,'Scenario 1'!$I$75:$N$105,Summary!AJ$2-2015,FALSE) -> 0 | AK12: =SUM(H12:AJ12) -> 22626236
A13: =A12 -> 1A | C13: Fixed O&M Labor | H13: =HLOOKUP($A13,'Scenario 1'!$I$108:$N$138,Summary!H$2-2015,FALSE) -> 18063856 | I13: =HLOOKUP($A13,'Scenario 1'!$I$108:$N$138,Summary!I$2-2015,FALSE) -> 18538570 | J13: =HLOOKUP($A13,'Scenario 1'!$I$108:$N$138,Summary!J$2-2015,FALSE) -> 18854305 | K13: =HLOOKUP($A13,'Scenario 1'!$I$108:$N$138,Summary!K$2-2015,FALSE) -> 19834948 | L13: =HLOOKUP($A13,'Scenario 1'!$I$108:$N$138,Summary!L$2-2015,FALSE) -> 19947342 | M13: =HLOOKUP($A13,'Scenario 1'!$I$108:$N$138,Summary!M$2-2015,FALSE) -> 20346289 | N13: =HLOOKUP($A13,'Scenario 1'!$I$108:$N$138,Summary!N$2-2015,FALSE) -> 20753215 | O13: =HLOOKUP($A13,'Scenario 1'!$I$108:$N$138,Summary!O$2-2015,FALSE) -> 21168279 | ... AJ13: =HLOOKUP($A13,'Scenario 1'!$I$108:$N$138,Summary!AJ$2-2015,FALSE) -> 0 | AK13: =SUM(H13:AJ13) -> 1.575068e+08
A14: =A13 -> 1A | C14: Fixed O&M Other | H14: =HLOOKUP($A14,'Scenario 1'!$I$143:$N$173,Summary!H$2-2015,FALSE) -> 10696150 | I14: =HLOOKUP($A14,'Scenario 1'!$I$143:$N$173,Summary!I$2-2015,FALSE) -> 10735594 | J14: =HLOOKUP($A14,'Scenario 1'!$I$143:$N$173,Summary!J$2-2015,FALSE) -> 8134829.1 | K14: =HLOOKUP($A14,'Scenario 1'!$I$143:$N$173,Summary!K$2-2015,FALSE) -> 10672832 | L14: =HLOOKUP($A14,'Scenario 1'!$I$143:$N$173,Summary!L$2-2015,FALSE) -> 10192874 | M14: =HLOOKUP($A14,'Scenario 1'!$I$143:$N$173,Summary!M$2-2015,FALSE) -> 10396731 | N14: =HLOOKUP($A14,'Scenario 1'!$I$143:$N$173,Summary!N$2-2015,FALSE) -> 10604666 | O14: =HLOOKUP($A14,'Scenario 1'!$I$143:$N$173,Summary!O$2-2015,FALSE) -> 10816759 | ... AJ14: =HLOOKUP($A14,'Scenario 1'!$I$143:$N$173,Summary!AJ$2-2015,FALSE) -> 0 | AK14: =SUM(H14:AJ14) -> 82250436
A15: =A14 -> 1A | C15: Variable O&M | H15: =HLOOKUP($A15,'Scenario 1'!$I$178:$N$208,Summary!H$2-2015,FALSE) -> 2076817 | I15: =HLOOKUP($A15,'Scenario 1'!$I$178:$N$208,Summary!I$2-2015,FALSE) -> 2179106 | J15: =HLOOKUP($A15,'Scenario 1'!$I$178:$N$208,Summary!J$2-2015,FALSE) -> 2812156 | K15: =HLOOKUP($A15,'Scenario 1'!$I$178:$N$208,Summary!K$2-2015,FALSE) -> 2901879 | L15: =HLOOKUP($A15,'Scenario 1'!$I$178:$N$208,Summary!L$2-2015,FALSE) -> 3014722 | M15: =HLOOKUP($A15,'Scenario 1'!$I$178:$N$208,Summary!M$2-2015,FALSE) -> 3075016.4 | N15: =HLOOKUP($A15,'Scenario 1'!$I$178:$N$208,Summary!N$2-2015,FALSE) -> 3136516.8 | O15: =HLOOKUP($A15,'Scenario 1'!$I$178:$N$208,Summary!O$2-2015,FALSE) -> 3199247.1 | ... AJ15: =HLOOKUP($A15,'Scenario 1'!$I$178:$N$208,Summary!AJ$2-2015,FALSE) -> 0 | AK15: =SUM(H15:AJ15) -> 22395460
A16: 1B | B16: =CONCATENATE("Sensitivity ",A16) -> Sensitivity 1B | C16: Status quo plus acquisition 1 (15,000 AF) | D16: 2025 | E16: 2025 | F16: 2024-2026 | H16: =SUBTOTAL(9,H17:H21) -> 58490082 | I16: =SUBTOTAL(9,I17:I21) -> 51609983 | J16: =SUBTOTAL(9,J17:J21) -> 40885198 | K16: =SUBTOTAL(9,K17:K21) -> 52114586 | L16: =SUBTOTAL(9,L17:L21) -> 48566953 | M16: =SUBTOTAL(9,M17:M21) -> 42619394 | N16: =SUBTOTAL(9,N17:N21) -> 47937321 | O16: =SUBTOTAL(9,O17:O21) -> 39326429 | ... AK16: =SUBTOTAL(9,AK17:AK21) -> 4.1788294e+08
A17: =A16 -> 1B | C17: On-Going CapX (exc water) | H17: =HLOOKUP($A17,'Scenario 1'!$I$42:$N$72,Summary!H$2-2015,FALSE) -> 18803258 | I17: =HLOOKUP($A17,'Scenario 1'!$I$42:$N$72,Summary!I$2-2015,FALSE) -> 15515714 | J17: =HLOOKUP($A17,'Scenario 1'!$I$42:$N$72,Summary!J$2-2015,FALSE) -> 10355907 | K17: =HLOOKUP($A17,'Scenario 1'!$I$42:$N$72,Summary!K$2-2015,FALSE) -> 16689718 | L17: =HLOOKUP($A17,'Scenario 1'!$I$42:$N$72,Summary!L$2-2015,FALSE) -> 14764015 | M17: =HLOOKUP($A17,'Scenario 1'!$I$42:$N$72,Summary!M$2-2015,FALSE) -> 7811357.2 | N17: =HLOOKUP($A17,'Scenario 1'!$I$42:$N$72,Summary!N$2-2015,FALSE) -> 8438895.8 | O17: =HLOOKUP($A17,'Scenario 1'!$I$42:$N$72,Summary!O$2-2015,FALSE) -> 3287143 | ... AJ17: =HLOOKUP($A17,'Scenario 1'!$I$42:$N$72,Summary!AJ$2-2015,FALSE) -> 0 | AK17: =SUM(H17:AJ17) -> 96111029
A18: =A17 -> 1B | C18: CapX Water Costs | H18: =HLOOKUP($A18,'Scenario 1'!$I$75:$N$105,Summary!H$2-2015,FALSE) -> 8850000 | I18: =HLOOKUP($A18,'Scenario 1'!$I$75:$N$105,Summary!I$2-2015,FALSE) -> 4641000 | J18: =HLOOKUP($A18,'Scenario 1'!$I$75:$N$105,Summary!J$2-2015,FALSE) -> 728000 | K18: =HLOOKUP($A18,'Scenario 1'!$I$75:$N$105,Summary!K$2-2015,FALSE) -> 2015208 | L18: =HLOOKUP($A18,'Scenario 1'!$I$75:$N$105,Summary!L$2-2015,FALSE) -> 648000 | M18: =HLOOKUP($A18,'Scenario 1'!$I$75:$N$105,Summary!M$2-2015,FALSE) -> 990000 | N18: =HLOOKUP($A18,'Scenario 1'!$I$75:$N$105,Summary!N$2-2015,FALSE) -> 5004027.9 | O18: =HLOOKUP($A18,'Scenario 1'!$I$75:$N$105,Summary!O$2-2015,FALSE) -> 855000 | ... AJ18: =HLOOKUP($A18,'Scenario 1'!$I$75:$N$105,Summary!AJ$2-2015,FALSE) -> 0 | AK18: =SUM(H18:AJ18) -> 23731236
A19: =A18 -> 1B | C19: Fixed O&M Labor | H19: =HLOOKUP($A19,'Scenario 1'!$I$108:$N$138,Summary!H$2-2015,FALSE) -> 18063856 | I19: =HLOOKUP($A19,'Scenario 1'!$I$108:$N$138,Summary!I$2-2015,FALSE) -> 18538570 | J19: =HLOOKUP($A19,'Scenario 1'!$I$108:$N$138,Summary!J$2-2015,FALSE) -> 18854305 | K19: =HLOOKUP($A19,'Scenario 1'!$I$108:$N$138,Summary!K$2-2015,FALSE) -> 19834948 | L19: =HLOOKUP($A19,'Scenario 1'!$I$108:$N$138,Summary!L$2-2015,FALSE) -> 19947342 | M19: =HLOOKUP($A19,'Scenario 1'!$I$108:$N$138,Summary!M$2-2015,FALSE) -> 20346289 | N19: =HLOOKUP($A19,'Scenario 1'!$I$108:$N$138,Summary!N$2-2015,FALSE) -> 20753215 | O19: =HLOOKUP($A19,'Scenario 1'!$I$108:$N$138,Summary!O$2-2015,FALSE) -> 21168279 | ... AJ19: =HLOOKUP($A19,'Scenario 1'!$I$108:$N$138,Summary!AJ$2-2015,FALSE) -> 0 | AK19: =SUM(H19:AJ19) -> 1.7909845e+08
A20: =A19 -> 1B | C20: Fixed O&M Other | H20: =HLOOKUP($A20,'Scenario 1'!$I$143:$N$173,Summary!H$2-2015,FALSE) -> 10696150 | I20: =HLOOKUP($A20,'Scenario 1'!$I$143:$N$173,Summary!I$2-2015,FALSE) -> 10735594 | J20: =HLOOKUP($A20,'Scenario 1'!$I$143:$N$173,Summary!J$2-2015,FALSE) -> 8134829.1 | K20: =HLOOKUP($A20,'Scenario 1'!$I$143:$N$173,Summary!K$2-2015,FALSE) -> 10672832 | L20: =HLOOKUP($A20,'Scenario 1'!$I$143:$N$173,Summary!L$2-2015,FALSE) -> 10192874 | M20: =HLOOKUP($A20,'Scenario 1'!$I$143:$N$173,Summary!M$2-2015,FALSE) -> 10396731 | N20: =HLOOKUP($A20,'Scenario 1'!$I$143:$N$173,Summary!N$2-2015,FALSE) -> 10604666 | O20: =HLOOKUP($A20,'Scenario 1'!$I$143:$N$173,Summary!O$2-2015,FALSE) -> 10816759 | ... AJ20: =HLOOKUP($A20,'Scenario 1'!$I$143:$N$173,Summary!AJ$2-2015,FALSE) -> 0 | AK20: =SUM(H20:AJ20) -> 93283531
A21: =A20 -> 1B | C21: Variable O&M | H21: =HLOOKUP($A21,'Scenario 1'!$I$178:$N$208,Summary!H$2-2015,FALSE) -> 2076817 | I21: =HLOOKUP($A21,'Scenario 1'!$I$178:$N$208,Summary!I$2-2015,FALSE) -> 2179106 | J21: =HLOOKUP($A21,'Scenario 1'!$I$178:$N$208,Summary!J$2-2015,FALSE) -> 2812156 | K21: =HLOOKUP($A21,'Scenario 1'!$I$178:$N$208,Summary!K$2-2015,FALSE) -> 2901879 | L21: =HLOOKUP($A21,'Scenario 1'!$I$178:$N$208,Summary!L$2-2015,FALSE) -> 3014722 | M21: =HLOOKUP($A21,'Scenario 1'!$I$178:$N$208,Summary!M$2-2015,FALSE) -> 3075016.4 | N21: =HLOOKUP($A21,'Scenario 1'!$I$178:$N$208,Summary!N$2-2015,FALSE) -> 3136516.8 | O21: =HLOOKUP($A21,'Scenario 1'!$I$178:$N$208,Summary!O$2-2015,FALSE) -> 3199247.1 | ... AJ21: =HLOOKUP($A21,'Scenario 1'!$I$178:$N$208,Summary!AJ$2-2015,FALSE) -> 0 | AK21: =SUM(H21:AJ21) -> 25658692
A22: 1C | B22: =CONCATENATE("Sensitivity ",A22) -> Sensitivity 1C | C22: Status quo plus acquisition 1-2 (30,000 AF) | D22: 2027 | E22: 2027 | F22: 2026-2028 | H22: =SUBTOTAL(9,H23:H27) -> 58490082 | I22: =SUBTOTAL(9,I23:I27) -> 59859983 | J22: =SUBTOTAL(9,J23:J27) -> 40885198 | K22: =SUBTOTAL(9,K23:K27) -> 52114586 | L22: =SUBTOTAL(9,L23:L27) -> 48566953 | M22: =SUBTOTAL(9,M23:M27) -> 45582323 | N22: =SUBTOTAL(9,N23:N27) -> 56862409 | O22: =SUBTOTAL(9,O23:O27) -> 47175635 | ... AK22: =SUBTOTAL(9,AK23:AK27) -> 5.3054202e+08
A23: =A22 -> 1C | C23: On-Going CapX (exc water) | H23: =HLOOKUP($A23,'Scenario 1'!$I$42:$N$72,Summary!H$2-2015,FALSE) -> 18803258 | I23: =HLOOKUP($A23,'Scenario 1'!$I$42:$N$72,Summary!I$2-2015,FALSE) -> 15515714 | J23: =HLOOKUP($A23,'Scenario 1'!$I$42:$N$72,Summary!J$2-2015,FALSE) -> 10355907 | K23: =HLOOKUP($A23,'Scenario 1'!$I$42:$N$72,Summary!K$2-2015,FALSE) -> 16689718 | L23: =HLOOKUP($A23,'Scenario 1'!$I$42:$N$72,Summary!L$2-2015,FALSE) -> 14764015 | M23: =HLOOKUP($A23,'Scenario 1'!$I$42:$N$72,Summary!M$2-2015,FALSE) -> 10774286 | N23: =HLOOKUP($A23,'Scenario 1'!$I$42:$N$72,Summary!N$2-2015,FALSE) -> 17363983 | O23: =HLOOKUP($A23,'Scenario 1'!$I$42:$N$72,Summary!O$2-2015,FALSE) -> 11136349 | ... AJ23: =HLOOKUP($A23,'Scenario 1'!$I$42:$N$72,Summary!AJ$2-2015,FALSE) -> 0 | AK23: =SUM(H23:AJ23) -> 1.2535154e+08
A24: =A23 -> 1C | C24: CapX Water Costs | H24: =HLOOKUP($A24,'Scenario 1'!$I$75:$N$105,Summary!H$2-2015,FALSE) -> 8850000 | I24: =HLOOKUP($A24,'Scenario 1'!$I$75:$N$105,Summary!I$2-2015,FALSE) -> 12891000 | J24: =HLOOKUP($A24,'Scenario 1'!$I$75:$N$105,Summary!J$2-2015,FALSE) -> 728000 | K24: =HLOOKUP($A24,'Scenario 1'!$I$75:$N$105,Summary!K$2-2015,FALSE) -> 2015208 | L24: =HLOOKUP($A24,'Scenario 1'!$I$75:$N$105,Summary!L$2-2015,FALSE) -> 648000 | M24: =HLOOKUP($A24,'Scenario 1'!$I$75:$N$105,Summary!M$2-2015,FALSE) -> 990000 | N24: =HLOOKUP($A24,'Scenario 1'!$I$75:$N$105,Summary!N$2-2015,FALSE) -> 5004027.9 | O24: =HLOOKUP($A24,'Scenario 1'!$I$75:$N$105,Summary!O$2-2015,FALSE) -> 855000 | ... AJ24: =HLOOKUP($A24,'Scenario 1'!$I$75:$N$105,Summary!AJ$2-2015,FALSE) -> 0 | AK24: =SUM(H24:AJ24) -> 33206231
A25: =A24 -> 1C | C25: Fixed O&M Labor | H25: =HLOOKUP($A25,'Scenario 1'!$I$108:$N$138,Summary!H$2-2015,FALSE) -> 18063856 | I25: =HLOOKUP($A25,'Scenario 1'!$I$108:$N$138,Summary!I$2-2015,FALSE) -> 18538570 | J25: =HLOOKUP($A25,'Scenario 1'!$I$108:$N$138,Summary!J$2-2015,FALSE) -> 18854305 | K25: =HLOOKUP($A25,'Scenario 1'!$I$108:$N$138,Summary!K$2-2015,FALSE) -> 19834948 | L25: =HLOOKUP($A25,'Scenario 1'!$I$108:$N$138,Summary!L$2-2015,FALSE) -> 19947342 | M25: =HLOOKUP($A25,'Scenario 1'!$I$108:$N$138,Summary!M$2-2015,FALSE) -> 20346289 | N25: =HLOOKUP($A25,'Scenario 1'!$I$108:$N$138,Summary!N$2-2015,FALSE) -> 20753215 | O25: =HLOOKUP($A25,'Scenario 1'!$I$108:$N$138,Summary!O$2-2015,FALSE) -> 21168279 | ... AJ25: =HLOOKUP($A25,'Scenario 1'!$I$108:$N$138,Summary!AJ$2-2015,FALSE) -> 0 | AK25: =SUM(H25:AJ25) -> 2.2358587e+08
A26: =A25 -> 1C | C26: Fixed O&M Other | H26: =HLOOKUP($A26,'Scenario 1'!$I$143:$N$173,Summary!H$2-2015,FALSE) -> 10696150 | I26: =HLOOKUP($A26,'Scenario 1'!$I$143:$N$173,Summary!I$2-2015,FALSE) -> 10735594 | J26: =HLOOKUP($A26,'Scenario 1'!$I$143:$N$173,Summary!J$2-2015,FALSE) -> 8134829.1 | K26: =HLOOKUP($A26,'Scenario 1'!$I$143:$N$173,Summary!K$2-2015,FALSE) -> 10672832 | L26: =HLOOKUP($A26,'Scenario 1'!$I$143:$N$173,Summary!L$2-2015,FALSE) -> 10192874 | M26: =HLOOKUP($A26,'Scenario 1'!$I$143:$N$173,Summary!M$2-2015,FALSE) -> 10396731 | N26: =HLOOKUP($A26,'Scenario 1'!$I$143:$N$173,Summary!N$2-2015,FALSE) -> 10604666 | O26: =HLOOKUP($A26,'Scenario 1'!$I$143:$N$173,Summary!O$2-2015,FALSE) -> 10816759 | ... AJ26: =HLOOKUP($A26,'Scenario 1'!$I$143:$N$173,Summary!AJ$2-2015,FALSE) -> 0 | AK26: =SUM(H26:AJ26) -> 1.1601612e+08
A27: =A26 -> 1C | C27: Variable O&M | H27: =HLOOKUP($A27,'Scenario 1'!$I$178:$N$208,Summary!H$2-2015,FALSE) -> 2076817 | I27: =HLOOKUP($A27,'Scenario 1'!$I$178:$N$208,Summary!I$2-2015,FALSE) -> 2179106 | J27: =HLOOKUP($A27,'Scenario 1'!$I$178:$N$208,Summary!J$2-2015,FALSE) -> 2812156 | K27: =HLOOKUP($A27,'Scenario 1'!$I$178:$N$208,Summary!K$2-2015,FALSE) -> 2901879 | L27: =HLOOKUP($A27,'Scenario 1'!$I$178:$N$208,Summary!L$2-2015,FALSE) -> 3014722 | M27: =HLOOKUP($A27,'Scenario 1'!$I$178:$N$208,Summary!M$2-2015,FALSE) -> 3075016.4 | N27: =HLOOKUP($A27,'Scenario 1'!$I$178:$N$208,Summary!N$2-2015,FALSE) -> 3136516.8 | O27: =HLOOKUP($A27,'Scenario 1'!$I$178:$N$208,Summary!O$2-2015,FALSE) -> 3199247.1 | ... AJ27: =HLOOKUP($A27,'Scenario 1'!$I$178:$N$208,Summary!AJ$2-2015,FALSE) -> 0 | AK27: =SUM(H27:AJ27) -> 32382256
A28: 1D | B28: =CONCATENATE("Sensitivity ",A28) -> Sensitivity 1D | C28: Status quo plus acquisition 1-3 (60,000 AF) | D28: 2029 | E28: 2029 | F28: 2028-2030 | H28: =SUBTOTAL(9,H29:H33) -> 58490082 | I28: =SUBTOTAL(9,I29:I33) -> 59859983 | J28: =SUBTOTAL(9,J29:J33) -> 57385198 | K28: =SUBTOTAL(9,K29:K33) -> 52114586 | L28: =SUBTOTAL(9,L29:L33) -> 48566953 | M28: =SUBTOTAL(9,M29:M33) -> 45582323 | N28: =SUBTOTAL(9,N29:N33) -> 56862409 | O28: =SUBTOTAL(9,O29:O33) -> 51399767 | ... AK28: =SUBTOTAL(9,AK29:AK33) -> 6.5537884e+08
A29: =A28 -> 1D | C29: On-Going CapX (exc water) | H29: =HLOOKUP($A29,'Scenario 1'!$I$42:$N$72,Summary!H$2-2015,FALSE) -> 18803258 | I29: =HLOOKUP($A29,'Scenario 1'!$I$42:$N$72,Summary!I$2-2015,FALSE) -> 15515714 | J29: =HLOOKUP($A29,'Scenario 1'!$I$42:$N$72,Summary!J$2-2015,FALSE) -> 10355907 | K29: =HLOOKUP($A29,'Scenario 1'!$I$42:$N$72,Summary!K$2-2015,FALSE) -> 16689718 | L29: =HLOOKUP($A29,'Scenario 1'!$I$42:$N$72,Summary!L$2-2015,FALSE) -> 14764015 | M29: =HLOOKUP($A29,'Scenario 1'!$I$42:$N$72,Summary!M$2-2015,FALSE) -> 10774286 | N29: =HLOOKUP($A29,'Scenario 1'!$I$42:$N$72,Summary!N$2-2015,FALSE) -> 17363983 | O29: =HLOOKUP($A29,'Scenario 1'!$I$42:$N$72,Summary!O$2-2015,FALSE) -> 15360482 | ... AJ29: =HLOOKUP($A29,'Scenario 1'!$I$42:$N$72,Summary!AJ$2-2015,FALSE) -> 0 | AK29: =SUM(H29:AJ29) -> 1.5500797e+08
A30: =A29 -> 1D | C30: CapX Water Costs | H30: =HLOOKUP($A30,'Scenario 1'!$I$75:$N$105,Summary!H$2-2015,FALSE) -> 8850000 | I30: =HLOOKUP($A30,'Scenario 1'!$I$75:$N$105,Summary!I$2-2015,FALSE) -> 12891000 | J30: =HLOOKUP($A30,'Scenario 1'!$I$75:$N$105,Summary!J$2-2015,FALSE) -> 17228000 | K30: =HLOOKUP($A30,'Scenario 1'!$I$75:$N$105,Summary!K$2-2015,FALSE) -> 2015208 | L30: =HLOOKUP($A30,'Scenario 1'!$I$75:$N$105,Summary!L$2-2015,FALSE) -> 648000 | M30: =HLOOKUP($A30,'Scenario 1'!$I$75:$N$105,Summary!M$2-2015,FALSE) -> 990000 | N30: =HLOOKUP($A30,'Scenario 1'!$I$75:$N$105,Summary!N$2-2015,FALSE) -> 5004027.9 | O30: =HLOOKUP($A30,'Scenario 1'!$I$75:$N$105,Summary!O$2-2015,FALSE) -> 855000 | ... AJ30: =HLOOKUP($A30,'Scenario 1'!$I$75:$N$105,Summary!AJ$2-2015,FALSE) -> 0 | AK30: =SUM(H30:AJ30) -> 51455729
A31: =A30 -> 1D | C31: Fixed O&M Labor | H31: =HLOOKUP($A31,'Scenario 1'!$I$108:$N$138,Summary!H$2-2015,FALSE) -> 18063856 | I31: =HLOOKUP($A31,'Scenario 1'!$I$108:$N$138,Summary!I$2-2015,FALSE) -> 18538570 | J31: =HLOOKUP($A31,'Scenario 1'!$I$108:$N$138,Summary!J$2-2015,FALSE) -> 18854305 | K31: =HLOOKUP($A31,'Scenario 1'!$I$108:$N$138,Summary!K$2-2015,FALSE) -> 19834948 | L31: =HLOOKUP($A31,'Scenario 1'!$I$108:$N$138,Summary!L$2-2015,FALSE) -> 19947342 | M31: =HLOOKUP($A31,'Scenario 1'!$I$108:$N$138,Summary!M$2-2015,FALSE) -> 20346289 | N31: =HLOOKUP($A31,'Scenario 1'!$I$108:$N$138,Summary!N$2-2015,FALSE) -> 20753215 | O31: =HLOOKUP($A31,'Scenario 1'!$I$108:$N$138,Summary!O$2-2015,FALSE) -> 21168279 | ... AJ31: =HLOOKUP($A31,'Scenario 1'!$I$108:$N$138,Summary!AJ$2-2015,FALSE) -> 0 | AK31: =SUM(H31:AJ31) -> 2.6987059e+08
A32: =A31 -> 1D | C32: Fixed O&M Other | H32: =HLOOKUP($A32,'Scenario 1'!$I$143:$N$173,Summary!H$2-2015,FALSE) -> 10696150 | I32: =HLOOKUP($A32,'Scenario 1'!$I$143:$N$173,Summary!I$2-2015,FALSE) -> 10735594 | J32: =HLOOKUP($A32,'Scenario 1'!$I$143:$N$173,Summary!J$2-2015,FALSE) -> 8134829.1 | K32: =HLOOKUP($A32,'Scenario 1'!$I$143:$N$173,Summary!K$2-2015,FALSE) -> 10672832 | L32: =HLOOKUP($A32,'Scenario 1'!$I$143:$N$173,Summary!L$2-2015,FALSE) -> 10192874 | M32: =HLOOKUP($A32,'Scenario 1'!$I$143:$N$173,Summary!M$2-2015,FALSE) -> 10396731 | N32: =HLOOKUP($A32,'Scenario 1'!$I$143:$N$173,Summary!N$2-2015,FALSE) -> 10604666 | O32: =HLOOKUP($A32,'Scenario 1'!$I$143:$N$173,Summary!O$2-2015,FALSE) -> 10816759 | ... AJ32: =HLOOKUP($A32,'Scenario 1'!$I$143:$N$173,Summary!AJ$2-2015,FALSE) -> 0 | AK32: =SUM(H32:AJ32) -> 1.396671e+08
A33: =A32 -> 1D | C33: Variable O&M | H33: =HLOOKUP($A33,'Scenario 1'!$I$178:$N$208,Summary!H$2-2015,FALSE) -> 2076817 | I33: =HLOOKUP($A33,'Scenario 1'!$I$178:$N$208,Summary!I$2-2015,FALSE) -> 2179106 | J33: =HLOOKUP($A33,'Scenario 1'!$I$178:$N$208,Summary!J$2-2015,FALSE) -> 2812156 | K33: =HLOOKUP($A33,'Scenario 1'!$I$178:$N$208,Summary!K$2-2015,FALSE) -> 2901879 | L33: =HLOOKUP($A33,'Scenario 1'!$I$178:$N$208,Summary!L$2-2015,FALSE) -> 3014722 | M33: =HLOOKUP($A33,'Scenario 1'!$I$178:$N$208,Summary!M$2-2015,FALSE) -> 3075016.4 | N33: =HLOOKUP($A33,'Scenario 1'!$I$178:$N$208,Summary!N$2-2015,FALSE) -> 3136516.8 | O33: =HLOOKUP($A33,'Scenario 1'!$I$178:$N$208,Summary!O$2-2015,FALSE) -> 3199247.1 | ... AJ33: =HLOOKUP($A33,'Scenario 1'!$I$178:$N$208,Summary!AJ$2-2015,FALSE) -> 0 | AK33: =SUM(H33:AJ33) -> 39377451
A34: 1E | B34: =CONCATENATE("Sensitivity ",A34) -> Sensitivity 1E | C34: Status quo plus acquisition 1-4 (90,000 AF) | D34: 2031 | E34: 2031 | F34: 2030-2032 | H34: =SUBTOTAL(9,H35:H39) -> 58490082 | I34: =SUBTOTAL(9,I35:I39) -> 59859983 | J34: =SUBTOTAL(9,J35:J39) -> 57385198 | K34: =SUBTOTAL(9,K35:K39) -> 68614586 | L34: =SUBTOTAL(9,L35:L39) -> 48566953 | M34: =SUBTOTAL(9,M35:M39) -> 45582323 | N34: =SUBTOTAL(9,N35:N39) -> 56862409 | O34: =SUBTOTAL(9,O35:O39) -> 51399767 | ... AK34: =SUBTOTAL(9,AK35:AK39) -> 7.8689462e+08
A35: =A34 -> 1E | C35: On-Going CapX (exc water) | H35: =HLOOKUP($A35,'Scenario 1'!$I$42:$N$72,Summary!H$2-2015,FALSE) -> 18803258 | I35: =HLOOKUP($A35,'Scenario 1'!$I$42:$N$72,Summary!I$2-2015,FALSE) -> 15515714 | J35: =HLOOKUP($A35,'Scenario 1'!$I$42:$N$72,Summary!J$2-2015,FALSE) -> 10355907 | K35: =HLOOKUP($A35,'Scenario 1'!$I$42:$N$72,Summary!K$2-2015,FALSE) -> 16689718 | L35: =HLOOKUP($A35,'Scenario 1'!$I$42:$N$72,Summary!L$2-2015,FALSE) -> 14764015 | M35: =HLOOKUP($A35,'Scenario 1'!$I$42:$N$72,Summary!M$2-2015,FALSE) -> 10774286 | N35: =HLOOKUP($A35,'Scenario 1'!$I$42:$N$72,Summary!N$2-2015,FALSE) -> 17363983 | O35: =HLOOKUP($A35,'Scenario 1'!$I$42:$N$72,Summary!O$2-2015,FALSE) -> 15360482 | ... AJ35: =HLOOKUP($A35,'Scenario 1'!$I$42:$N$72,Summary!AJ$2-2015,FALSE) -> 0 | AK35: =SUM(H35:AJ35) -> 1.868745e+08
A36: =A35 -> 1E | C36: CapX Water Costs | H36: =HLOOKUP($A36,'Scenario 1'!$I$75:$N$105,Summary!H$2-2015,FALSE) -> 8850000 | I36: =HLOOKUP($A36,'Scenario 1'!$I$75:$N$105,Summary!I$2-2015,FALSE) -> 12891000 | J36: =HLOOKUP($A36,'Scenario 1'!$I$75:$N$105,Summary!J$2-2015,FALSE) -> 17228000 | K36: =HLOOKUP($A36,'Scenario 1'!$I$75:$N$105,Summary!K$2-2015,FALSE) -> 18515208 | L36: =HLOOKUP($A36,'Scenario 1'!$I$75:$N$105,Summary!L$2-2015,FALSE) -> 648000 | M36: =HLOOKUP($A36,'Scenario 1'!$I$75:$N$105,Summary!M$2-2015,FALSE) -> 990000 | N36: =HLOOKUP($A36,'Scenario 1'!$I$75:$N$105,Summary!N$2-2015,FALSE) -> 5004027.9 | O36: =HLOOKUP($A36,'Scenario 1'!$I$75:$N$105,Summary!O$2-2015,FALSE) -> 855000 | ... AJ36: =HLOOKUP($A36,'Scenario 1'!$I$75:$N$105,Summary!AJ$2-2015,FALSE) -> 0 | AK36: =SUM(H36:AJ36) -> 71066068
A37: =A36 -> 1E | C37: Fixed O&M Labor | H37: =HLOOKUP($A37,'Scenario 1'!$I$108:$N$138,Summary!H$2-2015,FALSE) -> 18063856 | I37: =HLOOKUP($A37,'Scenario 1'!$I$108:$N$138,Summary!I$2-2015,FALSE) -> 18538570 | J37: =HLOOKUP($A37,'Scenario 1'!$I$108:$N$138,Summary!J$2-2015,FALSE) -> 18854305 | K37: =HLOOKUP($A37,'Scenario 1'!$I$108:$N$138,Summary!K$2-2015,FALSE) -> 19834948 | L37: =HLOOKUP($A37,'Scenario 1'!$I$108:$N$138,Summary!L$2-2015,FALSE) -> 19947342 | M37: =HLOOKUP($A37,'Scenario 1'!$I$108:$N$138,Summary!M$2-2015,FALSE) -> 20346289 | N37: =HLOOKUP($A37,'Scenario 1'!$I$108:$N$138,Summary!N$2-2015,FALSE) -> 20753215 | O37: =HLOOKUP($A37,'Scenario 1'!$I$108:$N$138,Summary!O$2-2015,FALSE) -> 21168279 | ... AJ37: =HLOOKUP($A37,'Scenario 1'!$I$108:$N$138,Summary!AJ$2-2015,FALSE) -> 0 | AK37: =SUM(H37:AJ37) -> 3.1802521e+08
A38: =A37 -> 1E | C38: Fixed O&M Other | H38: =HLOOKUP($A38,'Scenario 1'!$I$143:$N$173,Summary!H$2-2015,FALSE) -> 10696150 | I38: =HLOOKUP($A38,'Scenario 1'!$I$143:$N$173,Summary!I$2-2015,FALSE) -> 10735594 | J38: =HLOOKUP($A38,'Scenario 1'!$I$143:$N$173,Summary!J$2-2015,FALSE) -> 8134829.1 | K38: =HLOOKUP($A38,'Scenario 1'!$I$143:$N$173,Summary!K$2-2015,FALSE) -> 10672832 | L38: =HLOOKUP($A38,'Scenario 1'!$I$143:$N$173,Summary!L$2-2015,FALSE) -> 10192874 | M38: =HLOOKUP($A38,'Scenario 1'!$I$143:$N$173,Summary!M$2-2015,FALSE) -> 10396731 | N38: =HLOOKUP($A38,'Scenario 1'!$I$143:$N$173,Summary!N$2-2015,FALSE) -> 10604666 | O38: =HLOOKUP($A38,'Scenario 1'!$I$143:$N$173,Summary!O$2-2015,FALSE) -> 10816759 | ... AJ38: =HLOOKUP($A38,'Scenario 1'!$I$143:$N$173,Summary!AJ$2-2015,FALSE) -> 0 | AK38: =SUM(H38:AJ38) -> 1.6427359e+08
A39: =A38 -> 1E | C39: Variable O&M | H39: =HLOOKUP($A39,'Scenario 1'!$I$178:$N$208,Summary!H$2-2015,FALSE) -> 2076817 | I39: =HLOOKUP($A39,'Scenario 1'!$I$178:$N$208,Summary!I$2-2015,FALSE) -> 2179106 | J39: =HLOOKUP($A39,'Scenario 1'!$I$178:$N$208,Summary!J$2-2015,FALSE) -> 2812156 | K39: =HLOOKUP($A39,'Scenario 1'!$I$178:$N$208,Summary!K$2-2015,FALSE) -> 2901879 | L39: =HLOOKUP($A39,'Scenario 1'!$I$178:$N$208,Summary!L$2-2015,FALSE) -> 3014722 | M39: =HLOOKUP($A39,'Scenario 1'!$I$178:$N$208,Summary!M$2-2015,FALSE) -> 3075016.4 | N39: =HLOOKUP($A39,'Scenario 1'!$I$178:$N$208,Summary!N$2-2015,FALSE) -> 3136516.8 | O39: =HLOOKUP($A39,'Scenario 1'!$I$178:$N$208,Summary!O$2-2015,FALSE) -> 3199247.1 | ... AJ39: =HLOOKUP($A39,'Scenario 1'!$I$178:$N$208,Summary!AJ$2-2015,FALSE) -> 0 | AK39: =SUM(H39:AJ39) -> 46655252
A41: 2 | B41: =CONCATENATE("Sensitivity ",A41) -> Sensitivity 2 | C41: Scenario 2: 230MW, year-round (2018 start) (43% avg CF) | D41: 2027 | E41: 2027 | F41: 2025-2028 | H41: =SUBTOTAL(9,H42:H46) -> 50240082 | I41: =SUBTOTAL(9,I42:I46) -> 44835936 | J41: =SUBTOTAL(9,J42:J46) -> 35050554 | K41: =SUBTOTAL(9,K42:K46) -> 43777931 | L41: =SUBTOTAL(9,L42:L46) -> 41836211 | M41: =SUBTOTAL(9,M42:M46) -> 38944417 | N41: =SUBTOTAL(9,N42:N46) -> 45268169 | O41: =SUBTOTAL(9,O42:O46) -> 41544204 | ... AK41: =SUBTOTAL(9,AK42:AK46) -> 4.4493983e+08
A42: =A41 -> 2 | C42: On-Going CapX (exc water) | H42: =HLOOKUP($A42,'Scenario 2'!$I$42:$N$72,Summary!H$2-2015,FALSE) -> 18803258 | I42: =HLOOKUP($A42,'Scenario 2'!$I$42:$N$72,Summary!I$2-2015,FALSE) -> 13498671 | J42: =HLOOKUP($A42,'Scenario 2'!$I$42:$N$72,Summary!J$2-2015,FALSE) -> 9009639.2 | K42: =HLOOKUP($A42,'Scenario 2'!$I$42:$N$72,Summary!K$2-2015,FALSE) -> 14520055 | L42: =HLOOKUP($A42,'Scenario 2'!$I$42:$N$72,Summary!L$2-2015,FALSE) -> 12844693 | M42: =HLOOKUP($A42,'Scenario 2'!$I$42:$N$72,Summary!M$2-2015,FALSE) -> 9373628.6 | N42: =HLOOKUP($A42,'Scenario 2'!$I$42:$N$72,Summary!N$2-2015,FALSE) -> 15106665 | O42: =HLOOKUP($A42,'Scenario 2'!$I$42:$N$72,Summary!O$2-2015,FALSE) -> 9688623.7 | ... AJ42: =HLOOKUP($A42,'Scenario 2'!$I$42:$N$72,Summary!AJ$2-2015,FALSE) -> 0 | AK42: =SUM(H42:AJ42) -> 1.1150027e+08
A43: =A42 -> 2 | C43: CapX Water Costs | H43: =HLOOKUP($A43,'Scenario 2'!$I$75:$N$105,Summary!H$2-2015,FALSE) -> 600000 | I43: =HLOOKUP($A43,'Scenario 2'!$I$75:$N$105,Summary!I$2-2015,FALSE) -> 3927000 | J43: =HLOOKUP($A43,'Scenario 2'!$I$75:$N$105,Summary!J$2-2015,FALSE) -> 364000 | K43: =HLOOKUP($A43,'Scenario 2'!$I$75:$N$105,Summary!K$2-2015,FALSE) -> 371000 | L43: =HLOOKUP($A43,'Scenario 2'!$I$75:$N$105,Summary!L$2-2015,FALSE) -> 378000 | M43: =HLOOKUP($A43,'Scenario 2'!$I$75:$N$105,Summary!M$2-2015,FALSE) -> 385000 | N43: =HLOOKUP($A43,'Scenario 2'!$I$75:$N$105,Summary!N$2-2015,FALSE) -> 392000 | O43: =HLOOKUP($A43,'Scenario 2'!$I$75:$N$105,Summary!O$2-2015,FALSE) -> 1490685.7 | ... AJ43: =HLOOKUP($A43,'Scenario 2'!$I$75:$N$105,Summary!AJ$2-2015,FALSE) -> 0 | AK43: =SUM(H43:AJ43) -> 7907685.7
A44: =A43 -> 2 | C44: Fixed O&M Labor | H44: =HLOOKUP($A44,'Scenario 2'!$I$108:$N$138,Summary!H$2-2015,FALSE) -> 18063856 | I44: =HLOOKUP($A44,'Scenario 2'!$I$108:$N$138,Summary!I$2-2015,FALSE) -> 16632736 | J44: =HLOOKUP($A44,'Scenario 2'!$I$108:$N$138,Summary!J$2-2015,FALSE) -> 16916012 | K44: =HLOOKUP($A44,'Scenario 2'!$I$108:$N$138,Summary!K$2-2015,FALSE) -> 17795841 | L44: =HLOOKUP($A44,'Scenario 2'!$I$108:$N$138,Summary!L$2-2015,FALSE) -> 17896681 | M44: =HLOOKUP($A44,'Scenario 2'!$I$108:$N$138,Summary!M$2-2015,FALSE) -> 18254614 | N44: =HLOOKUP($A44,'Scenario 2'!$I$108:$N$138,Summary!N$2-2015,FALSE) -> 18619707 | O44: =HLOOKUP($A44,'Scenario 2'!$I$108:$N$138,Summary!O$2-2015,FALSE) -> 18992101 | ... AJ44: =HLOOKUP($A44,'Scenario 2'!$I$108:$N$138,Summary!AJ$2-2015,FALSE) -> 0 | AK44: =SUM(H44:AJ44) -> 2.0245744e+08
A45: =A44 -> 2 | C45: Fixed O&M Other | H45: =HLOOKUP($A45,'Scenario 2'!$I$143:$N$173,Summary!H$2-2015,FALSE) -> 10696150 | I45: =HLOOKUP($A45,'Scenario 2'!$I$143:$N$173,Summary!I$2-2015,FALSE) -> 9662034.6 | J45: =HLOOKUP($A45,'Scenario 2'!$I$143:$N$173,Summary!J$2-2015,FALSE) -> 7321346.2 | K45: =HLOOKUP($A45,'Scenario 2'!$I$143:$N$173,Summary!K$2-2015,FALSE) -> 9605548.6 | L45: =HLOOKUP($A45,'Scenario 2'!$I$143:$N$173,Summary!L$2-2015,FALSE) -> 9173586.6 | M45: =HLOOKUP($A45,'Scenario 2'!$I$143:$N$173,Summary!M$2-2015,FALSE) -> 9357058.3 | N45: =HLOOKUP($A45,'Scenario 2'!$I$143:$N$173,Summary!N$2-2015,FALSE) -> 9544199.5 | O45: =HLOOKUP($A45,'Scenario 2'!$I$143:$N$173,Summary!O$2-2015,FALSE) -> 9735083.5 | ... AJ45: =HLOOKUP($A45,'Scenario 2'!$I$143:$N$173,Summary!AJ$2-2015,FALSE) -> 0 | AK45: =SUM(H45:AJ45) -> 1.0548412e+08
A46: =A45 -> 2 | C46: Variable O&M | H46: =HLOOKUP($A46,'Scenario 2'!$I$178:$N$208,Summary!H$2-2015,FALSE) -> 2076817 | I46: =HLOOKUP($A46,'Scenario 2'!$I$178:$N$208,Summary!I$2-2015,FALSE) -> 1115494.7 | J46: =HLOOKUP($A46,'Scenario 2'!$I$178:$N$208,Summary!J$2-2015,FALSE) -> 1439556 | K46: =HLOOKUP($A46,'Scenario 2'!$I$178:$N$208,Summary!K$2-2015,FALSE) -> 1485485.7 | L46: =HLOOKUP($A46,'Scenario 2'!$I$178:$N$208,Summary!L$2-2015,FALSE) -> 1543250.5 | M46: =HLOOKUP($A46,'Scenario 2'!$I$178:$N$208,Summary!M$2-2015,FALSE) -> 1574115.6 | N46: =HLOOKUP($A46,'Scenario 2'!$I$178:$N$208,Summary!N$2-2015,FALSE) -> 1605597.9 | O46: =HLOOKUP($A46,'Scenario 2'!$I$178:$N$208,Summary!O$2-2015,FALSE) -> 1637709.8 | ... AJ46: =HLOOKUP($A46,'Scenario 2'!$I$178:$N$208,Summary!AJ$2-2015,FALSE) -> 0 | AK46: =SUM(H46:AJ46) -> 17590315
A47: 2A | B47: =CONCATENATE("Sensitivity ",A47) -> Sensitivity 2A | C47: Sensitivity 2a : 230MW, year-round (2020 start) | D47: 2025 | E47: 2025 | F47: 2023-2026 | H47: =SUBTOTAL(9,H48:H52) -> 50240082 | I47: =SUBTOTAL(9,I48:I52) -> 51609983 | J47: =SUBTOTAL(9,J48:J52) -> 40885198 | K47: =SUBTOTAL(9,K48:K52) -> 43406931 | L47: =SUBTOTAL(9,L48:L52) -> 41836211 | M47: =SUBTOTAL(9,M48:M52) -> 37415750 | N47: =SUBTOTAL(9,N48:N52) -> 37447343 | O47: =SUBTOTAL(9,O48:O52) -> 33224709 | ... AK47: =SUBTOTAL(9,AK48:AK52) -> 3.6742557e+08
A48: =A47 -> 2A | C48: On-Going CapX (exc water) | H48: =HLOOKUP($A48,'Scenario 2'!$I$42:$N$72,Summary!H$2-2015,FALSE) -> 18803258 | I48: =HLOOKUP($A48,'Scenario 2'!$I$42:$N$72,Summary!I$2-2015,FALSE) -> 15515714 | J48: =HLOOKUP($A48,'Scenario 2'!$I$42:$N$72,Summary!J$2-2015,FALSE) -> 10355907 | K48: =HLOOKUP($A48,'Scenario 2'!$I$42:$N$72,Summary!K$2-2015,FALSE) -> 14520055 | L48: =HLOOKUP($A48,'Scenario 2'!$I$42:$N$72,Summary!L$2-2015,FALSE) -> 12844693 | M48: =HLOOKUP($A48,'Scenario 2'!$I$42:$N$72,Summary!M$2-2015,FALSE) -> 6795880.8 | N48: =HLOOKUP($A48,'Scenario 2'!$I$42:$N$72,Summary!N$2-2015,FALSE) -> 7341839.3 | O48: =HLOOKUP($A48,'Scenario 2'!$I$42:$N$72,Summary!O$2-2015,FALSE) -> 2859814.5 | ... AJ48: =HLOOKUP($A48,'Scenario 2'!$I$42:$N$72,Summary!AJ$2-2015,FALSE) -> 0 | AK48: =SUM(H48:AJ48) -> 89424329
A49: =A48 -> 2A | C49: CapX Water Costs | H49: =HLOOKUP($A49,'Scenario 2'!$I$75:$N$105,Summary!H$2-2015,FALSE) -> 600000 | I49: =HLOOKUP($A49,'Scenario 2'!$I$75:$N$105,Summary!I$2-2015,FALSE) -> 4641000 | J49: =HLOOKUP($A49,'Scenario 2'!$I$75:$N$105,Summary!J$2-2015,FALSE) -> 728000 | K49: =HLOOKUP($A49,'Scenario 2'!$I$75:$N$105,Summary!K$2-2015,FALSE) -> 0 | L49: =HLOOKUP($A49,'Scenario 2'!$I$75:$N$105,Summary!L$2-2015,FALSE) -> 378000 | M49: =HLOOKUP($A49,'Scenario 2'!$I$75:$N$105,Summary!M$2-2015,FALSE) -> 1434080.8 | N49: =HLOOKUP($A49,'Scenario 2'!$I$75:$N$105,Summary!N$2-2015,FALSE) -> 336000 | O49: =HLOOKUP($A49,'Scenario 2'!$I$75:$N$105,Summary!O$2-2015,FALSE) -> 0 | ... AJ49: =HLOOKUP($A49,'Scenario 2'!$I$75:$N$105,Summary!AJ$2-2015,FALSE) -> 0 | AK49: =SUM(H49:AJ49) -> 8117080.8
A50: =A49 -> 2A | C50: Fixed O&M Labor | H50: =HLOOKUP($A50,'Scenario 2'!$I$108:$N$138,Summary!H$2-2015,FALSE) -> 18063856 | I50: =HLOOKUP($A50,'Scenario 2'!$I$108:$N$138,Summary!I$2-2015,FALSE) -> 18538570 | J50: =HLOOKUP($A50,'Scenario 2'!$I$108:$N$138,Summary!J$2-2015,FALSE) -> 18854305 | K50: =HLOOKUP($A50,'Scenario 2'!$I$108:$N$138,Summary!K$2-2015,FALSE) -> 17795841 | L50: =HLOOKUP($A50,'Scenario 2'!$I$108:$N$138,Summary!L$2-2015,FALSE) -> 17896681 | M50: =HLOOKUP($A50,'Scenario 2'!$I$108:$N$138,Summary!M$2-2015,FALSE) -> 18254614 | N50: =HLOOKUP($A50,'Scenario 2'!$I$108:$N$138,Summary!N$2-2015,FALSE) -> 18619707 | O50: =HLOOKUP($A50,'Scenario 2'!$I$108:$N$138,Summary!O$2-2015,FALSE) -> 18992101 | ... AJ50: =HLOOKUP($A50,'Scenario 2'!$I$108:$N$138,Summary!AJ$2-2015,FALSE) -> 0 | AK50: =SUM(H50:AJ50) -> 1.6638762e+08
A51: =A50 -> 2A | C51: Fixed O&M Other | H51: =HLOOKUP($A51,'Scenario 2'!$I$143:$N$173,Summary!H$2-2015,FALSE) -> 10696150 | I51: =HLOOKUP($A51,'Scenario 2'!$I$143:$N$173,Summary!I$2-2015,FALSE) -> 10735594 | J51: =HLOOKUP($A51,'Scenario 2'!$I$143:$N$173,Summary!J$2-2015,FALSE) -> 8134829.1 | K51: =HLOOKUP($A51,'Scenario 2'!$I$143:$N$173,Summary!K$2-2015,FALSE) -> 9605548.6 | L51: =HLOOKUP($A51,'Scenario 2'!$I$143:$N$173,Summary!L$2-2015,FALSE) -> 9173586.6 | M51: =HLOOKUP($A51,'Scenario 2'!$I$143:$N$173,Summary!M$2-2015,FALSE) -> 9357058.3 | N51: =HLOOKUP($A51,'Scenario 2'!$I$143:$N$173,Summary!N$2-2015,FALSE) -> 9544199.5 | O51: =HLOOKUP($A51,'Scenario 2'!$I$143:$N$173,Summary!O$2-2015,FALSE) -> 9735083.5 | ... AJ51: =HLOOKUP($A51,'Scenario 2'!$I$143:$N$173,Summary!AJ$2-2015,FALSE) -> 0 | AK51: =SUM(H51:AJ51) -> 86911835
A52: =A51 -> 2A | C52: Variable O&M | H52: =HLOOKUP($A52,'Scenario 2'!$I$178:$N$208,Summary!H$2-2015,FALSE) -> 2076817 | I52: =HLOOKUP($A52,'Scenario 2'!$I$178:$N$208,Summary!I$2-2015,FALSE) -> 2179106 | J52: =HLOOKUP($A52,'Scenario 2'!$I$178:$N$208,Summary!J$2-2015,FALSE) -> 2812156 | K52: =HLOOKUP($A52,'Scenario 2'!$I$178:$N$208,Summary!K$2-2015,FALSE) -> 1485485.7 | L52: =HLOOKUP($A52,'Scenario 2'!$I$178:$N$208,Summary!L$2-2015,FALSE) -> 1543250.5 | M52: =HLOOKUP($A52,'Scenario 2'!$I$178:$N$208,Summary!M$2-2015,FALSE) -> 1574115.6 | N52: =HLOOKUP($A52,'Scenario 2'!$I$178:$N$208,Summary!N$2-2015,FALSE) -> 1605597.9 | O52: =HLOOKUP($A52,'Scenario 2'!$I$178:$N$208,Summary!O$2-2015,FALSE) -> 1637709.8 | ... AJ52: =HLOOKUP($A52,'Scenario 2'!$I$178:$N$208,Summary!AJ$2-2015,FALSE) -> 0 | AK52: =SUM(H52:AJ52) -> 16584703
A53: 2B | B53: =CONCATENATE("Sensitivity ",A53) -> Sensitivity 2B | C53: Sensitivity 2b : 230MW, year-round (2022 start) | D53: 2023 | E53: 2023 | F53: 2022-2024 | H53: =SUBTOTAL(9,H54:H58) -> 50240082 | I53: =SUBTOTAL(9,I54:I58) -> 51609983 | J53: =SUBTOTAL(9,J54:J58) -> 40885198 | K53: =SUBTOTAL(9,K54:K58) -> 46943964 | L53: =SUBTOTAL(9,L54:L58) -> 40306532 | M53: =SUBTOTAL(9,M54:M58) -> 31191745 | N53: =SUBTOTAL(9,N54:N58) -> 30369239 | O53: =SUBTOTAL(9,O54:O58) -> 0 | ... AK53: =SUBTOTAL(9,AK54:AK58) -> 2.9154674e+08
A54: =A53 -> 2B | C54: On-Going CapX (exc water) | H54: =HLOOKUP($A54,'Scenario 2'!$I$42:$N$72,Summary!H$2-2015,FALSE) -> 18803258 | I54: =HLOOKUP($A54,'Scenario 2'!$I$42:$N$72,Summary!I$2-2015,FALSE) -> 15515714 | J54: =HLOOKUP($A54,'Scenario 2'!$I$42:$N$72,Summary!J$2-2015,FALSE) -> 10355907 | K54: =HLOOKUP($A54,'Scenario 2'!$I$42:$N$72,Summary!K$2-2015,FALSE) -> 11519096 | L54: =HLOOKUP($A54,'Scenario 2'!$I$42:$N$72,Summary!L$2-2015,FALSE) -> 6503594.1 | M54: =HLOOKUP($A54,'Scenario 2'!$I$42:$N$72,Summary!M$2-2015,FALSE) -> 2005956.5 | N54: =HLOOKUP($A54,'Scenario 2'!$I$42:$N$72,Summary!N$2-2015,FALSE) -> 599734.61 | O54: =HLOOKUP($A54,'Scenario 2'!$I$42:$N$72,Summary!O$2-2015,FALSE) -> 0 | ... AJ54: =HLOOKUP($A54,'Scenario 2'!$I$42:$N$72,Summary!AJ$2-2015,FALSE) -> 0 | AK54: =SUM(H54:AJ54) -> 65303261
A55: =A54 -> 2B | C55: CapX Water Costs | H55: =HLOOKUP($A55,'Scenario 2'!$I$75:$N$105,Summary!H$2-2015,FALSE) -> 600000 | I55: =HLOOKUP($A55,'Scenario 2'!$I$75:$N$105,Summary!I$2-2015,FALSE) -> 4641000 | J55: =HLOOKUP($A55,'Scenario 2'!$I$75:$N$105,Summary!J$2-2015,FALSE) -> 728000 | K55: =HLOOKUP($A55,'Scenario 2'!$I$75:$N$105,Summary!K$2-2015,FALSE) -> 2015208 | L55: =HLOOKUP($A55,'Scenario 2'!$I$75:$N$105,Summary!L$2-2015,FALSE) -> 648000 | M55: =HLOOKUP($A55,'Scenario 2'!$I$75:$N$105,Summary!M$2-2015,FALSE) -> 0 | N55: =HLOOKUP($A55,'Scenario 2'!$I$75:$N$105,Summary!N$2-2015,FALSE) -> 0 | O55: =HLOOKUP($A55,'Scenario 2'!$I$75:$N$105,Summary!O$2-2015,FALSE) -> 0 | ... AJ55: =HLOOKUP($A55,'Scenario 2'!$I$75:$N$105,Summary!AJ$2-2015,FALSE) -> 0 | AK55: =SUM(H55:AJ55) -> 8632208
A56: =A55 -> 2B | C56: Fixed O&M Labor | H56: =HLOOKUP($A56,'Scenario 2'!$I$108:$N$138,Summary!H$2-2015,FALSE) -> 18063856 | I56: =HLOOKUP($A56,'Scenario 2'!$I$108:$N$138,Summary!I$2-2015,FALSE) -> 18538570 | J56: =HLOOKUP($A56,'Scenario 2'!$I$108:$N$138,Summary!J$2-2015,FALSE) -> 18854305 | K56: =HLOOKUP($A56,'Scenario 2'!$I$108:$N$138,Summary!K$2-2015,FALSE) -> 19834948 | L56: =HLOOKUP($A56,'Scenario 2'!$I$108:$N$138,Summary!L$2-2015,FALSE) -> 19947342 | M56: =HLOOKUP($A56,'Scenario 2'!$I$108:$N$138,Summary!M$2-2015,FALSE) -> 18254614 | N56: =HLOOKUP($A56,'Scenario 2'!$I$108:$N$138,Summary!N$2-2015,FALSE) -> 18619707 | O56: =HLOOKUP($A56,'Scenario 2'!$I$108:$N$138,Summary!O$2-2015,FALSE) -> 0 | ... AJ56: =HLOOKUP($A56,'Scenario 2'!$I$108:$N$138,Summary!AJ$2-2015,FALSE) -> 0 | AK56: =SUM(H56:AJ56) -> 1.3211334e+08
A57: =A56 -> 2B | C57: Fixed O&M Other | H57: =HLOOKUP($A57,'Scenario 2'!$I$143:$N$173,Summary!H$2-2015,FALSE) -> 10696150 | I57: =HLOOKUP($A57,'Scenario 2'!$I$143:$N$173,Summary!I$2-2015,FALSE) -> 10735594 | J57: =HLOOKUP($A57,'Scenario 2'!$I$143:$N$173,Summary!J$2-2015,FALSE) -> 8134829.1 | K57: =HLOOKUP($A57,'Scenario 2'!$I$143:$N$173,Summary!K$2-2015,FALSE) -> 10672832 | L57: =HLOOKUP($A57,'Scenario 2'!$I$143:$N$173,Summary!L$2-2015,FALSE) -> 10192874 | M57: =HLOOKUP($A57,'Scenario 2'!$I$143:$N$173,Summary!M$2-2015,FALSE) -> 9357058.3 | N57: =HLOOKUP($A57,'Scenario 2'!$I$143:$N$173,Summary!N$2-2015,FALSE) -> 9544199.5 | O57: =HLOOKUP($A57,'Scenario 2'!$I$143:$N$173,Summary!O$2-2015,FALSE) -> 0 | ... AJ57: =HLOOKUP($A57,'Scenario 2'!$I$143:$N$173,Summary!AJ$2-2015,FALSE) -> 0 | AK57: =SUM(H57:AJ57) -> 69333537
A58: =A57 -> 2B | C58: Variable O&M | H58: =HLOOKUP($A58,'Scenario 2'!$I$178:$N$208,Summary!H$2-2015,FALSE) -> 2076817 | I58: =HLOOKUP($A58,'Scenario 2'!$I$178:$N$208,Summary!I$2-2015,FALSE) -> 2179106 | J58: =HLOOKUP($A58,'Scenario 2'!$I$178:$N$208,Summary!J$2-2015,FALSE) -> 2812156 | K58: =HLOOKUP($A58,'Scenario 2'!$I$178:$N$208,Summary!K$2-2015,FALSE) -> 2901879 | L58: =HLOOKUP($A58,'Scenario 2'!$I$178:$N$208,Summary!L$2-2015,FALSE) -> 3014722 | M58: =HLOOKUP($A58,'Scenario 2'!$I$178:$N$208,Summary!M$2-2015,FALSE) -> 1574115.6 | N58: =HLOOKUP($A58,'Scenario 2'!$I$178:$N$208,Summary!N$2-2015,FALSE) -> 1605597.9 | O58: =HLOOKUP($A58,'Scenario 2'!$I$178:$N$208,Summary!O$2-2015,FALSE) -> 0 | ... AJ58: =HLOOKUP($A58,'Scenario 2'!$I$178:$N$208,Summary!AJ$2-2015,FALSE) -> 0 | AK58: =SUM(H58:AJ58) -> 16164393
A59: 2C | B59: =CONCATENATE("Sensitivity ",A59) -> Sensitivity 2C | C59: Scenario 2c: 230MW, year-round (2018 start), Retire unit 1 in 2021, Retire unit 2 in 2024 | D59: 2021 | E59: 2024 | F59: 2024+ | G59: Water extends past the U2 retirement date | H59: =SUBTOTAL(9,H60:H64) -> 50240082 | I59: =SUBTOTAL(9,I60:I64) -> 43363436 | J59: =SUBTOTAL(9,J60:J64) -> 33350223 | K59: =SUBTOTAL(9,K60:K64) -> 39562920 | L59: =SUBTOTAL(9,L60:L64) -> 31587123 | M59: =SUBTOTAL(9,M60:M64) -> 22308605 | N59: =SUBTOTAL(9,N60:N64) -> 21853057 | O59: =SUBTOTAL(9,O60:O64) -> 20358964 | ... AK59: =SUBTOTAL(9,AK60:AK64) -> 2.6262441e+08
A60: =A59 -> 2C | C60: On-Going CapX (exc water) | H60: =HLOOKUP($A60,'Scenario 2'!$I$42:$N$72,Summary!H$2-2015,FALSE) -> 18803258 | I60: =HLOOKUP($A60,'Scenario 2'!$I$42:$N$72,Summary!I$2-2015,FALSE) -> 11312171 | J60: =HLOOKUP($A60,'Scenario 2'!$I$42:$N$72,Summary!J$2-2015,FALSE) -> 7309308.3 | K60: =HLOOKUP($A60,'Scenario 2'!$I$42:$N$72,Summary!K$2-2015,FALSE) -> 10305044 | L60: =HLOOKUP($A60,'Scenario 2'!$I$42:$N$72,Summary!L$2-2015,FALSE) -> 2973604.6 | M60: =HLOOKUP($A60,'Scenario 2'!$I$42:$N$72,Summary!M$2-2015,FALSE) -> 2882926.3 | N60: =HLOOKUP($A60,'Scenario 2'!$I$42:$N$72,Summary!N$2-2015,FALSE) -> 2038865 | O60: =HLOOKUP($A60,'Scenario 2'!$I$42:$N$72,Summary!O$2-2015,FALSE) -> 148488.46 | ... AJ60: =HLOOKUP($A60,'Scenario 2'!$I$42:$N$72,Summary!AJ$2-2015,FALSE) -> 0 | AK60: =SUM(H60:AJ60) -> 55773667
A61: =A60 -> 2C | C61: CapX Water Costs | H61: =HLOOKUP($A61,'Scenario 2'!$I$75:$N$105,Summary!H$2-2015,FALSE) -> 600000 | I61: =HLOOKUP($A61,'Scenario 2'!$I$75:$N$105,Summary!I$2-2015,FALSE) -> 4641000 | J61: =HLOOKUP($A61,'Scenario 2'!$I$75:$N$105,Summary!J$2-2015,FALSE) -> 364000 | K61: =HLOOKUP($A61,'Scenario 2'!$I$75:$N$105,Summary!K$2-2015,FALSE) -> 371000 | L61: =HLOOKUP($A61,'Scenario 2'!$I$75:$N$105,Summary!L$2-2015,FALSE) -> 0 | M61: =HLOOKUP($A61,'Scenario 2'!$I$75:$N$105,Summary!M$2-2015,FALSE) -> 0 | N61: =HLOOKUP($A61,'Scenario 2'!$I$75:$N$105,Summary!N$2-2015,FALSE) -> 0 | O61: =HLOOKUP($A61,'Scenario 2'!$I$75:$N$105,Summary!O$2-2015,FALSE) -> 0 | ... AJ61: =HLOOKUP($A61,'Scenario 2'!$I$75:$N$105,Summary!AJ$2-2015,FALSE) -> 0 | AK61: =SUM(H61:AJ61) -> 5976000
A62: =A61 -> 2C | C62: Fixed O&M Labor | H62: =HLOOKUP($A62,'Scenario 2'!$I$108:$N$138,Summary!H$2-2015,FALSE) -> 18063856 | I62: =HLOOKUP($A62,'Scenario 2'!$I$108:$N$138,Summary!I$2-2015,FALSE) -> 16632736 | J62: =HLOOKUP($A62,'Scenario 2'!$I$108:$N$138,Summary!J$2-2015,FALSE) -> 16916012 | K62: =HLOOKUP($A62,'Scenario 2'!$I$108:$N$138,Summary!K$2-2015,FALSE) -> 17795841 | L62: =HLOOKUP($A62,'Scenario 2'!$I$108:$N$138,Summary!L$2-2015,FALSE) -> 17896681 | M62: =HLOOKUP($A62,'Scenario 2'!$I$108:$N$138,Summary!M$2-2015,FALSE) -> 13310712 | N62: =HLOOKUP($A62,'Scenario 2'!$I$108:$N$138,Summary!N$2-2015,FALSE) -> 13576926 | O62: =HLOOKUP($A62,'Scenario 2'!$I$108:$N$138,Summary!O$2-2015,FALSE) -> 13848465 | ... AJ62: =HLOOKUP($A62,'Scenario 2'!$I$108:$N$138,Summary!AJ$2-2015,FALSE) -> 0 | AK62: =SUM(H62:AJ62) -> 1.2804123e+08
A63: =A62 -> 2C | C63: Fixed O&M Other | H63: =HLOOKUP($A63,'Scenario 2'!$I$143:$N$173,Summary!H$2-2015,FALSE) -> 10696150 | I63: =HLOOKUP($A63,'Scenario 2'!$I$143:$N$173,Summary!I$2-2015,FALSE) -> 9662034.6 | J63: =HLOOKUP($A63,'Scenario 2'!$I$143:$N$173,Summary!J$2-2015,FALSE) -> 7321346.2 | K63: =HLOOKUP($A63,'Scenario 2'!$I$143:$N$173,Summary!K$2-2015,FALSE) -> 9605548.6 | L63: =HLOOKUP($A63,'Scenario 2'!$I$143:$N$173,Summary!L$2-2015,FALSE) -> 9173586.6 | M63: =HLOOKUP($A63,'Scenario 2'!$I$143:$N$173,Summary!M$2-2015,FALSE) -> 5327909 | N63: =HLOOKUP($A63,'Scenario 2'!$I$143:$N$173,Summary!N$2-2015,FALSE) -> 5434467.2 | O63: =HLOOKUP($A63,'Scenario 2'!$I$143:$N$173,Summary!O$2-2015,FALSE) -> 5543156.5 | ... AJ63: =HLOOKUP($A63,'Scenario 2'!$I$143:$N$173,Summary!AJ$2-2015,FALSE) -> 0 | AK63: =SUM(H63:AJ63) -> 62764199
A64: =A63 -> 2C | C64: Variable O&M | H64: =HLOOKUP($A64,'Scenario 2'!$I$178:$N$208,Summary!H$2-2015,FALSE) -> 2076817 | I64: =HLOOKUP($A64,'Scenario 2'!$I$178:$N$208,Summary!I$2-2015,FALSE) -> 1115494.7 | J64: =HLOOKUP($A64,'Scenario 2'!$I$178:$N$208,Summary!J$2-2015,FALSE) -> 1439556 | K64: =HLOOKUP($A64,'Scenario 2'!$I$178:$N$208,Summary!K$2-2015,FALSE) -> 1485485.7 | L64: =HLOOKUP($A64,'Scenario 2'!$I$178:$N$208,Summary!L$2-2015,FALSE) -> 1543250.5 | M64: =HLOOKUP($A64,'Scenario 2'!$I$178:$N$208,Summary!M$2-2015,FALSE) -> 787057.78 | N64: =HLOOKUP($A64,'Scenario 2'!$I$178:$N$208,Summary!N$2-2015,FALSE) -> 802798.93 | O64: =HLOOKUP($A64,'Scenario 2'!$I$178:$N$208,Summary!O$2-2015,FALSE) -> 818854.91 | ... AJ64: =HLOOKUP($A64,'Scenario 2'!$I$178:$N$208,Summary!AJ$2-2015,FALSE) -> 0 | AK64: =SUM(H64:AJ64) -> 10069316
A65: 2D | B65: =CONCATENATE("Sensitivity ",A65) -> Sensitivity 2D | C65: Scenario 2d: 230MW, year-round (2018 start), Retire unit 1 in 2021, Retire unit 2 at end of water w/ limited capital | D65: 2021 | E65: 2029 | F65: 2027-2030 | H65: =SUBTOTAL(9,H66:H70) -> 50240082 | I65: =SUBTOTAL(9,I66:I70) -> 43363436 | J65: =SUBTOTAL(9,J66:J70) -> 33350223 | K65: =SUBTOTAL(9,K66:K70) -> 39562920 | L65: =SUBTOTAL(9,L66:L70) -> 32953754 | M65: =SUBTOTAL(9,M66:M70) -> 26791707 | N65: =SUBTOTAL(9,N66:N70) -> 29677599 | O65: =SUBTOTAL(9,O66:O70) -> 24292740 | ... AK65: =SUBTOTAL(9,AK66:AK70) -> 4.0528251e+08
A66: =A65 -> 2D | C66: On-Going CapX (exc water) | H66: =HLOOKUP($A66,'Scenario 2'!$I$42:$N$72,Summary!H$2-2015,FALSE) -> 18803258 | I66: =HLOOKUP($A66,'Scenario 2'!$I$42:$N$72,Summary!I$2-2015,FALSE) -> 11312171 | J66: =HLOOKUP($A66,'Scenario 2'!$I$42:$N$72,Summary!J$2-2015,FALSE) -> 7309308.3 | K66: =HLOOKUP($A66,'Scenario 2'!$I$42:$N$72,Summary!K$2-2015,FALSE) -> 10305044 | L66: =HLOOKUP($A66,'Scenario 2'!$I$42:$N$72,Summary!L$2-2015,FALSE) -> 3962236.4 | M66: =HLOOKUP($A66,'Scenario 2'!$I$42:$N$72,Summary!M$2-2015,FALSE) -> 5931947.1 | N66: =HLOOKUP($A66,'Scenario 2'!$I$42:$N$72,Summary!N$2-2015,FALSE) -> 9527406.3 | O66: =HLOOKUP($A66,'Scenario 2'!$I$42:$N$72,Summary!O$2-2015,FALSE) -> 3740263.5 | ... AJ66: =HLOOKUP($A66,'Scenario 2'!$I$42:$N$72,Summary!AJ$2-2015,FALSE) -> 0 | AK66: =SUM(H66:AJ66) -> 87960033
A67: =A66 -> 2D | C67: CapX Water Costs | H67: =HLOOKUP($A67,'Scenario 2'!$I$75:$N$105,Summary!H$2-2015,FALSE) -> 600000 | I67: =HLOOKUP($A67,'Scenario 2'!$I$75:$N$105,Summary!I$2-2015,FALSE) -> 4641000 | J67: =HLOOKUP($A67,'Scenario 2'!$I$75:$N$105,Summary!J$2-2015,FALSE) -> 364000 | K67: =HLOOKUP($A67,'Scenario 2'!$I$75:$N$105,Summary!K$2-2015,FALSE) -> 371000 | L67: =HLOOKUP($A67,'Scenario 2'!$I$75:$N$105,Summary!L$2-2015,FALSE) -> 378000 | M67: =HLOOKUP($A67,'Scenario 2'!$I$75:$N$105,Summary!M$2-2015,FALSE) -> 1434080.8 | N67: =HLOOKUP($A67,'Scenario 2'!$I$75:$N$105,Summary!N$2-2015,FALSE) -> 336000 | O67: =HLOOKUP($A67,'Scenario 2'!$I$75:$N$105,Summary!O$2-2015,FALSE) -> 342000 | ... AJ67: =HLOOKUP($A67,'Scenario 2'!$I$75:$N$105,Summary!AJ$2-2015,FALSE) -> 0 | AK67: =SUM(H67:AJ67) -> 9168080.8
A68: =A67 -> 2D | C68: Fixed O&M Labor | H68: =HLOOKUP($A68,'Scenario 2'!$I$108:$N$138,Summary!H$2-2015,FALSE) -> 18063856 | I68: =HLOOKUP($A68,'Scenario 2'!$I$108:$N$138,Summary!I$2-2015,FALSE) -> 16632736 | J68: =HLOOKUP($A68,'Scenario 2'!$I$108:$N$138,Summary!J$2-2015,FALSE) -> 16916012 | K68: =HLOOKUP($A68,'Scenario 2'!$I$108:$N$138,Summary!K$2-2015,FALSE) -> 17795841 | L68: =HLOOKUP($A68,'Scenario 2'!$I$108:$N$138,Summary!L$2-2015,FALSE) -> 17896681 | M68: =HLOOKUP($A68,'Scenario 2'!$I$108:$N$138,Summary!M$2-2015,FALSE) -> 13310712 | N68: =HLOOKUP($A68,'Scenario 2'!$I$108:$N$138,Summary!N$2-2015,FALSE) -> 13576926 | O68: =HLOOKUP($A68,'Scenario 2'!$I$108:$N$138,Summary!O$2-2015,FALSE) -> 13848465 | ... AJ68: =HLOOKUP($A68,'Scenario 2'!$I$108:$N$138,Summary!AJ$2-2015,FALSE) -> 0 | AK68: =SUM(H68:AJ68) -> 2.0155055e+08
A69: =A68 -> 2D | C69: Fixed O&M Other | H69: =HLOOKUP($A69,'Scenario 2'!$I$143:$N$173,Summary!H$2-2015,FALSE) -> 10696150 | I69: =HLOOKUP($A69,'Scenario 2'!$I$143:$N$173,Summary!I$2-2015,FALSE) -> 9662034.6 | J69: =HLOOKUP($A69,'Scenario 2'!$I$143:$N$173,Summary!J$2-2015,FALSE) -> 7321346.2 | K69: =HLOOKUP($A69,'Scenario 2'!$I$143:$N$173,Summary!K$2-2015,FALSE) -> 9605548.6 | L69: =HLOOKUP($A69,'Scenario 2'!$I$143:$N$173,Summary!L$2-2015,FALSE) -> 9173586.6 | M69: =HLOOKUP($A69,'Scenario 2'!$I$143:$N$173,Summary!M$2-2015,FALSE) -> 5327909 | N69: =HLOOKUP($A69,'Scenario 2'!$I$143:$N$173,Summary!N$2-2015,FALSE) -> 5434467.2 | O69: =HLOOKUP($A69,'Scenario 2'!$I$143:$N$173,Summary!O$2-2015,FALSE) -> 5543156.5 | ... AJ69: =HLOOKUP($A69,'Scenario 2'!$I$143:$N$173,Summary!AJ$2-2015,FALSE) -> 0 | AK69: =SUM(H69:AJ69) -> 92187945
A70: =A69 -> 2D | C70: Variable O&M | H70: =HLOOKUP($A70,'Scenario 2'!$I$178:$N$208,Summary!H$2-2015,FALSE) -> 2076817 | I70: =HLOOKUP($A70,'Scenario 2'!$I$178:$N$208,Summary!I$2-2015,FALSE) -> 1115494.7 | J70: =HLOOKUP($A70,'Scenario 2'!$I$178:$N$208,Summary!J$2-2015,FALSE) -> 1439556 | K70: =HLOOKUP($A70,'Scenario 2'!$I$178:$N$208,Summary!K$2-2015,FALSE) -> 1485485.7 | L70: =HLOOKUP($A70,'Scenario 2'!$I$178:$N$208,Summary!L$2-2015,FALSE) -> 1543250.5 | M70: =HLOOKUP($A70,'Scenario 2'!$I$178:$N$208,Summary!M$2-2015,FALSE) -> 787057.78 | N70: =HLOOKUP($A70,'Scenario 2'!$I$178:$N$208,Summary!N$2-2015,FALSE) -> 802798.93 | O70: =HLOOKUP($A70,'Scenario 2'!$I$178:$N$208,Summary!O$2-2015,FALSE) -> 818854.91 | ... AJ70: =HLOOKUP($A70,'Scenario 2'!$I$178:$N$208,Summary!AJ$2-2015,FALSE) -> 0 | AK70: =SUM(H70:AJ70) -> 14415897
A71: 2E | B71: =CONCATENATE("Sensitivity ",A71) -> Sensitivity 2E | C71: Scenario 2e: Blank | H71: =SUBTOTAL(9,H72:H76) -> 0 | I71: =SUBTOTAL(9,I72:I76) -> 0 | J71: =SUBTOTAL(9,J72:J76) -> 0 | K71: =SUBTOTAL(9,K72:K76) -> 0 | L71: =SUBTOTAL(9,L72:L76) -> 0 | M71: =SUBTOTAL(9,M72:M76) -> 0 | N71: =SUBTOTAL(9,N72:N76) -> 0 | O71: =SUBTOTAL(9,O72:O76) -> 0 | ... AK71: =SUBTOTAL(9,AK72:AK76) -> 0
A72: =A71 -> 2E | C72: On-Going CapX (exc water) | H72: =HLOOKUP($A72,'Scenario 2'!$I$42:$N$72,Summary!H$2-2015,FALSE) -> 0 | I72: =HLOOKUP($A72,'Scenario 2'!$I$42:$N$72,Summary!I$2-2015,FALSE) -> 0 | J72: =HLOOKUP($A72,'Scenario 2'!$I$42:$N$72,Summary!J$2-2015,FALSE) -> 0 | K72: =HLOOKUP($A72,'Scenario 2'!$I$42:$N$72,Summary!K$2-2015,FALSE) -> 0 | L72: =HLOOKUP($A72,'Scenario 2'!$I$42:$N$72,Summary!L$2-2015,FALSE) -> 0 | M72: =HLOOKUP($A72,'Scenario 2'!$I$42:$N$72,Summary!M$2-2015,FALSE) -> 0 | N72: =HLOOKUP($A72,'Scenario 2'!$I$42:$N$72,Summary!N$2-2015,FALSE) -> 0 | O72: =HLOOKUP($A72,'Scenario 2'!$I$42:$N$72,Summary!O$2-2015,FALSE) -> 0 | ... AJ72: =HLOOKUP($A72,'Scenario 2'!$I$42:$N$72,Summary!AJ$2-2015,FALSE) -> 0 | AK72: =SUM(H72:AJ72) -> 0
A73: =A72 -> 2E | C73: CapX Water Costs | H73: =HLOOKUP($A73,'Scenario 2'!$I$75:$N$105,Summary!H$2-2015,FALSE) | I73: =HLOOKUP($A73,'Scenario 2'!$I$75:$N$105,Summary!I$2-2015,FALSE) | J73: =HLOOKUP($A73,'Scenario 2'!$I$75:$N$105,Summary!J$2-2015,FALSE) | K73: =HLOOKUP($A73,'Scenario 2'!$I$75:$N$105,Summary!K$2-2015,FALSE) | L73: =HLOOKUP($A73,'Scenario 2'!$I$75:$N$105,Summary!L$2-2015,FALSE) | M73: =HLOOKUP($A73,'Scenario 2'!$I$75:$N$105,Summary!M$2-2015,FALSE) | N73: =HLOOKUP($A73,'Scenario 2'!$I$75:$N$105,Summary!N$2-2015,FALSE) | O73: =HLOOKUP($A73,'Scenario 2'!$I$75:$N$105,Summary!O$2-2015,FALSE) | ... AJ73: =HLOOKUP($A73,'Scenario 2'!$I$75:$N$105,Summary!AJ$2-2015,FALSE) | AK73: =SUM(H73:AJ73) -> 0
A74: =A73 -> 2E | C74: Fixed O&M Labor | H74: =HLOOKUP($A74,'Scenario 2'!$I$108:$N$138,Summary!H$2-2015,FALSE) -> 0 | I74: =HLOOKUP($A74,'Scenario 2'!$I$108:$N$138,Summary!I$2-2015,FALSE) -> 0 | J74: =HLOOKUP($A74,'Scenario 2'!$I$108:$N$138,Summary!J$2-2015,FALSE) -> 0 | K74: =HLOOKUP($A74,'Scenario 2'!$I$108:$N$138,Summary!K$2-2015,FALSE) -> 0 | L74: =HLOOKUP($A74,'Scenario 2'!$I$108:$N$138,Summary!L$2-2015,FALSE) -> 0 | M74: =HLOOKUP($A74,'Scenario 2'!$I$108:$N$138,Summary!M$2-2015,FALSE) -> 0 | N74: =HLOOKUP($A74,'Scenario 2'!$I$108:$N$138,Summary!N$2-2015,FALSE) -> 0 | O74: =HLOOKUP($A74,'Scenario 2'!$I$108:$N$138,Summary!O$2-2015,FALSE) -> 0 | ... AJ74: =HLOOKUP($A74,'Scenario 2'!$I$108:$N$138,Summary!AJ$2-2015,FALSE) -> 0 | AK74: =SUM(H74:AJ74) -> 0
A75: =A74 -> 2E | C75: Fixed O&M Other | H75: =HLOOKUP($A75,'Scenario 2'!$I$143:$N$173,Summary!H$2-2015,FALSE) -> 0 | I75: =HLOOKUP($A75,'Scenario 2'!$I$143:$N$173,Summary!I$2-2015,FALSE) -> 0 | J75: =HLOOKUP($A75,'Scenario 2'!$I$143:$N$173,Summary!J$2-2015,FALSE) -> 0 | K75: =HLOOKUP($A75,'Scenario 2'!$I$143:$N$173,Summary!K$2-2015,FALSE) -> 0 | L75: =HLOOKUP($A75,'Scenario 2'!$I$143:$N$173,Summary!L$2-2015,FALSE) -> 0 | M75: =HLOOKUP($A75,'Scenario 2'!$I$143:$N$173,Summary!M$2-2015,FALSE) -> 0 | N75: =HLOOKUP($A75,'Scenario 2'!$I$143:$N$173,Summary!N$2-2015,FALSE) -> 0 | O75: =HLOOKUP($A75,'Scenario 2'!$I$143:$N$173,Summary!O$2-2015,FALSE) -> 0 | ... AJ75: =HLOOKUP($A75,'Scenario 2'!$I$143:$N$173,Summary!AJ$2-2015,FALSE) -> 0 | AK75: =SUM(H75:AJ75) -> 0
A76: =A75 -> 2E | C76: Variable O&M | H76: =HLOOKUP($A76,'Scenario 2'!$I$178:$N$208,Summary!H$2-2015,FALSE) -> 0 | I76: =HLOOKUP($A76,'Scenario 2'!$I$178:$N$208,Summary!I$2-2015,FALSE) -> 0 | J76: =HLOOKUP($A76,'Scenario 2'!$I$178:$N$208,Summary!J$2-2015,FALSE) -> 0 | K76: =HLOOKUP($A76,'Scenario 2'!$I$178:$N$208,Summary!K$2-2015,FALSE) -> 0 | L76: =HLOOKUP($A76,'Scenario 2'!$I$178:$N$208,Summary!L$2-2015,FALSE) -> 0 | M76: =HLOOKUP($A76,'Scenario 2'!$I$178:$N$208,Summary!M$2-2015,FALSE) -> 0 | N76: =HLOOKUP($A76,'Scenario 2'!$I$178:$N$208,Summary!N$2-2015,FALSE) -> 0 | O76: =HLOOKUP($A76,'Scenario 2'!$I$178:$N$208,Summary!O$2-2015,FALSE) -> 0 | ... AJ76: =HLOOKUP($A76,'Scenario 2'!$I$178:$N$208,Summary!AJ$2-2015,FALSE) -> 0 | AK76: =SUM(H76:AJ76) -> 0
A78: 3 | B78: =CONCATENATE("Sensitivity ",A78) -> Sensitivity 3 | C78: Scenario 3: 50% capacity factor, year-round (2018 start) | D78: 2026 | E78: 2026 | F78: 2024-2027 | H78: =SUBTOTAL(9,H79:H83) -> 50240082 | I78: =SUBTOTAL(9,I79:I83) -> 45017528 | J78: =SUBTOTAL(9,J79:J83) -> 35284900 | K78: =SUBTOTAL(9,K79:K83) -> 44019754 | L78: =SUBTOTAL(9,L79:L83) -> 42087438 | M78: =SUBTOTAL(9,M79:M83) -> 39200668 | N78: =SUBTOTAL(9,N79:N83) -> 41375213 | O78: =SUBTOTAL(9,O79:O83) -> 37126217 | ... AK78: =SUBTOTAL(9,AK79:AK83) -> 4.001759e+08
A79: =A78 -> 3 | C79: On-Going CapX (exc water) | H79: =HLOOKUP($A79,'Scenario 3'!$I$42:$N$72,Summary!H$2-2015,FALSE) -> 18803258 | I79: =HLOOKUP($A79,'Scenario 3'!$I$42:$N$72,Summary!I$2-2015,FALSE) -> 13498671 | J79: =HLOOKUP($A79,'Scenario 3'!$I$42:$N$72,Summary!J$2-2015,FALSE) -> 9009639.2 | K79: =HLOOKUP($A79,'Scenario 3'!$I$42:$N$72,Summary!K$2-2015,FALSE) -> 14520055 | L79: =HLOOKUP($A79,'Scenario 3'!$I$42:$N$72,Summary!L$2-2015,FALSE) -> 12844693 | M79: =HLOOKUP($A79,'Scenario 3'!$I$42:$N$72,Summary!M$2-2015,FALSE) -> 9373628.6 | N79: =HLOOKUP($A79,'Scenario 3'!$I$42:$N$72,Summary!N$2-2015,FALSE) -> 10952332 | O79: =HLOOKUP($A79,'Scenario 3'!$I$42:$N$72,Summary!O$2-2015,FALSE) -> 6494718.8 | ... AJ79: =HLOOKUP($A79,'Scenario 3'!$I$42:$N$72,Summary!AJ$2-2015,FALSE) -> 0 | AK79: =SUM(H79:AJ79) -> 98207958
A80: =A79 -> 3 | C80: CapX Water Costs | H80: =HLOOKUP($A80,'Scenario 3'!$I$75:$N$105,Summary!H$2-2015,FALSE) -> 600000 | I80: =HLOOKUP($A80,'Scenario 3'!$I$75:$N$105,Summary!I$2-2015,FALSE) -> 3927000 | J80: =HLOOKUP($A80,'Scenario 3'!$I$75:$N$105,Summary!J$2-2015,FALSE) -> 364000 | K80: =HLOOKUP($A80,'Scenario 3'!$I$75:$N$105,Summary!K$2-2015,FALSE) -> 371000 | L80: =HLOOKUP($A80,'Scenario 3'!$I$75:$N$105,Summary!L$2-2015,FALSE) -> 378000 | M80: =HLOOKUP($A80,'Scenario 3'!$I$75:$N$105,Summary!M$2-2015,FALSE) -> 385000 | N80: =HLOOKUP($A80,'Scenario 3'!$I$75:$N$105,Summary!N$2-2015,FALSE) -> 392000 | O80: =HLOOKUP($A80,'Scenario 3'!$I$75:$N$105,Summary!O$2-2015,FALSE) -> 0 | ... AJ80: =HLOOKUP($A80,'Scenario 3'!$I$75:$N$105,Summary!AJ$2-2015,FALSE) -> 0 | AK80: =SUM(H80:AJ80) -> 6417000
A81: =A80 -> 3 | C81: Fixed O&M Labor | H81: =HLOOKUP($A81,'Scenario 3'!$I$108:$N$138,Summary!H$2-2015,FALSE) -> 18063856 | I81: =HLOOKUP($A81,'Scenario 3'!$I$108:$N$138,Summary!I$2-2015,FALSE) -> 16632736 | J81: =HLOOKUP($A81,'Scenario 3'!$I$108:$N$138,Summary!J$2-2015,FALSE) -> 16916012 | K81: =HLOOKUP($A81,'Scenario 3'!$I$108:$N$138,Summary!K$2-2015,FALSE) -> 17795841 | L81: =HLOOKUP($A81,'Scenario 3'!$I$108:$N$138,Summary!L$2-2015,FALSE) -> 17896681 | M81: =HLOOKUP($A81,'Scenario 3'!$I$108:$N$138,Summary!M$2-2015,FALSE) -> 18254614 | N81: =HLOOKUP($A81,'Scenario 3'!$I$108:$N$138,Summary!N$2-2015,FALSE) -> 18619707 | O81: =HLOOKUP($A81,'Scenario 3'!$I$108:$N$138,Summary!O$2-2015,FALSE) -> 18992101 | ... AJ81: =HLOOKUP($A81,'Scenario 3'!$I$108:$N$138,Summary!AJ$2-2015,FALSE) -> 0 | AK81: =SUM(H81:AJ81) -> 1.8230287e+08
A82: =A81 -> 3 | C82: Fixed O&M Other | H82: =HLOOKUP($A82,'Scenario 3'!$I$143:$N$173,Summary!H$2-2015,FALSE) -> 10696150 | I82: =HLOOKUP($A82,'Scenario 3'!$I$143:$N$173,Summary!I$2-2015,FALSE) -> 9662034.6 | J82: =HLOOKUP($A82,'Scenario 3'!$I$143:$N$173,Summary!J$2-2015,FALSE) -> 7321346.2 | K82: =HLOOKUP($A82,'Scenario 3'!$I$143:$N$173,Summary!K$2-2015,FALSE) -> 9605548.6 | L82: =HLOOKUP($A82,'Scenario 3'!$I$143:$N$173,Summary!L$2-2015,FALSE) -> 9173586.6 | M82: =HLOOKUP($A82,'Scenario 3'!$I$143:$N$173,Summary!M$2-2015,FALSE) -> 9357058.3 | N82: =HLOOKUP($A82,'Scenario 3'!$I$143:$N$173,Summary!N$2-2015,FALSE) -> 9544199.5 | O82: =HLOOKUP($A82,'Scenario 3'!$I$143:$N$173,Summary!O$2-2015,FALSE) -> 9735083.5 | ... AJ82: =HLOOKUP($A82,'Scenario 3'!$I$143:$N$173,Summary!AJ$2-2015,FALSE) -> 0 | AK82: =SUM(H82:AJ82) -> 95153174
A83: =A82 -> 3 | C83: Variable O&M | H83: =HLOOKUP($A83,'Scenario 3'!$I$178:$N$208,Summary!H$2-2015,FALSE) -> 2076817 | I83: =HLOOKUP($A83,'Scenario 3'!$I$178:$N$208,Summary!I$2-2015,FALSE) -> 1297086.9 | J83: =HLOOKUP($A83,'Scenario 3'!$I$178:$N$208,Summary!J$2-2015,FALSE) -> 1673902.4 | K83: =HLOOKUP($A83,'Scenario 3'!$I$178:$N$208,Summary!K$2-2015,FALSE) -> 1727308.9 | L83: =HLOOKUP($A83,'Scenario 3'!$I$178:$N$208,Summary!L$2-2015,FALSE) -> 1794477.4 | M83: =HLOOKUP($A83,'Scenario 3'!$I$178:$N$208,Summary!M$2-2015,FALSE) -> 1830366.9 | N83: =HLOOKUP($A83,'Scenario 3'!$I$178:$N$208,Summary!N$2-2015,FALSE) -> 1866974.3 | O83: =HLOOKUP($A83,'Scenario 3'!$I$178:$N$208,Summary!O$2-2015,FALSE) -> 1904313.8 | ... AJ83: =HLOOKUP($A83,'Scenario 3'!$I$178:$N$208,Summary!AJ$2-2015,FALSE) -> 0 | AK83: =SUM(H83:AJ83) -> 18094896
A84: 3A | B84: =CONCATENATE("Sensitivity ",A84) -> Sensitivity 3A | C84: Sensitivity 3a : 50% capacity factor, year-round (2020 start) | D84: 2025 | E84: 2025 | F84: 2023-2026 | H84: =SUBTOTAL(9,H85:H89) -> 50240082 | I84: =SUBTOTAL(9,I85:I89) -> 51609983 | J84: =SUBTOTAL(9,J85:J89) -> 40885198 | K84: =SUBTOTAL(9,K85:K89) -> 43648754 | L84: =SUBTOTAL(9,L85:L89) -> 42087438 | M84: =SUBTOTAL(9,M85:M89) -> 36237920 | N84: =SUBTOTAL(9,N85:N89) -> 37372720 | O84: =SUBTOTAL(9,O85:O89) -> 33491313 | ... AK84: =SUBTOTAL(9,AK85:AK89) -> 3.672047e+08
A85: =A84 -> 3A | C85: On-Going CapX (exc water) | H85: =HLOOKUP($A85,'Scenario 3'!$I$42:$N$72,Summary!H$2-2015,FALSE) -> 18803258 | I85: =HLOOKUP($A85,'Scenario 3'!$I$42:$N$72,Summary!I$2-2015,FALSE) -> 15515714 | J85: =HLOOKUP($A85,'Scenario 3'!$I$42:$N$72,Summary!J$2-2015,FALSE) -> 10355907 | K85: =HLOOKUP($A85,'Scenario 3'!$I$42:$N$72,Summary!K$2-2015,FALSE) -> 14520055 | L85: =HLOOKUP($A85,'Scenario 3'!$I$42:$N$72,Summary!L$2-2015,FALSE) -> 12844693 | M85: =HLOOKUP($A85,'Scenario 3'!$I$42:$N$72,Summary!M$2-2015,FALSE) -> 6795880.8 | N85: =HLOOKUP($A85,'Scenario 3'!$I$42:$N$72,Summary!N$2-2015,FALSE) -> 7341839.3 | O85: =HLOOKUP($A85,'Scenario 3'!$I$42:$N$72,Summary!O$2-2015,FALSE) -> 2859814.5 | ... AJ85: =HLOOKUP($A85,'Scenario 3'!$I$42:$N$72,Summary!AJ$2-2015,FALSE) -> 0 | AK85: =SUM(H85:AJ85) -> 89424329
A86: =A85 -> 3A | C86: CapX Water Costs | H86: =HLOOKUP($A86,'Scenario 3'!$I$75:$N$105,Summary!H$2-2015,FALSE) -> 600000 | I86: =HLOOKUP($A86,'Scenario 3'!$I$75:$N$105,Summary!I$2-2015,FALSE) -> 4641000 | J86: =HLOOKUP($A86,'Scenario 3'!$I$75:$N$105,Summary!J$2-2015,FALSE) -> 728000 | K86: =HLOOKUP($A86,'Scenario 3'!$I$75:$N$105,Summary!K$2-2015,FALSE) -> 0 | L86: =HLOOKUP($A86,'Scenario 3'!$I$75:$N$105,Summary!L$2-2015,FALSE) -> 378000 | M86: =HLOOKUP($A86,'Scenario 3'!$I$75:$N$105,Summary!M$2-2015,FALSE) -> 0 | N86: =HLOOKUP($A86,'Scenario 3'!$I$75:$N$105,Summary!N$2-2015,FALSE) -> 0 | O86: =HLOOKUP($A86,'Scenario 3'!$I$75:$N$105,Summary!O$2-2015,FALSE) -> 0 | ... AJ86: =HLOOKUP($A86,'Scenario 3'!$I$75:$N$105,Summary!AJ$2-2015,FALSE) -> 0 | AK86: =SUM(H86:AJ86) -> 6347000
A87: =A86 -> 3A | C87: Fixed O&M Labor | H87: =HLOOKUP($A87,'Scenario 3'!$I$108:$N$138,Summary!H$2-2015,FALSE) -> 18063856 | I87: =HLOOKUP($A87,'Scenario 3'!$I$108:$N$138,Summary!I$2-2015,FALSE) -> 18538570 | J87: =HLOOKUP($A87,'Scenario 3'!$I$108:$N$138,Summary!J$2-2015,FALSE) -> 18854305 | K87: =HLOOKUP($A87,'Scenario 3'!$I$108:$N$138,Summary!K$2-2015,FALSE) -> 17795841 | L87: =HLOOKUP($A87,'Scenario 3'!$I$108:$N$138,Summary!L$2-2015,FALSE) -> 17896681 | M87: =HLOOKUP($A87,'Scenario 3'!$I$108:$N$138,Summary!M$2-2015,FALSE) -> 18254614 | N87: =HLOOKUP($A87,'Scenario 3'!$I$108:$N$138,Summary!N$2-2015,FALSE) -> 18619707 | O87: =HLOOKUP($A87,'Scenario 3'!$I$108:$N$138,Summary!O$2-2015,FALSE) -> 18992101 | ... AJ87: =HLOOKUP($A87,'Scenario 3'!$I$108:$N$138,Summary!AJ$2-2015,FALSE) -> 0 | AK87: =SUM(H87:AJ87) -> 1.6638762e+08
A88: =A87 -> 3A | C88: Fixed O&M Other | H88: =HLOOKUP($A88,'Scenario 3'!$I$143:$N$173,Summary!H$2-2015,FALSE) -> 10696150 | I88: =HLOOKUP($A88,'Scenario 3'!$I$143:$N$173,Summary!I$2-2015,FALSE) -> 10735594 | J88: =HLOOKUP($A88,'Scenario 3'!$I$143:$N$173,Summary!J$2-2015,FALSE) -> 8134829.1 | K88: =HLOOKUP($A88,'Scenario 3'!$I$143:$N$173,Summary!K$2-2015,FALSE) -> 9605548.6 | L88: =HLOOKUP($A88,'Scenario 3'!$I$143:$N$173,Summary!L$2-2015,FALSE) -> 9173586.6 | M88: =HLOOKUP($A88,'Scenario 3'!$I$143:$N$173,Summary!M$2-2015,FALSE) -> 9357058.3 | N88: =HLOOKUP($A88,'Scenario 3'!$I$143:$N$173,Summary!N$2-2015,FALSE) -> 9544199.5 | O88: =HLOOKUP($A88,'Scenario 3'!$I$143:$N$173,Summary!O$2-2015,FALSE) -> 9735083.5 | ... AJ88: =HLOOKUP($A88,'Scenario 3'!$I$143:$N$173,Summary!AJ$2-2015,FALSE) -> 0 | AK88: =SUM(H88:AJ88) -> 86911835
A89: =A88 -> 3A | C89: Variable O&M | H89: =HLOOKUP($A89,'Scenario 3'!$I$178:$N$208,Summary!H$2-2015,FALSE) -> 2076817 | I89: =HLOOKUP($A89,'Scenario 3'!$I$178:$N$208,Summary!I$2-2015,FALSE) -> 2179106 | J89: =HLOOKUP($A89,'Scenario 3'!$I$178:$N$208,Summary!J$2-2015,FALSE) -> 2812156 | K89: =HLOOKUP($A89,'Scenario 3'!$I$178:$N$208,Summary!K$2-2015,FALSE) -> 1727308.9 | L89: =HLOOKUP($A89,'Scenario 3'!$I$178:$N$208,Summary!L$2-2015,FALSE) -> 1794477.4 | M89: =HLOOKUP($A89,'Scenario 3'!$I$178:$N$208,Summary!M$2-2015,FALSE) -> 1830366.9 | N89: =HLOOKUP($A89,'Scenario 3'!$I$178:$N$208,Summary!N$2-2015,FALSE) -> 1866974.3 | O89: =HLOOKUP($A89,'Scenario 3'!$I$178:$N$208,Summary!O$2-2015,FALSE) -> 1904313.8 | ... AJ89: =HLOOKUP($A89,'Scenario 3'!$I$178:$N$208,Summary!AJ$2-2015,FALSE) -> 0 | AK89: =SUM(H89:AJ89) -> 18133920
A90: 3B | B90: =CONCATENATE("Sensitivity ",A90) -> Sensitivity 3B | C90: Sensitivity 3b : 50% capacity factor, year-round (2022 start) | D90: 2023 | E90: 2023 | F90: 2022-2024 | H90: =SUBTOTAL(9,H91:H95) -> 50240082 | I90: =SUBTOTAL(9,I91:I95) -> 51609983 | J90: =SUBTOTAL(9,J91:J95) -> 40885198 | K90: =SUBTOTAL(9,K91:K95) -> 46943964 | L90: =SUBTOTAL(9,L91:L95) -> 40306532 | M90: =SUBTOTAL(9,M91:M95) -> 31447996 | N90: =SUBTOTAL(9,N91:N95) -> 30630615 | O90: =SUBTOTAL(9,O91:O95) -> 0 | ... AK90: =SUBTOTAL(9,AK91:AK95) -> 2.9206437e+08
A91: =A90 -> 3B | C91: On-Going CapX (exc water) | H91: =HLOOKUP($A91,'Scenario 3'!$I$42:$N$72,Summary!H$2-2015,FALSE) -> 18803258 | I91: =HLOOKUP($A91,'Scenario 3'!$I$42:$N$72,Summary!I$2-2015,FALSE) -> 15515714 | J91: =HLOOKUP($A91,'Scenario 3'!$I$42:$N$72,Summary!J$2-2015,FALSE) -> 10355907 | K91: =HLOOKUP($A91,'Scenario 3'!$I$42:$N$72,Summary!K$2-2015,FALSE) -> 11519096 | L91: =HLOOKUP($A91,'Scenario 3'!$I$42:$N$72,Summary!L$2-2015,FALSE) -> 6503594.1 | M91: =HLOOKUP($A91,'Scenario 3'!$I$42:$N$72,Summary!M$2-2015,FALSE) -> 2005956.5 | N91: =HLOOKUP($A91,'Scenario 3'!$I$42:$N$72,Summary!N$2-2015,FALSE) -> 599734.61 | O91: =HLOOKUP($A91,'Scenario 3'!$I$42:$N$72,Summary!O$2-2015,FALSE) -> 0 | ... AJ91: =HLOOKUP($A91,'Scenario 3'!$I$42:$N$72,Summary!AJ$2-2015,FALSE) -> 0 | AK91: =SUM(H91:AJ91) -> 65303261
A92: =A91 -> 3B | C92: CapX Water Costs | H92: =HLOOKUP($A92,'Scenario 3'!$I$75:$N$105,Summary!H$2-2015,FALSE) -> 600000 | I92: =HLOOKUP($A92,'Scenario 3'!$I$75:$N$105,Summary!I$2-2015,FALSE) -> 4641000 | J92: =HLOOKUP($A92,'Scenario 3'!$I$75:$N$105,Summary!J$2-2015,FALSE) -> 728000 | K92: =HLOOKUP($A92,'Scenario 3'!$I$75:$N$105,Summary!K$2-2015,FALSE) -> 2015208 | L92: =HLOOKUP($A92,'Scenario 3'!$I$75:$N$105,Summary!L$2-2015,FALSE) -> 648000 | M92: =HLOOKUP($A92,'Scenario 3'!$I$75:$N$105,Summary!M$2-2015,FALSE) -> 0 | N92: =HLOOKUP($A92,'Scenario 3'!$I$75:$N$105,Summary!N$2-2015,FALSE) -> 0 | O92: =HLOOKUP($A92,'Scenario 3'!$I$75:$N$105,Summary!O$2-2015,FALSE) -> 0 | ... AJ92: =HLOOKUP($A92,'Scenario 3'!$I$75:$N$105,Summary!AJ$2-2015,FALSE) -> 0 | AK92: =SUM(H92:AJ92) -> 8632208
A93: =A92 -> 3B | C93: Fixed O&M Labor | H93: =HLOOKUP($A93,'Scenario 3'!$I$108:$N$138,Summary!H$2-2015,FALSE) -> 18063856 | I93: =HLOOKUP($A93,'Scenario 3'!$I$108:$N$138,Summary!I$2-2015,FALSE) -> 18538570 | J93: =HLOOKUP($A93,'Scenario 3'!$I$108:$N$138,Summary!J$2-2015,FALSE) -> 18854305 | K93: =HLOOKUP($A93,'Scenario 3'!$I$108:$N$138,Summary!K$2-2015,FALSE) -> 19834948 | L93: =HLOOKUP($A93,'Scenario 3'!$I$108:$N$138,Summary!L$2-2015,FALSE) -> 19947342 | M93: =HLOOKUP($A93,'Scenario 3'!$I$108:$N$138,Summary!M$2-2015,FALSE) -> 18254614 | N93: =HLOOKUP($A93,'Scenario 3'!$I$108:$N$138,Summary!N$2-2015,FALSE) -> 18619707 | O93: =HLOOKUP($A93,'Scenario 3'!$I$108:$N$138,Summary!O$2-2015,FALSE) -> 0 | ... AJ93: =HLOOKUP($A93,'Scenario 3'!$I$108:$N$138,Summary!AJ$2-2015,FALSE) -> 0 | AK93: =SUM(H93:AJ93) -> 1.3211334e+08
A94: =A93 -> 3B | C94: Fixed O&M Other | H94: =HLOOKUP($A94,'Scenario 3'!$I$143:$N$173,Summary!H$2-2015,FALSE) -> 10696150 | I94: =HLOOKUP($A94,'Scenario 3'!$I$143:$N$173,Summary!I$2-2015,FALSE) -> 10735594 | J94: =HLOOKUP($A94,'Scenario 3'!$I$143:$N$173,Summary!J$2-2015,FALSE) -> 8134829.1 | K94: =HLOOKUP($A94,'Scenario 3'!$I$143:$N$173,Summary!K$2-2015,FALSE) -> 10672832 | L94: =HLOOKUP($A94,'Scenario 3'!$I$143:$N$173,Summary!L$2-2015,FALSE) -> 10192874 | M94: =HLOOKUP($A94,'Scenario 3'!$I$143:$N$173,Summary!M$2-2015,FALSE) -> 9357058.3 | N94: =HLOOKUP($A94,'Scenario 3'!$I$143:$N$173,Summary!N$2-2015,FALSE) -> 9544199.5 | O94: =HLOOKUP($A94,'Scenario 3'!$I$143:$N$173,Summary!O$2-2015,FALSE) -> 0 | ... AJ94: =HLOOKUP($A94,'Scenario 3'!$I$143:$N$173,Summary!AJ$2-2015,FALSE) -> 0 | AK94: =SUM(H94:AJ94) -> 69333537
A95: =A94 -> 3B | C95: Variable O&M | H95: =HLOOKUP($A95,'Scenario 3'!$I$178:$N$208,Summary!H$2-2015,FALSE) -> 2076817 | I95: =HLOOKUP($A95,'Scenario 3'!$I$178:$N$208,Summary!I$2-2015,FALSE) -> 2179106 | J95: =HLOOKUP($A95,'Scenario 3'!$I$178:$N$208,Summary!J$2-2015,FALSE) -> 2812156 | K95: =HLOOKUP($A95,'Scenario 3'!$I$178:$N$208,Summary!K$2-2015,FALSE) -> 2901879 | L95: =HLOOKUP($A95,'Scenario 3'!$I$178:$N$208,Summary!L$2-2015,FALSE) -> 3014722 | M95: =HLOOKUP($A95,'Scenario 3'!$I$178:$N$208,Summary!M$2-2015,FALSE) -> 1830366.9 | N95: =HLOOKUP($A95,'Scenario 3'!$I$178:$N$208,Summary!N$2-2015,FALSE) -> 1866974.3 | O95: =HLOOKUP($A95,'Scenario 3'!$I$178:$N$208,Summary!O$2-2015,FALSE) -> 0 | ... AJ95: =HLOOKUP($A95,'Scenario 3'!$I$178:$N$208,Summary!AJ$2-2015,FALSE) -> 0 | AK95: =SUM(H95:AJ95) -> 16682021
A96: 3C | B96: =CONCATENATE("Sensitivity ",A96) -> Sensitivity 3C | C96: Scenario 3c: 50% capacity factor, year-round (2018 start), Retire unit 1 in 2021, Retire unit 2 in 2024 | D96: 2021 | E96: 2024 | F96: 2024+ | H96: =SUBTOTAL(9,H97:H101) -> 50240082 | I96: =SUBTOTAL(9,I97:I101) -> 43545028 | J96: =SUBTOTAL(9,J97:J101) -> 33584569 | K96: =SUBTOTAL(9,K97:K101) -> 39804743 | L96: =SUBTOTAL(9,L97:L101) -> 31838349 | M96: =SUBTOTAL(9,M97:M101) -> 22436731 | N96: =SUBTOTAL(9,N97:N101) -> 21983745 | O96: =SUBTOTAL(9,O97:O101) -> 20492266 | ... AK96: =SUBTOTAL(9,AK97:AK101) -> 2.6392551e+08
A97: =A96 -> 3C | C97: On-Going CapX (exc water) | H97: =HLOOKUP($A97,'Scenario 3'!$I$42:$N$72,Summary!H$2-2015,FALSE) -> 18803258 | I97: =HLOOKUP($A97,'Scenario 3'!$I$42:$N$72,Summary!I$2-2015,FALSE) -> 11312171 | J97: =HLOOKUP($A97,'Scenario 3'!$I$42:$N$72,Summary!J$2-2015,FALSE) -> 7309308.3 | K97: =HLOOKUP($A97,'Scenario 3'!$I$42:$N$72,Summary!K$2-2015,FALSE) -> 10305044 | L97: =HLOOKUP($A97,'Scenario 3'!$I$42:$N$72,Summary!L$2-2015,FALSE) -> 2973604.6 | M97: =HLOOKUP($A97,'Scenario 3'!$I$42:$N$72,Summary!M$2-2015,FALSE) -> 2882926.3 | N97: =HLOOKUP($A97,'Scenario 3'!$I$42:$N$72,Summary!N$2-2015,FALSE) -> 2038865 | O97: =HLOOKUP($A97,'Scenario 3'!$I$42:$N$72,Summary!O$2-2015,FALSE) -> 148488.46 | ... AJ97: =HLOOKUP($A97,'Scenario 3'!$I$42:$N$72,Summary!AJ$2-2015,FALSE) -> 0 | AK97: =SUM(H97:AJ97) -> 55773667
A98: =A97 -> 3C | C98: CapX Water Costs | H98: =HLOOKUP($A98,'Scenario 3'!$I$75:$N$105,Summary!H$2-2015,FALSE) -> 600000 | I98: =HLOOKUP($A98,'Scenario 3'!$I$75:$N$105,Summary!I$2-2015,FALSE) -> 4641000 | J98: =HLOOKUP($A98,'Scenario 3'!$I$75:$N$105,Summary!J$2-2015,FALSE) -> 364000 | K98: =HLOOKUP($A98,'Scenario 3'!$I$75:$N$105,Summary!K$2-2015,FALSE) -> 371000 | L98: =HLOOKUP($A98,'Scenario 3'!$I$75:$N$105,Summary!L$2-2015,FALSE) -> 0 | M98: =HLOOKUP($A98,'Scenario 3'!$I$75:$N$105,Summary!M$2-2015,FALSE) -> 0 | N98: =HLOOKUP($A98,'Scenario 3'!$I$75:$N$105,Summary!N$2-2015,FALSE) -> 0 | O98: =HLOOKUP($A98,'Scenario 3'!$I$75:$N$105,Summary!O$2-2015,FALSE) -> 0 | ... AJ98: =HLOOKUP($A98,'Scenario 3'!$I$75:$N$105,Summary!AJ$2-2015,FALSE) -> 0 | AK98: =SUM(H98:AJ98) -> 5976000
A99: =A98 -> 3C | C99: Fixed O&M Labor | H99: =HLOOKUP($A99,'Scenario 3'!$I$108:$N$138,Summary!H$2-2015,FALSE) -> 18063856 | I99: =HLOOKUP($A99,'Scenario 3'!$I$108:$N$138,Summary!I$2-2015,FALSE) -> 16632736 | J99: =HLOOKUP($A99,'Scenario 3'!$I$108:$N$138,Summary!J$2-2015,FALSE) -> 16916012 | K99: =HLOOKUP($A99,'Scenario 3'!$I$108:$N$138,Summary!K$2-2015,FALSE) -> 17795841 | L99: =HLOOKUP($A99,'Scenario 3'!$I$108:$N$138,Summary!L$2-2015,FALSE) -> 17896681 | M99: =HLOOKUP($A99,'Scenario 3'!$I$108:$N$138,Summary!M$2-2015,FALSE) -> 13310712 | N99: =HLOOKUP($A99,'Scenario 3'!$I$108:$N$138,Summary!N$2-2015,FALSE) -> 13576926 | O99: =HLOOKUP($A99,'Scenario 3'!$I$108:$N$138,Summary!O$2-2015,FALSE) -> 13848465 | ... AJ99: =HLOOKUP($A99,'Scenario 3'!$I$108:$N$138,Summary!AJ$2-2015,FALSE) -> 0 | AK99: =SUM(H99:AJ99) -> 1.2804123e+08
A100: =A99 -> 3C | C100: Fixed O&M Other | H100: =HLOOKUP($A100,'Scenario 3'!$I$143:$N$173,Summary!H$2-2015,FALSE) -> 10696150 | I100: =HLOOKUP($A100,'Scenario 3'!$I$143:$N$173,Summary!I$2-2015,FALSE) -> 9662034.6 | J100: =HLOOKUP($A100,'Scenario 3'!$I$143:$N$173,Summary!J$2-2015,FALSE) -> 7321346.2 | K100: =HLOOKUP($A100,'Scenario 3'!$I$143:$N$173,Summary!K$2-2015,FALSE) -> 9605548.6 | L100: =HLOOKUP($A100,'Scenario 3'!$I$143:$N$173,Summary!L$2-2015,FALSE) -> 9173586.6 | M100: =HLOOKUP($A100,'Scenario 3'!$I$143:$N$173,Summary!M$2-2015,FALSE) -> 5327909 | N100: =HLOOKUP($A100,'Scenario 3'!$I$143:$N$173,Summary!N$2-2015,FALSE) -> 5434467.2 | O100: =HLOOKUP($A100,'Scenario 3'!$I$143:$N$173,Summary!O$2-2015,FALSE) -> 5543156.5 | ... AJ100: =HLOOKUP($A100,'Scenario 3'!$I$143:$N$173,Summary!AJ$2-2015,FALSE) -> 0 | AK100: =SUM(H100:AJ100) -> 62764199
A101: =A100 -> 3C | C101: Variable O&M | H101: =HLOOKUP($A101,'Scenario 3'!$I$178:$N$208,Summary!H$2-2015,FALSE) -> 2076817 | I101: =HLOOKUP($A101,'Scenario 3'!$I$178:$N$208,Summary!I$2-2015,FALSE) -> 1297086.9 | J101: =HLOOKUP($A101,'Scenario 3'!$I$178:$N$208,Summary!J$2-2015,FALSE) -> 1673902.4 | K101: =HLOOKUP($A101,'Scenario 3'!$I$178:$N$208,Summary!K$2-2015,FALSE) -> 1727308.9 | L101: =HLOOKUP($A101,'Scenario 3'!$I$178:$N$208,Summary!L$2-2015,FALSE) -> 1794477.4 | M101: =HLOOKUP($A101,'Scenario 3'!$I$178:$N$208,Summary!M$2-2015,FALSE) -> 915183.46 | N101: =HLOOKUP($A101,'Scenario 3'!$I$178:$N$208,Summary!N$2-2015,FALSE) -> 933487.13 | O101: =HLOOKUP($A101,'Scenario 3'!$I$178:$N$208,Summary!O$2-2015,FALSE) -> 952156.88 | ... AJ101: =HLOOKUP($A101,'Scenario 3'!$I$178:$N$208,Summary!AJ$2-2015,FALSE) -> 0 | AK101: =SUM(H101:AJ101) -> 11370420
A102: 3D | B102: =CONCATENATE("Sensitivity ",A102) -> Sensitivity 3D | C102: Scenario 3d: 50% capacity factor, year-round (2018 start), Retire unit 1 in 2021, Retire unit 2 at end of water w/ limited capital | D102: 2021 | E102: 2026 | F102: 2024-2027 | G102: Water extends past the U2 retirement date | H102: =SUBTOTAL(9,H103:H107) -> 50240082 | I102: =SUBTOTAL(9,I103:I107) -> 43545028 | J102: =SUBTOTAL(9,J103:J107) -> 33584569 | K102: =SUBTOTAL(9,K103:K107) -> 39804743 | L102: =SUBTOTAL(9,L103:L107) -> 33204981 | M102: =SUBTOTAL(9,M103:M107) -> 26919832 | N102: =SUBTOTAL(9,N103:N107) -> 27188250 | O102: =SUBTOTAL(9,O103:O107) -> 22503546 | ... AK102: =SUBTOTAL(9,AK103:AK107) -> 3.2096959e+08
A103: =A102 -> 3D | C103: On-Going CapX (exc water) | H103: =HLOOKUP($A103,'Scenario 3'!$I$42:$N$72,Summary!H$2-2015,FALSE) -> 18803258 | I103: =HLOOKUP($A103,'Scenario 3'!$I$42:$N$72,Summary!I$2-2015,FALSE) -> 11312171 | J103: =HLOOKUP($A103,'Scenario 3'!$I$42:$N$72,Summary!J$2-2015,FALSE) -> 7309308.3 | K103: =HLOOKUP($A103,'Scenario 3'!$I$42:$N$72,Summary!K$2-2015,FALSE) -> 10305044 | L103: =HLOOKUP($A103,'Scenario 3'!$I$42:$N$72,Summary!L$2-2015,FALSE) -> 3962236.4 | M103: =HLOOKUP($A103,'Scenario 3'!$I$42:$N$72,Summary!M$2-2015,FALSE) -> 5931947.1 | N103: =HLOOKUP($A103,'Scenario 3'!$I$42:$N$72,Summary!N$2-2015,FALSE) -> 6907369.6 | O103: =HLOOKUP($A103,'Scenario 3'!$I$42:$N$72,Summary!O$2-2015,FALSE) -> 1817768.1 | ... AJ103: =HLOOKUP($A103,'Scenario 3'!$I$42:$N$72,Summary!AJ$2-2015,FALSE) -> 0 | AK103: =SUM(H103:AJ103) -> 68063344
...

Sheet Scenario 1
R1: CALCULATIONS ONLY >>>>>>>>>
B2: 1: Scenario Information
H4: Capacity Factor | J4: Derated CT | L4: Annual MWh | N4: Derated Annual MWh
B5: ID: | C5: Scenario Type | H5: Unit 1 | I5: Unit 2 | J5: Unit 1 | K5: Unit 2 | L5: Unit 1 | M5: Unit 2 | N5: Unit 1 | O5: Unit 2
B6: 1 | C6: Status quo | H6: =VLOOKUP($C6,Tables!$A2:$E9,2,FALSE) -> 0.84 | I6: =VLOOKUP($C6,Tables!$A2:$E9,3,FALSE) -> 0.84 | J6: =VLOOKUP($C6,Tables!$A2:$F9,4,FALSE) -> 0.84 | K6: =VLOOKUP($C6,Tables!$A2:$F9,5,FALSE) -> 0.84 | L6: =IF(ISERROR(H6*530*8760),"N/A",H6*530*8760) -> 3899952 | M6: =IF(ISERROR(I6*530*8760),"N/A",I6*530*8760) -> 3899952 | N6: =IF(ISERROR(J6*530*8760),"N/A",J6*530*8760) -> 3899952 | O6: =IF(ISERROR(K6*530*8760),"N/A",K6*530*8760) -> 3899952
B9: 2: Sensitivity Information
K11: *Leave blank if N/A | M11: *Do not delete
D12: Pipeline | F12: Hybrid Cooling | I12: Retirement Date | K12: Reduced Operations | M12: Reduced Operations
B13: ID: | C13: Scenario Description | D13: Yes/No | E13: COD | F13: Yes/No | G13: COD | H13: Water Option | I13: Unit 1 | J13: Unit 2 | K13: Unit 1 | L13: Unit 2 | M13: Unit 1 | N13: Unit 2
B14: =B6 -> 1 | C14: Status quo (w/o Northern Ag) | D14: No | F14: No | H14: Scenario 1 | I14: 2023 | J14: 2023 | M14: =IF($C14="","",IF(K14="",I14,K14)) -> 2023 | N14: =IF($C14="","",IF(L14="",J14,L14)) -> 2023
B15: =CONCATENATE($B$6,"A") -> 1A | C15: Status quo (inc Norterhn Ag) | D15: No | F15: No | H15: Scenario 1A | I15: 2024 | J15: 2024 | M15: =IF($C15="","",IF(K15="",I15,K15)) -> 2024 | N15: =IF($C15="","",IF(L15="",J15,L15)) -> 2024
B16: =CONCATENATE($B$6,"B") -> 1B | C16: Status quo plus Acquisition 1 | D16: No | F16: No | H16: Scenario 1B | I16: 2025 | J16: 2025 | M16: =IF($C16="","",IF(K16="",I16,K16)) -> 2025 | N16: =IF($C16="","",IF(L16="",J16,L16)) -> 2025
B17: =CONCATENATE($B$6,"C") -> 1C | C17: Status quo plus Acquisition 1-2 | D17: No | F17: No | H17: Scenario 1C | I17: 2027 | J17: 2027 | M17: =IF($C17="","",IF(K17="",I17,K17)) -> 2027 | N17: =IF($C17="","",IF(L17="",J17,L17)) -> 2027
B18: =CONCATENATE($B$6,"D") -> 1D | C18: Status quo plus Acquisition 1-3 | D18: No | F18: No | H18: Scenario 1D | I18: 2029 | J18: 2029 | M18: =IF($C18="","",IF(K18="",I18,K18)) -> 2029 | N18: =IF($C18="","",IF(L18="",J18,L18)) -> 2029
B19: =CONCATENATE($B$6,"E") -> 1E | C19: Status quo plus Acquisition 1-4 | D19: No | F19: No | H19: Scenario 1E | I19: 2031 | J19: 2031 | M19: =IF($C19="","",IF(K19="",I19,K19)) -> 2031 | N19: =IF($C19="","",IF(L19="",J19,L19)) -> 2031
B22: 3: On-Going CapX - Managed Decline
H23: Index
C24: =C6 -> Status quo | H24: =VLOOKUP(C24,CapX!A:B,2,FALSE) -> 2
C26: Managed Decline | H26: Percentage
C27: 4 Years before end of Operation | H27: 0.725
C28: 3 Years before end of Operation | H28: 0.486
C29: 2 Years before end of Operation | H29: 0.214
C30: Year of Retirement | H30: 0.0397
B32: 4: Fixed O&M Labor Reduction (single unit operation calculated with retirment dates)
C35: Increase contract labor after O&M Labor Reduction | H35: 0.1
B40: 5: On-Going CapX - Calculations | S40: 1st Unit - Step 1 - Reduce baseline based on scenario | AB40: 1st Unit - Step 2 - Managed decline and retirement adjustments | AJ40: 2nd Unit - Step 1 - Reduce baseline based on scenario | AS40: 2nd Unit - Step 2 - Managed decline and retirement adjustments
H42: Year | I42: =U42 -> 1 | J42: =V42 -> 1A | K42: =W42 -> 1B | L42: =X42 -> 1C | M42: =Y42 -> 1D | N42: =Z42 -> 1E | S42: Year | T42: Baseline | U42: {=TRANSPOSE(B14:B19)} -> 1 | V42: 1A | W42: 1B | X42: 1C | Y42: 1D | Z42: 1E | AB42: Year | AC42: =U42 -> 1 | AD42: =V42 -> 1A | AE42: =W42 -> 1B | AF42: =X42 -> 1C | AG42: =Y42 -> 1D | AH42: =Z42 -> 1E | AJ42: Year | AK42: Baseline | AL42: =AC42 -> 1 | AM42: =AD42 -> 1A | AN42: =AE42 -> 1B | AO42: =AF42 -> 1C | AP42: =AG42 -> 1D | AQ42: =AH42 -> 1E | AS42: Year | AT42: =AL42 -> 1 | AU42: =AM42 -> 1A | AV42: =AN42 -> 1B | AW42: =AO42 -> 1C | AX42: =AP42 -> 1D | AY42: =AQ42 -> 1E
H43: 2017 | I43: =AC43+AT43 -> 18803258 | J43: =AD43+AU43 -> 18803258 | K43: =AE43+AV43 -> 18803258 | L43: =AF43+AW43 -> 18803258 | M43: =AG43+AX43 -> 18803258 | N43: =AH43+AY43 -> 18803258 | S43: 2017 | T43: =HLOOKUP($S43,CapX!$A$11:$AP$14,2,FALSE) -> 5101701.2 | U43: =IF($K$14="",$T43,IF($K$14>$S43,$T43,HLOOKUP($S43-$K$14,CapX!$A$18:$AP$26,$H$24,FALSE)*$T43)) -> 5101701.2 | V43: =IF($K$15="",$T43,IF($K$15>$S43,$T43,HLOOKUP($S43-$K$15,CapX!$A$18:$AP$26,$H$24,FALSE)*$T43)) -> 5101701.2 | W43: =IF($K$16="",$T43,IF($K$16>$S43,$T43,HLOOKUP($S43-$K$16,CapX!$A$18:$AP$26,$H$24,FALSE)*$T43)) -> 5101701.2 | X43: =IF($K$17="",$T43,IF($K$17>$S43,$T43,HLOOKUP($S43-$K$17,CapX!$A$18:$AP$26,$H$24,FALSE)*$T43)) -> 5101701.2 | Y43: =IF($K$18="",$T43,IF($K$18>$S43,$T43,HLOOKUP($S43-$K$18,CapX!$A$18:$AP$26,$H$24,FALSE)*$T43)) -> 5101701.2 | Z43: =IF($K$19="",$T43,IF($K$19>$S43,$T43,HLOOKUP($S43-$K$19,CapX!$A$18:$AP$26,$H$24,FALSE)*$T43)) -> 5101701.2 | AB43: 2017 | AC43: =IF($AB43>$I$14,0,IF($AB43=$I$14,U43*$H$30,IF($AB43+1=$I$14,U43*$H$29,IF($AB43+2=$I$14,U43*$H$28,IF($AB43+3=$I$14,U43*$H$27,U43))))) -> 5101701.2 | AD43: =IF($AB43>$I$15,0,IF($AB43=$I$15,U43*$H$30,IF($AB43+1=$I$15,U43*$H$29,IF($AB43+2=$I$15,U43*$H$28,IF($AB43+3=$I$15,U43*$H$27,V43))))) -> 5101701.2 | AE43: =IF($AB43>$I$16,0,IF($AB43=$I$16,U43*$H$30,IF($AB43+1=$I$16,U43*$H$29,IF($AB43+2=$I$16,U43*$H$28,IF($AB43+3=$I$16,U43*$H$27,W43))))) -> 5101701.2 | AF43: =IF($AB43>$I$17,0,IF($AB43=$I$17,U43*$H$30,IF($AB43+1=$I$17,U43*$H$29,IF($AB43+2=$I$17,U43*$H$28,IF($AB43+3=$I$17,U43*$H$27,X43))))) -> 5101701.2 | AG43: =IF($AB43>$I$18,0,IF($AB43=$I$18,U43*$H$30,IF($AB43+1=$I$18,U43*$H$29,IF($AB43+2=$I$18,U43*$H$28,IF($AB43+3=$I$18,U43*$H$27,Y43))))) -> 5101701.2 | AH43: =IF($AB43>$I$19,0,IF($AB43=$I$19,U43*$H$30,IF($AB43+1=$I$19,U43*$H$29,IF($AB43+2=$I$19,U43*$H$28,IF($AB43+3=$I$19,U43*$H$27,Z43))))) -> 5101701.2 | AJ43: 2017 | AK43: =HLOOKUP($S43,CapX!$A$11:$AP$14,3,FALSE) -> 13701557 | AL43: =IF($L$14="",$AK43,IF($L$14>$AJ43,$AK43,HLOOKUP($AJ43-$L$14,CapX!$A$18:$AP$26,$H$24,FALSE)*$AK43)) -> 13701557 | AM43: =IF($L$15="",$AK43,IF($L$15>$AJ43,$AK43,HLOOKUP($AJ43-$L$15,CapX!$A$18:$AP$26,$H$24,FALSE)*$AK43)) -> 13701557 | AN43: =IF($L$16="",$AK43,IF($L$16>$AJ43,$AK43,HLOOKUP($AJ43-$L$16,CapX!$A$18:$AP$26,$H$24,FALSE)*$AK43)) -> 13701557 | AO43: =IF($L$17="",$AK43,IF($L$17>$AJ43,$AK43,HLOOKUP($AJ43-$L$17,CapX!$A$18:$AP$26,$H$24,FALSE)*$AK43)) -> 13701557 | AP43: =IF($L$18="",$AK43,IF($L$18>$AJ43,$AK43,HLOOKUP($AJ43-$L$18,CapX!$A$18:$AP$26,$H$24,FALSE)*$AK43)) -> 13701557 | AQ43: =IF($L$19="",$AK43,IF($L$19>$AJ43,$AK43,HLOOKUP($AJ43-$L$19,CapX!$A$18:$AP$26,$H$24,FALSE)*$AK43)) -> 13701557 | AS43: 2017 | AT43: =IF($AS43>$J$14,0,IF($AS43=$J$14,AL43*$H$30,IF($AS43+1=$J$14,AL43*$H$29,IF($AS43+2=$J$14,AL43*$H$28,IF($AS43+3=$J$14,AL43*$H$27,AL43))))) -> 13701557 | AU43: =IF($AS43>$J$15,0,IF($AS43=$J$15,AM43*$H$30,IF($AS43+1=$J$15,AM43*$H$29,IF($AS43+2=$J$15,AM43*$H$28,IF($AS43+3=$J$15,AM43*$H$27,AM43))))) -> 13701557 | AV43: =IF($AS43>$J$16,0,IF($AS43=$J$16,AN43*$H$30,IF($AS43+1=$J$16,AN43*$H$29,IF($AS43+2=$J$16,AN43*$H$28,IF($AS43+3=$J$16,AN43*$H$27,AN43))))) -> 13701557 | AW43: =IF($AS43>$J$17,0,IF($AS43=$J$17,AO43*$H$30,IF($AS43+1=$J$17,AO43*$H$29,IF($AS43+2=$J$17,AO43*$H$28,IF($AS43+3=$J$17,AO43*$H$27,AO43))))) -> 13701557 | AX43: =IF($AS43>$J$18,0,IF($AS43=$J$18,AP43*$H$30,IF($AS43+1=$J$18,AP43*$H$29,IF($AS43+2=$J$18,AP43*$H$28,IF($AS43+3=$J$18,AP43*$H$27,AP43))))) -> 13701557 | AY43: =IF($AS43>$J$19,0,IF($AS43=$J$19,AQ43*$H$30,IF($AS43+1=$J$19,AQ43*$H$29,IF($AS43+2=$J$19,AQ43*$H$28,IF($AS43+3=$J$19,AQ43*$H$27,AQ43))))) -> 13701557
H44: 2018 | I44: =AC44+AT44 -> 15515714 | J44: =AD44+AU44 -> 15515714 | K44: =AE44+AV44 -> 15515714 | L44: =AF44+AW44 -> 15515714 | M44: =AG44+AX44 -> 15515714 | N44: =AH44+AY44 -> 15515714 | S44: 2018 | T44: =HLOOKUP($S44,CapX!$A$11:$AP$14,2,FALSE) -> 9138973.4 | U44: =IF($K$14="",$T44,IF($K$14>$S44,$T44,HLOOKUP($S44-$K$14,CapX!$A$18:$AP$26,$H$24,FALSE)*$T44)) -> 9138973.4 | V44: =IF($K$15="",$T44,IF($K$15>$S44,$T44,HLOOKUP($S44-$K$15,CapX!$A$18:$AP$26,$H$24,FALSE)*$T44)) -> 9138973.4 | W44: =IF($K$16="",$T44,IF($K$16>$S44,$T44,HLOOKUP($S44-$K$16,CapX!$A$18:$AP$26,$H$24,FALSE)*$T44)) -> 9138973.4 | X44: =IF($K$17="",$T44,IF($K$17>$S44,$T44,HLOOKUP($S44-$K$17,CapX!$A$18:$AP$26,$H$24,FALSE)*$T44)) -> 9138973.4 | Y44: =IF($K$18="",$T44,IF($K$18>$S44,$T44,HLOOKUP($S44-$K$18,CapX!$A$18:$AP$26,$H$24,FALSE)*$T44)) -> 9138973.4 | Z44: =IF($K$19="",$T44,IF($K$19>$S44,$T44,HLOOKUP($S44-$K$19,CapX!$A$18:$AP$26,$H$24,FALSE)*$T44)) -> 9138973.4 | AB44: 2018 | AC44: =IF($AB44>$I$14,0,IF($AB44=$I$14,U44*$H$30,IF($AB44+1=$I$14,U44*$H$29,IF($AB44+2=$I$14,U44*$H$28,IF($AB44+3=$I$14,U44*$H$27,U44))))) -> 9138973.4 | AD44: =IF($AB44>$I$15,0,IF($AB44=$I$15,U44*$H$30,IF($AB44+1=$I$15,U44*$H$29,IF($AB44+2=$I$15,U44*$H$28,IF($AB44+3=$I$15,U44*$H$27,V44))))) -> 9138973.4 | AE44: =IF($AB44>$I$16,0,IF($AB44=$I$16,U44*$H$30,IF($AB44+1=$I$16,U44*$H$29,IF($AB44+2=$I$16,U44*$H$28,IF($AB44+3=$I$16,U44*$H$27,W44))))) -> 9138973.4 | AF44: =IF($AB44>$I$17,0,IF($AB44=$I$17,U44*$H$30,IF($AB44+1=$I$17,U44*$H$29,IF($AB44+2=$I$17,U44*$H$28,IF($AB44+3=$I$17,U44*$H$27,X44))))) -> 9138973.4 | AG44: =IF($AB44>$I$18,0,IF($AB44=$I$18,U44*$H$30,IF($AB44+1=$I$18,U44*$H$29,IF($AB44+2=$I$18,U44*$H$28,IF($AB44+3=$I$18,U44*$H$27,Y44))))) -> 9138973.4 | AH44: =IF($AB44>$I$19,0,IF($AB44=$I$19,U44*$H$30,IF($AB44+1=$I$19,U44*$H$29,IF($AB44+2=$I$19,U44*$H$28,IF($AB44+3=$I$19,U44*$H$27,Z44))))) -> 9138973.4 | AJ44: 2018 | AK44: =HLOOKUP($S44,CapX!$A$11:$AP$14,3,FALSE) -> 6376740.2 | AL44: =IF($L$14="",$AK44,IF($L$14>$AJ44,$AK44,HLOOKUP($AJ44-$L$14,CapX!$A$18:$AP$26,$H$24,FALSE)*$AK44)) -> 6376740.2 | AM44: =IF($L$15="",$AK44,IF($L$15>$AJ44,$AK44,HLOOKUP($AJ44-$L$15,CapX!$A$18:$AP$26,$H$24,FALSE)*$AK44)) -> 6376740.2 | AN44: =IF($L$16="",$AK44,IF($L$16>$AJ44,$AK44,HLOOKUP($AJ44-$L$16,CapX!$A$18:$AP$26,$H$24,FALSE)*$AK44)) -> 6376740.2 | AO44: =IF($L$17="",$AK44,IF($L$17>$AJ44,$AK44,HLOOKUP($AJ44-$L$17,CapX!$A$18:$AP$26,$H$24,FALSE)*$AK44)) -> 6376740.2 | AP44: =IF($L$18="",$AK44,IF($L$18>$AJ44,$AK44,HLOOKUP($AJ44-$L$18,CapX!$A$18:$AP$26,$H$24,FALSE)*$AK44)) -> 6376740.2 | AQ44: =IF($L$19="",$AK44,IF($L$19>$AJ44,$AK44,HLOOKUP($AJ44-$L$19,CapX!$A$18:$AP$26,$H$24,FALSE)*$AK44)) -> 6376740.2 | AS44: 2018 | AT44: =IF($AS44>$J$14,0,IF($AS44=$J$14,AL44*$H$30,IF($AS44+1=$J$14,AL44*$H$29,IF($AS44+2=$J$14,AL44*$H$28,IF($AS44+3=$J$14,AL44*$H$27,AL44))))) -> 6376740.2 | AU44: =IF($AS44>$J$15,0,IF($AS44=$J$15,AM44*$H$30,IF($AS44+1=$J$15,AM44*$H$29,IF($AS44+2=$J$15,AM44*$H$28,IF($AS44+3=$J$15,AM44*$H$27,AM44))))) -> 6376740.2 | AV44: =IF($AS44>$J$16,0,IF($AS44=$J$16,AN44*$H$30,IF($AS44+1=$J$16,AN44*$H$29,IF($AS44+2=$J$16,AN44*$H$28,IF($AS44+3=$J$16,AN44*$H$27,AN44))))) -> 6376740.2 | AW44: =IF($AS44>$J$17,0,IF($AS44=$J$17,AO44*$H$30,IF($AS44+1=$J$17,AO44*$H$29,IF($AS44+2=$J$17,AO44*$H$28,IF($AS44+3=$J$17,AO44*$H$27,AO44))))) -> 6376740.2 | AX44: =IF($AS44>$J$18,0,IF($AS44=$J$18,AP44*$H$30,IF($AS44+1=$J$18,AP44*$H$29,IF($AS44+2=$J$18,AP44*$H$28,IF($AS44+3=$J$18,AP44*$H$27,AP44))))) -> 6376740.2 | AY44: =IF($AS44>$J$19,0,IF($AS44=$J$19,AQ44*$H$30,IF($AS44+1=$J$19,AQ44*$H$29,IF($AS44+2=$J$19,AQ44*$H$28,IF($AS44+3=$J$19,AQ44*$H$27,AQ44))))) -> 6376740.2
H45: 2019 | I45: =AC45+AT45 -> 10355907 | J45: =AD45+AU45 -> 10355907 | K45: =AE45+AV45 -> 10355907 | L45: =AF45+AW45 -> 10355907 | M45: =AG45+AX45 -> 10355907 | N45: =AH45+AY45 -> 10355907 | S45: 2019 | T45: =HLOOKUP($S45,CapX!$A$11:$AP$14,2,FALSE) -> 3802341.2 | U45: =IF($K$14="",$T45,IF($K$14>$S45,$T45,HLOOKUP($S45-$K$14,CapX!$A$18:$AP$26,$H$24,FALSE)*$T45)) -> 3802341.2 | V45: =IF($K$15="",$T45,IF($K$15>$S45,$T45,HLOOKUP($S45-$K$15,CapX!$A$18:$AP$26,$H$24,FALSE)*$T45)) -> 3802341.2 | W45: =IF($K$16="",$T45,IF($K$16>$S45,$T45,HLOOKUP($S45-$K$16,CapX!$A$18:$AP$26,$H$24,FALSE)*$T45)) -> 3802341.2 | X45: =IF($K$17="",$T45,IF($K$17>$S45,$T45,HLOOKUP($S45-$K$17,CapX!$A$18:$AP$26,$H$24,FALSE)*$T45)) -> 3802341.2 | Y45: =IF($K$18="",$T45,IF($K$18>$S45,$T45,HLOOKUP($S45-$K$18,CapX!$A$18:$AP$26,$H$24,FALSE)*$T45)) -> 3802341.2 | Z45: =IF($K$19="",$T45,IF($K$19>$S45,$T45,HLOOKUP($S45-$K$19,CapX!$A$18:$AP$26,$H$24,FALSE)*$T45)) -> 3802341.2 | AB45: 2019 | AC45: =IF($AB45>$I$14,0,IF($AB45=$I$14,U45*$H$30,IF($AB45+1=$I$14,U45*$H$29,IF($AB45+2=$I$14,U45*$H$28,IF($AB45+3=$I$14,U45*$H$27,U45))))) -> 3802341.2 | AD45: =IF($AB45>$I$15,0,IF($AB45=$I$15,U45*$H$30,IF($AB45+1=$I$15,U45*$H$29,IF($AB45+2=$I$15,U45*$H$28,IF($AB45+3=$I$15,U45*$H$27,V45))))) -> 3802341.2 | AE45: =IF($AB45>$I$16,0,IF($AB45=$I$16,U45*$H$30,IF($AB45+1=$I$16,U45*$H$29,IF($AB45+2=$I$16,U45*$H$28,IF($AB45+3=$I$16,U45*$H$27,W45))))) -> 3802341.2 | AF45: =IF($AB45>$I$17,0,IF($AB45=$I$17,U45*$H$30,IF($AB45+1=$I$17,U45*$H$29,IF($AB45+2=$I$17,U45*$H$28,IF($AB45+3=$I$17,U45*$H$27,X45))))) -> 3802341.2 | AG45: =IF($AB45>$I$18,0,IF($AB45=$I$18,U45*$H$30,IF($AB45+1=$I$18,U45*$H$29,IF($AB45+2=$I$18,U45*$H$28,IF($AB45+3=$I$18,U45*$H$27,Y45))))) -> 3802341.2 | AH45: =IF($AB45>$I$19,0,IF($AB45=$I$19,U45*$H$30,IF($AB45+1=$I$19,U45*$H$29,IF($AB45+2=$I$19,U45*$H$28,IF($AB45+3=$I$19,U45*$H$27,Z45))))) -> 3802341.2 | AJ45: 2019 | AK45: =HLOOKUP($S45,CapX!$A$11:$AP$14,3,FALSE) -> 6553566 | AL45: =IF($L$14="",$AK45,IF($L$14>$AJ45,$AK45,HLOOKUP($AJ45-$L$14,CapX!$A$18:$AP$26,$H$24,FALSE)*$AK45)) -> 6553566 | AM45: =IF($L$15="",$AK45,IF($L$15>$AJ45,$AK45,HLOOKUP($AJ45-$L$15,CapX!$A$18:$AP$26,$H$24,FALSE)*$AK45)) -> 6553566 | AN45: =IF($L$16="",$AK45,IF($L$16>$AJ45,$AK45,HLOOKUP($AJ45-$L$16,CapX!$A$18:$AP$26,$H$24,FALSE)*$AK45)) -> 6553566 | AO45: =IF($L$17="",$AK45,IF($L$17>$AJ45,$AK45,HLOOKUP($AJ45-$L$17,CapX!$A$18:$AP$26,$H$24,FALSE)*$AK45)) -> 6553566 | AP45: =IF($L$18="",$AK45,IF($L$18>$AJ45,$AK45,HLOOKUP($AJ45-$L$18,CapX!$A$18:$AP$26,$H$24,FALSE)*$AK45)) -> 6553566 | AQ45: =IF($L$19="",$AK45,IF($L$19>$AJ45,$AK45,HLOOKUP($AJ45-$L$19,CapX!$A$18:$AP$26,$H$24,FALSE)*$AK45)) -> 6553566 | AS45: 2019 | AT45: =IF($AS45>$J$14,0,IF($AS45=$J$14,AL45*$H$30,IF($AS45+1=$J$14,AL45*$H$29,IF($AS45+2=$J$14,AL45*$H$28,IF($AS45+3=$J$14,AL45*$H$27,AL45))))) -> 6553566 | AU45: =IF($AS45>$J$15,0,IF($AS45=$J$15,AM45*$H$30,IF($AS45+1=$J$15,AM45*$H$29,IF($AS45+2=$J$15,AM45*$H$28,IF($AS45+3=$J$15,AM45*$H$27,AM45))))) -> 6553566 | AV45: =IF($AS45>$J$16,0,IF($AS45=$J$16,AN45*$H$30,IF($AS45+1=$J$16,AN45*$H$29,IF($AS45+2=$J$16,AN45*$H$28,IF($AS45+3=$J$16,AN45*$H$27,AN45))))) -> 6553566 | AW45: =IF($AS45>$J$17,0,IF($AS45=$J$17,AO45*$H$30,IF($AS45+1=$J$17,AO45*$H$29,IF($AS45+2=$J$17,AO45*$H$28,IF($AS45+3=$J$17,AO45*$H$27,AO45))))) -> 6553566 | AX45: =IF($AS45>$J$18,0,IF($AS45=$J$18,AP45*$H$30,IF($AS45+1=$J$18,AP45*$H$29,IF($AS45+2=$J$18,AP45*$H$28,IF($AS45+3=$J$18,AP45*$H$27,AP45))))) -> 6553566 | AY45: =IF($AS45>$J$19,0,IF($AS45=$J$19,AQ45*$H$30,IF($AS45+1=$J$19,AQ45*$H$29,IF($AS45+2=$J$19,AQ45*$H$28,IF($AS45+3=$J$19,AQ45*$H$27,AQ45))))) -> 6553566
H46: 2020 | I46: =AC46+AT46 -> 12100046 | J46: =AD46+AU46 -> 16689718 | K46: =AE46+AV46 -> 16689718 | L46: =AF46+AW46 -> 16689718 | M46: =AG46+AX46 -> 16689718 | N46: =AH46+AY46 -> 16689718 | S46: 2020 | T46: =HLOOKUP($S46,CapX!$A$11:$AP$14,2,FALSE) -> 6163918.9 | U46: =IF($K$14="",$T46,IF($K$14>$S46,$T46,HLOOKUP($S46-$K$14,CapX!$A$18:$AP$26,$H$24,FALSE)*$T46)) -> 6163918.9 | V46: =IF($K$15="",$T46,IF($K$15>$S46,$T46,HLOOKUP($S46-$K$15,CapX!$A$18:$AP$26,$H$24,FALSE)*$T46)) -> 6163918.9 | W46: =IF($K$16="",$T46,IF($K$16>$S46,$T46,HLOOKUP($S46-$K$16,CapX!$A$18:$AP$26,$H$24,FALSE)*$T46)) -> 6163918.9 | X46: =IF($K$17="",$T46,IF($K$17>$S46,$T46,HLOOKUP($S46-$K$17,CapX!$A$18:$AP$26,$H$24,FALSE)*$T46)) -> 6163918.9 | Y46: =IF($K$18="",$T46,IF($K$18>$S46,$T46,HLOOKUP($S46-$K$18,CapX!$A$18:$AP$26,$H$24,FALSE)*$T46)) -> 6163918.9 | Z46: =IF($K$19="",$T46,IF($K$19>$S46,$T46,HLOOKUP($S46-$K$19,CapX!$A$18:$AP$26,$H$24,FALSE)*$T46)) -> 6163918.9 | AB46: 2020 | AC46: =IF($AB46>$I$14,0,IF($AB46=$I$14,U46*$H$30,IF($AB46+1=$I$14,U46*$H$29,IF($AB46+2=$I$14,U46*$H$28,IF($AB46+3=$I$14,U46*$H$27,U46))))) -> 4468841.2 | AD46: =IF($AB46>$I$15,0,IF($AB46=$I$15,U46*$H$30,IF($AB46+1=$I$15,U46*$H$29,IF($AB46+2=$I$15,U46*$H$28,IF($AB46+3=$I$15,U46*$H$27,V46))))) -> 6163918.9 | AE46: =IF($AB46>$I$16,0,IF($AB46=$I$16,U46*$H$30,IF($AB46+1=$I$16,U46*$H$29,IF($AB46+2=$I$16,U46*$H$28,IF($AB46+3=$I$16,U46*$H$27,W46))))) -> 6163918.9 | AF46: =IF($AB46>$I$17,0,IF($AB46=$I$17,U46*$H$30,IF($AB46+1=$I$17,U46*$H$29,IF($AB46+2=$I$17,U46*$H$28,IF($AB46+3=$I$17,U46*$H$27,X46))))) -> 6163918.9 | AG46: =IF($AB46>$I$18,0,IF($AB46=$I$18,U46*$H$30,IF($AB46+1=$I$18,U46*$H$29,IF($AB46+2=$I$18,U46*$H$28,IF($AB46+3=$I$18,U46*$H$27,Y46))))) -> 6163918.9 | AH46: =IF($AB46>$I$19,0,IF($AB46=$I$19,U46*$H$30,IF($AB46+1=$I$19,U46*$H$29,IF($AB46+2=$I$19,U46*$H$28,IF($AB46+3=$I$19,U46*$H$27,Z46))))) -> 6163918.9 | AJ46: 2020 | AK46: =HLOOKUP($S46,CapX!$A$11:$AP$14,3,FALSE) -> 10525799 | AL46: =IF($L$14="",$AK46,IF($L$14>$AJ46,$AK46,HLOOKUP($AJ46-$L$14,CapX!$A$18:$AP$26,$H$24,FALSE)*$AK46)) -> 10525799 | AM46: =IF($L$15="",$AK46,IF($L$15>$AJ46,$AK46,HLOOKUP($AJ46-$L$15,CapX!$A$18:$AP$26,$H$24,FALSE)*$AK46)) -> 10525799 | AN46: =IF($L$16="",$AK46,IF($L$16>$AJ46,$AK46,HLOOKUP($AJ46-$L$16,CapX!$A$18:$AP$26,$H$24,FALSE)*$AK46)) -> 10525799 | AO46: =IF($L$17="",$AK46,IF($L$17>$AJ46,$AK46,HLOOKUP($AJ46-$L$17,CapX!$A$18:$AP$26,$H$24,FALSE)*$AK46)) -> 10525799 | AP46: =IF($L$18="",$AK46,IF($L$18>$AJ46,$AK46,HLOOKUP($AJ46-$L$18,CapX!$A$18:$AP$26,$H$24,FALSE)*$AK46)) -> 10525799 | AQ46: =IF($L$19="",$AK46,IF($L$19>$AJ46,$AK46,HLOOKUP($AJ46-$L$19,CapX!$A$18:$AP$26,$H$24,FALSE)*$AK46)) -> 10525799 | AS46: 2020 | AT46: =IF($AS46>$J$14,0,IF($AS46=$J$14,AL46*$H$30,IF($AS46+1=$J$14,AL46*$H$29,IF($AS46+2=$J$14,AL46*$H$28,IF($AS46+3=$J$14,AL46*$H$27,AL46))))) -> 7631204.6 | AU46: =IF($AS46>$J$15,0,IF($AS46=$J$15,AM46*$H$30,IF($AS46+1=$J$15,AM46*$H$29,IF($AS46+2=$J$15,AM46*$H$28,IF($AS46+3=$J$15,AM46*$H$27,AM46))))) -> 10525799 | AV46: =IF($AS46>$J$16,0,IF($AS46=$J$16,AN46*$H$30,IF($AS46+1=$J$16,AN46*$H$29,IF($AS46+2=$J$16,AN46*$H$28,IF($AS46+3=$J$16,AN46*$H$27,AN46))))) -> 10525799 | AW46: =IF($AS46>$J$17,0,IF($AS46=$J$17,AO46*$H$30,IF($AS46+1=$J$17,AO46*$H$29,IF($AS46+2=$J$17,AO46*$H$28,IF($AS46+3=$J$17,AO46*$H$27,AO46))))) -> 10525799 | AX46: =IF($AS46>$J$18,0,IF($AS46=$J$18,AP46*$H$30,IF($AS46+1=$J$18,AP46*$H$29,IF($AS46+2=$J$18,AP46*$H$28,IF($AS46+3=$J$18,AP46*$H$27,AP46))))) -> 10525799 | AY46: =IF($AS46>$J$19,0,IF($AS46=$J$19,AQ46*$H$30,IF($AS46+1=$J$19,AQ46*$H$29,IF($AS46+2=$J$19,AQ46*$H$28,IF($AS46+3=$J$19,AQ46*$H$27,AQ46))))) -> 10525799
H47: 2021 | I47: =AC47+AT47 -> 7175311.4 | J47: =AD47+AU47 -> 10703911 | K47: =AE47+AV47 -> 14764015 | L47: =AF47+AW47 -> 14764015 | M47: =AG47+AX47 -> 14764015 | N47: =AH47+AY47 -> 14764015 | S47: 2021 | T47: =HLOOKUP($S47,CapX!$A$11:$AP$14,2,FALSE) -> 10631803 | U47: =IF($K$14="",$T47,IF($K$14>$S47,$T47,HLOOKUP($S47-$K$14,CapX!$A$18:$AP$26,$H$24,FALSE)*$T47)) -> 10631803 | V47: =IF($K$15="",$T47,IF($K$15>$S47,$T47,HLOOKUP($S47-$K$15,CapX!$A$18:$AP$26,$H$24,FALSE)*$T47)) -> 10631803 | W47: =IF($K$16="",$T47,IF($K$16>$S47,$T47,HLOOKUP($S47-$K$16,CapX!$A$18:$AP$26,$H$24,FALSE)*$T47)) -> 10631803 | X47: =IF($K$17="",$T47,IF($K$17>$S47,$T47,HLOOKUP($S47-$K$17,CapX!$A$18:$AP$26,$H$24,FALSE)*$T47)) -> 10631803 | Y47: =IF($K$18="",$T47,IF($K$18>$S47,$T47,HLOOKUP($S47-$K$18,CapX!$A$18:$AP$26,$H$24,FALSE)*$T47)) -> 10631803 | Z47: =IF($K$19="",$T47,IF($K$19>$S47,$T47,HLOOKUP($S47-$K$19,CapX!$A$18:$AP$26,$H$24,FALSE)*$T47)) -> 10631803 | AB47: 2021 | AC47: =IF($AB47>$I$14,0,IF($AB47=$I$14,U47*$H$30,IF($AB47+1=$I$14,U47*$H$29,IF($AB47+2=$I$14,U47*$H$28,IF($AB47+3=$I$14,U47*$H$27,U47))))) -> 5167056.4 | AD47: =IF($AB47>$I$15,0,IF($AB47=$I$15,U47*$H$30,IF($AB47+1=$I$15,U47*$H$29,IF($AB47+2=$I$15,U47*$H$28,IF($AB47+3=$I$15,U47*$H$27,V47))))) -> 7708057.3 | AE47: =IF($AB47>$I$16,0,IF($AB47=$I$16,U47*$H$30,IF($AB47+1=$I$16,U47*$H$29,IF($AB47+2=$I$16,U47*$H$28,IF($AB47+3=$I$16,U47*$H$27,W47))))) -> 10631803 | AF47: =IF($AB47>$I$17,0,IF($AB47=$I$17,U47*$H$30,IF($AB47+1=$I$17,U47*$H$29,IF($AB47+2=$I$17,U47*$H$28,IF($AB47+3=$I$17,U47*$H$27,X47))))) -> 10631803 | AG47: =IF($AB47>$I$18,0,IF($AB47=$I$18,U47*$H$30,IF($AB47+1=$I$18,U47*$H$29,IF($AB47+2=$I$18,U47*$H$28,IF($AB47+3=$I$18,U47*$H$27,Y47))))) -> 10631803 | AH47: =IF($AB47>$I$19,0,IF($AB47=$I$19,U47*$H$30,IF($AB47+1=$I$19,U47*$H$29,IF($AB47+2=$I$19,U47*$H$28,IF($AB47+3=$I$19,U47*$H$27,Z47))))) -> 10631803 | AJ47: 2021 | AK47: =HLOOKUP($S47,CapX!$A$11:$AP$14,3,FALSE) -> 4132212.1 | AL47: =IF($L$14="",$AK47,IF($L$14>$AJ47,$AK47,HLOOKUP($AJ47-$L$14,CapX!$A$18:$AP$26,$H$24,FALSE)*$AK47)) -> 4132212.1 | AM47: =IF($L$15="",$AK47,IF($L$15>$AJ47,$AK47,HLOOKUP($AJ47-$L$15,CapX!$A$18:$AP$26,$H$24,FALSE)*$AK47)) -> 4132212.1 | AN47: =IF($L$16="",$AK47,IF($L$16>$AJ47,$AK47,HLOOKUP($AJ47-$L$16,CapX!$A$18:$AP$26,$H$24,FALSE)*$AK47)) -> 4132212.1 | AO47: =IF($L$17="",$AK47,IF($L$17>$AJ47,$AK47,HLOOKUP($AJ47-$L$17,CapX!$A$18:$AP$26,$H$24,FALSE)*$AK47)) -> 4132212.1 | AP47: =IF($L$18="",$AK47,IF($L$18>$AJ47,$AK47,HLOOKUP($AJ47-$L$18,CapX!$A$18:$AP$26,$H$24,FALSE)*$AK47)) -> 4132212.1 | AQ47: =IF($L$19="",$AK47,IF($L$19>$AJ47,$AK47,HLOOKUP($AJ47-$L$19,CapX!$A$18:$AP$26,$H$24,FALSE)*$AK47)) -> 4132212.1 | AS47: 2021 | AT47: =IF($AS47>$J$14,0,IF($AS47=$J$14,AL47*$H$30,IF($AS47+1=$J$14,AL47*$H$29,IF($AS47+2=$J$14,AL47*$H$28,IF($AS47+3=$J$14,AL47*$H$27,AL47))))) -> 2008255.1 | AU47: =IF($AS47>$J$15,0,IF($AS47=$J$15,AM47*$H$30,IF($AS47+1=$J$15,AM47*$H$29,IF($AS47+2=$J$15,AM47*$H$28,IF($AS47+3=$J$15,AM47*$H$27,AM47))))) -> 2995853.8 | AV47: =IF($AS47>$J$16,0,IF($AS47=$J$16,AN47*$H$30,IF($AS47+1=$J$16,AN47*$H$29,IF($AS47+2=$J$16,AN47*$H$28,IF($AS47+3=$J$16,AN47*$H$27,AN47))))) -> 4132212.1 | AW47: =IF($AS47>$J$17,0,IF($AS47=$J$17,AO47*$H$30,IF($AS47+1=$J$17,AO47*$H$29,IF($AS47+2=$J$17,AO47*$H$28,IF($AS47+3=$J$17,AO47*$H$27,AO47))))) -> 4132212.1 | AX47: =IF($AS47>$J$18,0,IF($AS47=$J$18,AP47*$H$30,IF($AS47+1=$J$18,AP47*$H$29,IF($AS47+2=$J$18,AP47*$H$28,IF($AS47+3=$J$18,AP47*$H$27,AP47))))) -> 4132212.1 | AY47: =IF($AS47>$J$19,0,IF($AS47=$J$19,AQ47*$H$30,IF($AS47+1=$J$19,AQ47*$H$29,IF($AS47+2=$J$19,AQ47*$H$28,IF($AS47+3=$J$19,AQ47*$H$27,AQ47))))) -> 4132212.1
H48: 2022 | I48: =AC48+AT48 -> 2305697.2 | J48: =AD48+AU48 -> 5236302.9 | K48: =AE48+AV48 -> 7811357.2 | L48: =AF48+AW48 -> 10774286 | M48: =AG48+AX48 -> 10774286 | N48: =AH48+AY48 -> 10774286 | S48: 2022 | T48: =HLOOKUP($S48,CapX!$A$11:$AP$14,2,FALSE) -> 3955955.8 | U48: =IF($K$14="",$T48,IF($K$14>$S48,$T48,HLOOKUP($S48-$K$14,CapX!$A$18:$AP$26,$H$24,FALSE)*$T48)) -> 3955955.8 | V48: =IF($K$15="",$T48,IF($K$15>$S48,$T48,HLOOKUP($S48-$K$15,CapX!$A$18:$AP$26,$H$24,FALSE)*$T48)) -> 3955955.8 | W48: =IF($K$16="",$T48,IF($K$16>$S48,$T48,HLOOKUP($S48-$K$16,CapX!$A$18:$AP$26,$H$24,FALSE)*$T48)) -> 3955955.8 | X48: =IF($K$17="",$T48,IF($K$17>$S48,$T48,HLOOKUP($S48-$K$17,CapX!$A$18:$AP$26,$H$24,FALSE)*$T48)) -> 3955955.8 | Y48: =IF($K$18="",$T48,IF($K$18>$S48,$T48,HLOOKUP($S48-$K$18,CapX!$A$18:$AP$26,$H$24,FALSE)*$T48)) -> 3955955.8 | Z48: =IF($K$19="",$T48,IF($K$19>$S48,$T48,HLOOKUP($S48-$K$19,CapX!$A$18:$AP$26,$H$24,FALSE)*$T48)) -> 3955955.8 | AB48: 2022 | AC48: =IF($AB48>$I$14,0,IF($AB48=$I$14,U48*$H$30,IF($AB48+1=$I$14,U48*$H$29,IF($AB48+2=$I$14,U48*$H$28,IF($AB48+3=$I$14,U48*$H$27,U48))))) -> 846574.53 | AD48: =IF($AB48>$I$15,0,IF($AB48=$I$15,U48*$H$30,IF($AB48+1=$I$15,U48*$H$29,IF($AB48+2=$I$15,U48*$H$28,IF($AB48+3=$I$15,U48*$H$27,V48))))) -> 1922594.5 | AE48: =IF($AB48>$I$16,0,IF($AB48=$I$16,U48*$H$30,IF($AB48+1=$I$16,U48*$H$29,IF($AB48+2=$I$16,U48*$H$28,IF($AB48+3=$I$16,U48*$H$27,W48))))) -> 2868067.9 | AF48: =IF($AB48>$I$17,0,IF($AB48=$I$17,U48*$H$30,IF($AB48+1=$I$17,U48*$H$29,IF($AB48+2=$I$17,U48*$H$28,IF($AB48+3=$I$17,U48*$H$27,X48))))) -> 3955955.8 | AG48: =IF($AB48>$I$18,0,IF($AB48=$I$18,U48*$H$30,IF($AB48+1=$I$18,U48*$H$29,IF($AB48+2=$I$18,U48*$H$28,IF($AB48+3=$I$18,U48*$H$27,Y48))))) -> 3955955.8 | AH48: =IF($AB48>$I$19,0,IF($AB48=$I$19,U48*$H$30,IF($AB48+1=$I$19,U48*$H$29,IF($AB48+2=$I$19,U48*$H$28,IF($AB48+3=$I$19,U48*$H$27,Z48))))) -> 3955955.8 | AJ48: 2022 | AK48: =HLOOKUP($S48,CapX!$A$11:$AP$14,3,FALSE) -> 6818330 | AL48: =IF($L$14="",$AK48,IF($L$14>$AJ48,$AK48,HLOOKUP($AJ48-$L$14,CapX!$A$18:$AP$26,$H$24,FALSE)*$AK48)) -> 6818330 | AM48: =IF($L$15="",$AK48,IF($L$15>$AJ48,$AK48,HLOOKUP($AJ48-$L$15,CapX!$A$18:$AP$26,$H$24,FALSE)*$AK48)) -> 6818330 | AN48: =IF($L$16="",$AK48,IF($L$16>$AJ48,$AK48,HLOOKUP($AJ48-$L$16,CapX!$A$18:$AP$26,$H$24,FALSE)*$AK48)) -> 6818330 | AO48: =IF($L$17="",$AK48,IF($L$17>$AJ48,$AK48,HLOOKUP($AJ48-$L$17,CapX!$A$18:$AP$26,$H$24,FALSE)*$AK48)) -> 6818330 | AP48: =IF($L$18="",$AK48,IF($L$18>$AJ48,$AK48,HLOOKUP($AJ48-$L$18,CapX!$A$18:$AP$26,$H$24,FALSE)*$AK48)) -> 6818330 | AQ48: =IF($L$19="",$AK48,IF($L$19>$AJ48,$AK48,HLOOKUP($AJ48-$L$19,CapX!$A$18:$AP$26,$H$24,FALSE)*$AK48)) -> 6818330 | AS48: 2022 | AT48: =IF($AS48>$J$14,0,IF($AS48=$J$14,AL48*$H$30,IF($AS48+1=$J$14,AL48*$H$29,IF($AS48+2=$J$14,AL48*$H$28,IF($AS48+3=$J$14,AL48*$H$27,AL48))))) -> 1459122.6 | AU48: =IF($AS48>$J$15,0,IF($AS48=$J$15,AM48*$H$30,IF($AS48+1=$J$15,AM48*$H$29,IF($AS48+2=$J$15,AM48*$H$28,IF($AS48+3=$J$15,AM48*$H$27,AM48))))) -> 3313708.4 | AV48: =IF($AS48>$J$16,0,IF($AS48=$J$16,AN48*$H$30,IF($AS48+1=$J$16,AN48*$H$29,IF($AS48+2=$J$16,AN48*$H$28,IF($AS48+3=$J$16,AN48*$H$27,AN48))))) -> 4943289.3 | AW48: =IF($AS48>$J$17,0,IF($AS48=$J$17,AO48*$H$30,IF($AS48+1=$J$17,AO48*$H$29,IF($AS48+2=$J$17,AO48*$H$28,IF($AS48+3=$J$17,AO48*$H$27,AO48))))) -> 6818330 | AX48: =IF($AS48>$J$18,0,IF($AS48=$J$18,AP48*$H$30,IF($AS48+1=$J$18,AP48*$H$29,IF($AS48+2=$J$18,AP48*$H$28,IF($AS48+3=$J$18,AP48*$H$27,AP48))))) -> 6818330 | AY48: =IF($AS48>$J$19,0,IF($AS48=$J$19,AQ48*$H$30,IF($AS48+1=$J$19,AQ48*$H$29,IF($AS48+2=$J$19,AQ48*$H$28,IF($AS48+3=$J$19,AQ48*$H$27,AQ48))))) -> 6818330
H49: 2023 | I49: =AC49+AT49 -> 689350.13 | J49: =AD49+AU49 -> 3715892.4 | K49: =AE49+AV49 -> 8438895.8 | L49: =AF49+AW49 -> 17363983 | M49: =AG49+AX49 -> 17363983 | N49: =AH49+AY49 -> 17363983 | S49: 2023 | T49: =HLOOKUP($S49,CapX!$A$11:$AP$14,2,FALSE) -> 6412941.3 | U49: =IF($K$14="",$T49,IF($K$14>$S49,$T49,HLOOKUP($S49-$K$14,CapX!$A$18:$AP$26,$H$24,FALSE)*$T49)) -> 6412941.3 | V49: =IF($K$15="",$T49,IF($K$15>$S49,$T49,HLOOKUP($S49-$K$15,CapX!$A$18:$AP$26,$H$24,FALSE)*$T49)) -> 6412941.3 | W49: =IF($K$16="",$T49,IF($K$16>$S49,$T49,HLOOKUP($S49-$K$16,CapX!$A$18:$AP$26,$H$24,FALSE)*$T49)) -> 6412941.3 | X49: =IF($K$17="",$T49,IF($K$17>$S49,$T49,HLOOKUP($S49-$K$17,CapX!$A$18:$AP$26,$H$24,FALSE)*$T49)) -> 6412941.3 | Y49: =IF($K$18="",$T49,IF($K$18>$S49,$T49,HLOOKUP($S49-$K$18,CapX!$A$18:$AP$26,$H$24,FALSE)*$T49)) -> 6412941.3 | Z49: =IF($K$19="",$T49,IF($K$19>$S49,$T49,HLOOKUP($S49-$K$19,CapX!$A$18:$AP$26,$H$24,FALSE)*$T49)) -> 6412941.3 | AB49: 2023 | AC49: =IF($AB49>$I$14,0,IF($AB49=$I$14,U49*$H$30,IF($AB49+1=$I$14,U49*$H$29,IF($AB49+2=$I$14,U49*$H$28,IF($AB49+3=$I$14,U49*$H$27,U49))))) -> 254593.77 | AD49: =IF($AB49>$I$15,0,IF($AB49=$I$15,U49*$H$30,IF($AB49+1=$I$15,U49*$H$29,IF($AB49+2=$I$15,U49*$H$28,IF($AB49+3=$I$15,U49*$H$27,V49))))) -> 1372369.4 | AE49: =IF($AB49>$I$16,0,IF($AB49=$I$16,U49*$H$30,IF($AB49+1=$I$16,U49*$H$29,IF($AB49+2=$I$16,U49*$H$28,IF($AB49+3=$I$16,U49*$H$27,W49))))) -> 3116689.5 | AF49: =IF($AB49>$I$17,0,IF($AB49=$I$17,U49*$H$30,IF($AB49+1=$I$17,U49*$H$29,IF($AB49+2=$I$17,U49*$H$28,IF($AB49+3=$I$17,U49*$H$27,X49))))) -> 6412941.3 | AG49: =IF($AB49>$I$18,0,IF($AB49=$I$18,U49*$H$30,IF($AB49+1=$I$18,U49*$H$29,IF($AB49+2=$I$18,U49*$H$28,IF($AB49+3=$I$18,U49*$H$27,Y49))))) -> 6412941.3 | AH49: =IF($AB49>$I$19,0,IF($AB49=$I$19,U49*$H$30,IF($AB49+1=$I$19,U49*$H$29,IF($AB49+2=$I$19,U49*$H$28,IF($AB49+3=$I$19,U49*$H$27,Z49))))) -> 6412941.3 | AJ49: 2023 | AK49: =HLOOKUP($S49,CapX!$A$11:$AP$14,3,FALSE) -> 10951042 | AL49: =IF($L$14="",$AK49,IF($L$14>$AJ49,$AK49,HLOOKUP($AJ49-$L$14,CapX!$A$18:$AP$26,$H$24,FALSE)*$AK49)) -> 10951042 | AM49: =IF($L$15="",$AK49,IF($L$15>$AJ49,$AK49,HLOOKUP($AJ49-$L$15,CapX!$A$18:$AP$26,$H$24,FALSE)*$AK49)) -> 10951042 | AN49: =IF($L$16="",$AK49,IF($L$16>$AJ49,$AK49,HLOOKUP($AJ49-$L$16,CapX!$A$18:$AP$26,$H$24,FALSE)*$AK49)) -> 10951042 | AO49: =IF($L$17="",$AK49,IF($L$17>$AJ49,$AK49,HLOOKUP($AJ49-$L$17,CapX!$A$18:$AP$26,$H$24,FALSE)*$AK49)) -> 10951042 | AP49: =IF($L$18="",$AK49,IF($L$18>$AJ49,$AK49,HLOOKUP($AJ49-$L$18,CapX!$A$18:$AP$26,$H$24,FALSE)*$AK49)) -> 10951042 | AQ49: =IF($L$19="",$AK49,IF($L$19>$AJ49,$AK49,HLOOKUP($AJ49-$L$19,CapX!$A$18:$AP$26,$H$24,FALSE)*$AK49)) -> 10951042 | AS49: 2023 | AT49: =IF($AS49>$J$14,0,IF($AS49=$J$14,AL49*$H$30,IF($AS49+1=$J$14,AL49*$H$29,IF($AS49+2=$J$14,AL49*$H$28,IF($AS49+3=$J$14,AL49*$H$27,AL49))))) -> 434756.36 | AU49: =IF($AS49>$J$15,0,IF($AS49=$J$15,AM49*$H$30,IF($AS49+1=$J$15,AM49*$H$29,IF($AS49+2=$J$15,AM49*$H$28,IF($AS49+3=$J$15,AM49*$H$27,AM49))))) -> 2343522.9 | AV49: =IF($AS49>$J$16,0,IF($AS49=$J$16,AN49*$H$30,IF($AS49+1=$J$16,AN49*$H$29,IF($AS49+2=$J$16,AN49*$H$28,IF($AS49+3=$J$16,AN49*$H$27,AN49))))) -> 5322206.3 | AW49: =IF($AS49>$J$17,0,IF($AS49=$J$17,AO49*$H$30,IF($AS49+1=$J$17,AO49*$H$29,IF($AS49+2=$J$17,AO49*$H$28,IF($AS49+3=$J$17,AO49*$H$27,AO49))))) -> 10951042 | AX49: =IF($AS49>$J$18,0,IF($AS49=$J$18,AP49*$H$30,IF($AS49+1=$J$18,AP49*$H$29,IF($AS49+2=$J$18,AP49*$H$28,IF($AS49+3=$J$18,AP49*$H$27,AP49))))) -> 10951042 | AY49: =IF($AS49>$J$19,0,IF($AS49=$J$19,AQ49*$H$30,IF($AS49+1=$J$19,AQ49*$H$29,IF($AS49+2=$J$19,AQ49*$H$28,IF($AS49+3=$J$19,AQ49*$H$27,AQ49))))) -> 10951042
H50: 2024 | I50: =AC50+AT50 -> 0 | J50: =AD50+AU50 -> 609811.12 | K50: =AE50+AV50 -> 3287143 | L50: =AF50+AW50 -> 11136349 | M50: =AG50+AX50 -> 15360482 | N50: =AH50+AY50 -> 15360482 | S50: 2024 | T50: =HLOOKUP($S50,CapX!$A$11:$AP$14,2,FALSE) -> 11061328 | U50: =IF($K$14="",$T50,IF($K$14>$S50,$T50,HLOOKUP($S50-$K$14,CapX!$A$18:$AP$26,$H$24,FALSE)*$T50)) -> 11061328 | V50: =IF($K$15="",$T50,IF($K$15>$S50,$T50,HLOOKUP($S50-$K$15,CapX!$A$18:$AP$26,$H$24,FALSE)*$T50)) -> 11061328 | W50: =IF($K$16="",$T50,IF($K$16>$S50,$T50,HLOOKUP($S50-$K$16,CapX!$A$18:$AP$26,$H$24,FALSE)*$T50)) -> 11061328 | X50: =IF($K$17="",$T50,IF($K$17>$S50,$T50,HLOOKUP($S50-$K$17,CapX!$A$18:$AP$26,$H$24,FALSE)*$T50)) -> 11061328 | Y50: =IF($K$18="",$T50,IF($K$18>$S50,$T50,HLOOKUP($S50-$K$18,CapX!$A$18:$AP$26,$H$24,FALSE)*$T50)) -> 11061328 | Z50: =IF($K$19="",$T50,IF($K$19>$S50,$T50,HLOOKUP($S50-$K$19,CapX!$A$18:$AP$26,$H$24,FALSE)*$T50)) -> 11061328 | AB50: 2024 | AC50: =IF($AB50>$I$14,0,IF($AB50=$I$14,U50*$H$30,IF($AB50+1=$I$14,U50*$H$29,IF($AB50+2=$I$14,U50*$H$28,IF($AB50+3=$I$14,U50*$H$27,U50))))) -> 0 | AD50: =IF($AB50>$I$15,0,IF($AB50=$I$15,U50*$H$30,IF($AB50+1=$I$15,U50*$H$29,IF($AB50+2=$I$15,U50*$H$28,IF($AB50+3=$I$15,U50*$H$27,V50))))) -> 439134.73 | AE50: =IF($AB50>$I$16,0,IF($AB50=$I$16,U50*$H$30,IF($AB50+1=$I$16,U50*$H$29,IF($AB50+2=$I$16,U50*$H$28,IF($AB50+3=$I$16,U50*$H$27,W50))))) -> 2367124.2 | AF50: =IF($AB50>$I$17,0,IF($AB50=$I$17,U50*$H$30,IF($AB50+1=$I$17,U50*$H$29,IF($AB50+2=$I$17,U50*$H$28,IF($AB50+3=$I$17,U50*$H$27,X50))))) -> 8019462.9 | AG50: =IF($AB50>$I$18,0,IF($AB50=$I$18,U50*$H$30,IF($AB50+1=$I$18,U50*$H$29,IF($AB50+2=$I$18,U50*$H$28,IF($AB50+3=$I$18,U50*$H$27,Y50))))) -> 11061328 | AH50: =IF($AB50>$I$19,0,IF($AB50=$I$19,U50*$H$30,IF($AB50+1=$I$19,U50*$H$29,IF($AB50+2=$I$19,U50*$H$28,IF($AB50+3=$I$19,U50*$H$27,Z50))))) -> 11061328 | AJ50: 2024 | AK50: =HLOOKUP($S50,CapX!$A$11:$AP$14,3,FALSE) -> 4299153.4 | AL50: =IF($L$14="",$AK50,IF($L$14>$AJ50,$AK50,HLOOKUP($AJ50-$L$14,CapX!$A$18:$AP$26,$H$24,FALSE)*$AK50)) -> 4299153.4 | AM50: =IF($L$15="",$AK50,IF($L$15>$AJ50,$AK50,HLOOKUP($AJ50-$L$15,CapX!$A$18:$AP$26,$H$24,FALSE)*$AK50)) -> 4299153.4 | AN50: =IF($L$16="",$AK50,IF($L$16>$AJ50,$AK50,HLOOKUP($AJ50-$L$16,CapX!$A$18:$AP$26,$H$24,FALSE)*$AK50)) -> 4299153.4 | AO50: =IF($L$17="",$AK50,IF($L$17>$AJ50,$AK50,HLOOKUP($AJ50-$L$17,CapX!$A$18:$AP$26,$H$24,FALSE)*$AK50)) -> 4299153.4 | AP50: =IF($L$18="",$AK50,IF($L$18>$AJ50,$AK50,HLOOKUP($AJ50-$L$18,CapX!$A$18:$AP$26,$H$24,FALSE)*$AK50)) -> 4299153.4 | AQ50: =IF($L$19="",$AK50,IF($L$19>$AJ50,$AK50,HLOOKUP($AJ50-$L$19,CapX!$A$18:$AP$26,$H$24,FALSE)*$AK50)) -> 4299153.4 | AS50: 2024 | AT50: =IF($AS50>$J$14,0,IF($AS50=$J$14,AL50*$H$30,IF($AS50+1=$J$14,AL50*$H$29,IF($AS50+2=$J$14,AL50*$H$28,IF($AS50+3=$J$14,AL50*$H$27,AL50))))) -> 0 | AU50: =IF($AS50>$J$15,0,IF($AS50=$J$15,AM50*$H$30,IF($AS50+1=$J$15,AM50*$H$29,IF($AS50+2=$J$15,AM50*$H$28,IF($AS50+3=$J$15,AM50*$H$27,AM50))))) -> 170676.39 | AV50: =IF($AS50>$J$16,0,IF($AS50=$J$16,AN50*$H$30,IF($AS50+1=$J$16,AN50*$H$29,IF($AS50+2=$J$16,AN50*$H$28,IF($AS50+3=$J$16,AN50*$H$27,AN50))))) -> 920018.84 | AW50: =IF($AS50>$J$17,0,IF($AS50=$J$17,AO50*$H$30,IF($AS50+1=$J$17,AO50*$H$29,IF($AS50+2=$J$17,AO50*$H$28,IF($AS50+3=$J$17,AO50*$H$27,AO50))))) -> 3116886.2 | AX50: =IF($AS50>$J$18,0,IF($AS50=$J$18,AP50*$H$30,IF($AS50+1=$J$18,AP50*$H$29,IF($AS50+2=$J$18,AP50*$H$28,IF($AS50+3=$J$18,AP50*$H$27,AP50))))) -> 4299153.4 | AY50: =IF($AS50>$J$19,0,IF($AS50=$J$19,AQ50*$H$30,IF($AS50+1=$J$19,AQ50*$H$29,IF($AS50+2=$J$19,AQ50*$H$28,IF($AS50+3=$J$19,AQ50*$H$27,AQ50))))) -> 4299153.4
H51: 2025 | I51: =AC51+AT51 -> 0 | J51: =AD51+AU51 -> 0 | K51: =AE51+AV51 -> 445019.81 | L51: =AF51+AW51 -> 5447849.5 | M51: =AG51+AX51 -> 11209567 | N51: =AH51+AY51 -> 11209567 | S51: 2025 | T51: =HLOOKUP($S51,CapX!$A$11:$AP$14,2,FALSE) -> 4115776.4 | U51: =IF($K$14="",$T51,IF($K$14>$S51,$T51,HLOOKUP($S51-$K$14,CapX!$A$18:$AP$26,$H$24,FALSE)*$T51)) -> 4115776.4 | V51: =IF($K$15="",$T51,IF($K$15>$S51,$T51,HLOOKUP($S51-$K$15,CapX!$A$18:$AP$26,$H$24,FALSE)*$T51)) -> 4115776.4 | W51: =IF($K$16="",$T51,IF($K$16>$S51,$T51,HLOOKUP($S51-$K$16,CapX!$A$18:$AP$26,$H$24,FALSE)*$T51)) -> 4115776.4 | X51: =IF($K$17="",$T51,IF($K$17>$S51,$T51,HLOOKUP($S51-$K$17,CapX!$A$18:$AP$26,$H$24,FALSE)*$T51)) -> 4115776.4 | Y51: =IF($K$18="",$T51,IF($K$18>$S51,$T51,HLOOKUP($S51-$K$18,CapX!$A$18:$AP$26,$H$24,FALSE)*$T51)) -> 4115776.4 | Z51: =IF($K$19="",$T51,IF($K$19>$S51,$T51,HLOOKUP($S51-$K$19,CapX!$A$18:$AP$26,$H$24,FALSE)*$T51)) -> 4115776.4 | AB51: 2025 | AC51: =IF($AB51>$I$14,0,IF($AB51=$I$14,U51*$H$30,IF($AB51+1=$I$14,U51*$H$29,IF($AB51+2=$I$14,U51*$H$28,IF($AB51+3=$I$14,U51*$H$27,U51))))) -> 0 | AD51: =IF($AB51>$I$15,0,IF($AB51=$I$15,U51*$H$30,IF($AB51+1=$I$15,U51*$H$29,IF($AB51+2=$I$15,U51*$H$28,IF($AB51+3=$I$15,U51*$H$27,V51))))) -> 0 | AE51: =IF($AB51>$I$16,0,IF($AB51=$I$16,U51*$H$30,IF($AB51+1=$I$16,U51*$H$29,IF($AB51+2=$I$16,U51*$H$28,IF($AB51+3=$I$16,U51*$H$27,W51))))) -> 163396.32 | AF51: =IF($AB51>$I$17,0,IF($AB51=$I$17,U51*$H$30,IF($AB51+1=$I$17,U51*$H$29,IF($AB51+2=$I$17,U51*$H$28,IF($AB51+3=$I$17,U51*$H$27,X51))))) -> 2000267.3 | AG51: =IF($AB51>$I$18,0,IF($AB51=$I$18,U51*$H$30,IF($AB51+1=$I$18,U51*$H$29,IF($AB51+2=$I$18,U51*$H$28,IF($AB51+3=$I$18,U51*$H$27,Y51))))) -> 4115776.4 | AH51: =IF($AB51>$I$19,0,IF($AB51=$I$19,U51*$H$30,IF($AB51+1=$I$19,U51*$H$29,IF($AB51+2=$I$19,U51*$H$28,IF($AB51+3=$I$19,U51*$H$27,Z51))))) -> 4115776.4 | AJ51: 2025 | AK51: =HLOOKUP($S51,CapX!$A$11:$AP$14,3,FALSE) -> 7093790.6 | AL51: =IF($L$14="",$AK51,IF($L$14>$AJ51,$AK51,HLOOKUP($AJ51-$L$14,CapX!$A$18:$AP$26,$H$24,FALSE)*$AK51)) -> 7093790.6 | AM51: =IF($L$15="",$AK51,IF($L$15>$AJ51,$AK51,HLOOKUP($AJ51-$L$15,CapX!$A$18:$AP$26,$H$24,FALSE)*$AK51)) -> 7093790.6 | AN51: =IF($L$16="",$AK51,IF($L$16>$AJ51,$AK51,HLOOKUP($AJ51-$L$16,CapX!$A$18:$AP$26,$H$24,FALSE)*$AK51)) -> 7093790.6 | AO51: =IF($L$17="",$AK51,IF($L$17>$AJ51,$AK51,HLOOKUP($AJ51-$L$17,CapX!$A$18:$AP$26,$H$24,FALSE)*$AK51)) -> 7093790.6 | AP51: =IF($L$18="",$AK51,IF($L$18>$AJ51,$AK51,HLOOKUP($AJ51-$L$18,CapX!$A$18:$AP$26,$H$24,FALSE)*$AK51)) -> 7093790.6 | AQ51: =IF($L$19="",$AK51,IF($L$19>$AJ51,$AK51,HLOOKUP($AJ51-$L$19,CapX!$A$18:$AP$26,$H$24,FALSE)*$AK51)) -> 7093790.6 | AS51: 2025 | AT51: =IF($AS51>$J$14,0,IF($AS51=$J$14,AL51*$H$30,IF($AS51+1=$J$14,AL51*$H$29,IF($AS51+2=$J$14,AL51*$H$28,IF($AS51+3=$J$14,AL51*$H$27,AL51))))) -> 0 | AU51: =IF($AS51>$J$15,0,IF($AS51=$J$15,AM51*$H$30,IF($AS51+1=$J$15,AM51*$H$29,IF($AS51+2=$J$15,AM51*$H$28,IF($AS51+3=$J$15,AM51*$H$27,AM51))))) -> 0 | AV51: =IF($AS51>$J$16,0,IF($AS51=$J$16,AN51*$H$30,IF($AS51+1=$J$16,AN51*$H$29,IF($AS51+2=$J$16,AN51*$H$28,IF($AS51+3=$J$16,AN51*$H$27,AN51))))) -> 281623.49 | AW51: =IF($AS51>$J$17,0,IF($AS51=$J$17,AO51*$H$30,IF($AS51+1=$J$17,AO51*$H$29,IF($AS51+2=$J$17,AO51*$H$28,IF($AS51+3=$J$17,AO51*$H$27,AO51))))) -> 3447582.2 | AX51: =IF($AS51>$J$18,0,IF($AS51=$J$18,AP51*$H$30,IF($AS51+1=$J$18,AP51*$H$29,IF($AS51+2=$J$18,AP51*$H$28,IF($AS51+3=$J$18,AP51*$H$27,AP51))))) -> 7093790.6 | AY51: =IF($AS51>$J$19,0,IF($AS51=$J$19,AQ51*$H$30,IF($AS51+1=$J$19,AQ51*$H$29,IF($AS51+2=$J$19,AQ51*$H$28,IF($AS51+3=$J$19,AQ51*$H$27,AQ51))))) -> 7093790.6
H52: 2026 | I52: =AC52+AT52 -> 0 | J52: =AD52+AU52 -> 0 | K52: =AE52+AV52 -> 0 | L52: =AF52+AW52 -> 3866014.4 | M52: =AG52+AX52 -> 13097479 | N52: =AH52+AY52 -> 18065488 | S52: 2026 | T52: =HLOOKUP($S52,CapX!$A$11:$AP$14,2,FALSE) -> 6672024.1 | U52: =IF($K$14="",$T52,IF($K$14>$S52,$T52,HLOOKUP($S52-$K$14,CapX!$A$18:$AP$26,$H$24,FALSE)*$T52)) -> 6672024.1 | V52: =IF($K$15="",$T52,IF($K$15>$S52,$T52,HLOOKUP($S52-$K$15,CapX!$A$18:$AP$26,$H$24,FALSE)*$T52)) -> 6672024.1 | W52: =IF($K$16="",$T52,IF($K$16>$S52,$T52,HLOOKUP($S52-$K$16,CapX!$A$18:$AP$26,$H$24,FALSE)*$T52)) -> 6672024.1 | X52: =IF($K$17="",$T52,IF($K$17>$S52,$T52,HLOOKUP($S52-$K$17,CapX!$A$18:$AP$26,$H$24,FALSE)*$T52)) -> 6672024.1 | Y52: =IF($K$18="",$T52,IF($K$18>$S52,$T52,HLOOKUP($S52-$K$18,CapX!$A$18:$AP$26,$H$24,FALSE)*$T52)) -> 6672024.1 | Z52: =IF($K$19="",$T52,IF($K$19>$S52,$T52,HLOOKUP($S52-$K$19,CapX!$A$18:$AP$26,$H$24,FALSE)*$T52)) -> 6672024.1 | AB52: 2026 | AC52: =IF($AB52>$I$14,0,IF($AB52=$I$14,U52*$H$30,IF($AB52+1=$I$14,U52*$H$29,IF($AB52+2=$I$14,U52*$H$28,IF($AB52+3=$I$14,U52*$H$27,U52))))) -> 0 | AD52: =IF($AB52>$I$15,0,IF($AB52=$I$15,U52*$H$30,IF($AB52+1=$I$15,U52*$H$29,IF($AB52+2=$I$15,U52*$H$28,IF($AB52+3=$I$15,U52*$H$27,V52))))) -> 0 | AE52: =IF($AB52>$I$16,0,IF($AB52=$I$16,U52*$H$30,IF($AB52+1=$I$16,U52*$H$29,IF($AB52+2=$I$16,U52*$H$28,IF($AB52+3=$I$16,U52*$H$27,W52))))) -> 0 | AF52: =IF($AB52>$I$17,0,IF($AB52=$I$17,U52*$H$30,IF($AB52+1=$I$17,U52*$H$29,IF($AB52+2=$I$17,U52*$H$28,IF($AB52+3=$I$17,U52*$H$27,X52))))) -> 1427813.2 | AG52: =IF($AB52>$I$18,0,IF($AB52=$I$18,U52*$H$30,IF($AB52+1=$I$18,U52*$H$29,IF($AB52+2=$I$18,U52*$H$28,IF($AB52+3=$I$18,U52*$H$27,Y52))))) -> 4837217.5 | AH52: =IF($AB52>$I$19,0,IF($AB52=$I$19,U52*$H$30,IF($AB52+1=$I$19,U52*$H$29,IF($AB52+2=$I$19,U52*$H$28,IF($AB52+3=$I$19,U52*$H$27,Z52))))) -> 6672024.1 | AJ52: 2026 | AK52: =HLOOKUP($S52,CapX!$A$11:$AP$14,3,FALSE) -> 11393464 | AL52: =IF($L$14="",$AK52,IF($L$14>$AJ52,$AK52,HLOOKUP($AJ52-$L$14,CapX!$A$18:$AP$26,$H$24,FALSE)*$AK52)) -> 11393464 | AM52: =IF($L$15="",$AK52,IF($L$15>$AJ52,$AK52,HLOOKUP($AJ52-$L$15,CapX!$A$18:$AP$26,$H$24,FALSE)*$AK52)) -> 11393464 | AN52: =IF($L$16="",$AK52,IF($L$16>$AJ52,$AK52,HLOOKUP($AJ52-$L$16,CapX!$A$18:$AP$26,$H$24,FALSE)*$AK52)) -> 11393464 | AO52: =IF($L$17="",$AK52,IF($L$17>$AJ52,$AK52,HLOOKUP($AJ52-$L$17,CapX!$A$18:$AP$26,$H$24,FALSE)*$AK52)) -> 11393464 | AP52: =IF($L$18="",$AK52,IF($L$18>$AJ52,$AK52,HLOOKUP($AJ52-$L$18,CapX!$A$18:$AP$26,$H$24,FALSE)*$AK52)) -> 11393464 | AQ52: =IF($L$19="",$AK52,IF($L$19>$AJ52,$AK52,HLOOKUP($AJ52-$L$19,CapX!$A$18:$AP$26,$H$24,FALSE)*$AK52)) -> 11393464 | AS52: 2026 | AT52: =IF($AS52>$J$14,0,IF($AS52=$J$14,AL52*$H$30,IF($AS52+1=$J$14,AL52*$H$29,IF($AS52+2=$J$14,AL52*$H$28,IF($AS52+3=$J$14,AL52*$H$27,AL52))))) -> 0 | AU52: =IF($AS52>$J$15,0,IF($AS52=$J$15,AM52*$H$30,IF($AS52+1=$J$15,AM52*$H$29,IF($AS52+2=$J$15,AM52*$H$28,IF($AS52+3=$J$15,AM52*$H$27,AM52))))) -> 0 | AV52: =IF($AS52>$J$16,0,IF($AS52=$J$16,AN52*$H$30,IF($AS52+1=$J$16,AN52*$H$29,IF($AS52+2=$J$16,AN52*$H$28,IF($AS52+3=$J$16,AN52*$H$27,AN52))))) -> 0 | AW52: =IF($AS52>$J$17,0,IF($AS52=$J$17,AO52*$H$30,IF($AS52+1=$J$17,AO52*$H$29,IF($AS52+2=$J$17,AO52*$H$28,IF($AS52+3=$J$17,AO52*$H$27,AO52))))) -> 2438201.3 | AX52: =IF($AS52>$J$18,0,IF($AS52=$J$18,AP52*$H$30,IF($AS52+1=$J$18,AP52*$H$29,IF($AS52+2=$J$18,AP52*$H$28,IF($AS52+3=$J$18,AP52*$H$27,AP52))))) -> 8260261.3 | AY52: =IF($AS52>$J$19,0,IF($AS52=$J$19,AQ52*$H$30,IF($AS52+1=$J$19,AQ52*$H$29,IF($AS52+2=$J$19,AQ52*$H$28,IF($AS52+3=$J$19,AQ52*$H$27,AQ52))))) -> 11393464
H53: 2027 | I53: =AC53+AT53 -> 0 | J53: =AD53+AU53 -> 0 | K53: =AE53+AV53 -> 0 | L53: =AF53+AW53 -> 634447.49 | M53: =AG53+AX53 -> 7766787.9 | N53: =AH53+AY53 -> 15981045 | S53: 2027 | T53: =HLOOKUP($S53,CapX!$A$11:$AP$14,2,FALSE) -> 11508206 | U53: =IF($K$14="",$T53,IF($K$14>$S53,$T53,HLOOKUP($S53-$K$14,CapX!$A$18:$AP$26,$H$24,FALSE)*$T53)) -> 11508206 | V53: =IF($K$15="",$T53,IF($K$15>$S53,$T53,HLOOKUP($S53-$K$15,CapX!$A$18:$AP$26,$H$24,FALSE)*$T53)) -> 11508206 | W53: =IF($K$16="",$T53,IF($K$16>$S53,$T53,HLOOKUP($S53-$K$16,CapX!$A$18:$AP$26,$H$24,FALSE)*$T53)) -> 11508206 | X53: =IF($K$17="",$T53,IF($K$17>$S53,$T53,HLOOKUP($S53-$K$17,CapX!$A$18:$AP$26,$H$24,FALSE)*$T53)) -> 11508206 | Y53: =IF($K$18="",$T53,IF($K$18>$S53,$T53,HLOOKUP($S53-$K$18,CapX!$A$18:$AP$26,$H$24,FALSE)*$T53)) -> 11508206 | Z53: =IF($K$19="",$T53,IF($K$19>$S53,$T53,HLOOKUP($S53-$K$19,CapX!$A$18:$AP$26,$H$24,FALSE)*$T53)) -> 11508206 | AB53: 2027 | AC53: =IF($AB53>$I$14,0,IF($AB53=$I$14,U53*$H$30,IF($AB53+1=$I$14,U53*$H$29,IF($AB53+2=$I$14,U53*$H$28,IF($AB53+3=$I$14,U53*$H$27,U53))))) -> 0 | AD53: =IF($AB53>$I$15,0,IF($AB53=$I$15,U53*$H$30,IF($AB53+1=$I$15,U53*$H$29,IF($AB53+2=$I$15,U53*$H$28,IF($AB53+3=$I$15,U53*$H$27,V53))))) -> 0 | AE53: =IF($AB53>$I$16,0,IF($AB53=$I$16,U53*$H$30,IF($AB53+1=$I$16,U53*$H$29,IF($AB53+2=$I$16,U53*$H$28,IF($AB53+3=$I$16,U53*$H$27,W53))))) -> 0 | AF53: =IF($AB53>$I$17,0,IF($AB53=$I$17,U53*$H$30,IF($AB53+1=$I$17,U53*$H$29,IF($AB53+2=$I$17,U53*$H$28,IF($AB53+3=$I$17,U53*$H$27,X53))))) -> 456875.77 | AG53: =IF($AB53>$I$18,0,IF($AB53=$I$18,U53*$H$30,IF($AB53+1=$I$18,U53*$H$29,IF($AB53+2=$I$18,U53*$H$28,IF($AB53+3=$I$18,U53*$H$27,Y53))))) -> 5592988 | AH53: =IF($AB53>$I$19,0,IF($AB53=$I$19,U53*$H$30,IF($AB53+1=$I$19,U53*$H$29,IF($AB53+2=$I$19,U53*$H$28,IF($AB53+3=$I$19,U53*$H$27,Z53))))) -> 11508206 | AJ53: 2027 | AK53: =HLOOKUP($S53,CapX!$A$11:$AP$14,3,FALSE) -> 4472839.2 | AL53: =IF($L$14="",$AK53,IF($L$14>$AJ53,$AK53,HLOOKUP($AJ53-$L$14,CapX!$A$18:$AP$26,$H$24,FALSE)*$AK53)) -> 4472839.2 | AM53: =IF($L$15="",$AK53,IF($L$15>$AJ53,$AK53,HLOOKUP($AJ53-$L$15,CapX!$A$18:$AP$26,$H$24,FALSE)*$AK53)) -> 4472839.2 | AN53: =IF($L$16="",$AK53,IF($L$16>$AJ53,$AK53,HLOOKUP($AJ53-$L$16,CapX!$A$18:$AP$26,$H$24,FALSE)*$AK53)) -> 4472839.2 | AO53: =IF($L$17="",$AK53,IF($L$17>$AJ53,$AK53,HLOOKUP($AJ53-$L$17,CapX!$A$18:$AP$26,$H$24,FALSE)*$AK53)) -> 4472839.2 | AP53: =IF($L$18="",$AK53,IF($L$18>$AJ53,$AK53,HLOOKUP($AJ53-$L$18,CapX!$A$18:$AP$26,$H$24,FALSE)*$AK53)) -> 4472839.2 | AQ53: =IF($L$19="",$AK53,IF($L$19>$AJ53,$AK53,HLOOKUP($AJ53-$L$19,CapX!$A$18:$AP$26,$H$24,FALSE)*$AK53)) -> 4472839.2 | AS53: 2027 | AT53: =IF($AS53>$J$14,0,IF($AS53=$J$14,AL53*$H$30,IF($AS53+1=$J$14,AL53*$H$29,IF($AS53+2=$J$14,AL53*$H$28,IF($AS53+3=$J$14,AL53*$H$27,AL53))))) -> 0 | AU53: =IF($AS53>$J$15,0,IF($AS53=$J$15,AM53*$H$30,IF($AS53+1=$J$15,AM53*$H$29,IF($AS53+2=$J$15,AM53*$H$28,IF($AS53+3=$J$15,AM53*$H$27,AM53))))) -> 0 | AV53: =IF($AS53>$J$16,0,IF($AS53=$J$16,AN53*$H$30,IF($AS53+1=$J$16,AN53*$H$29,IF($AS53+2=$J$16,AN53*$H$28,IF($AS53+3=$J$16,AN53*$H$27,AN53))))) -> 0 | AW53: =IF($AS53>$J$17,0,IF($AS53=$J$17,AO53*$H$30,IF($AS53+1=$J$17,AO53*$H$29,IF($AS53+2=$J$17,AO53*$H$28,IF($AS53+3=$J$17,AO53*$H$27,AO53))))) -> 177571.72 | AX53: =IF($AS53>$J$18,0,IF($AS53=$J$18,AP53*$H$30,IF($AS53+1=$J$18,AP53*$H$29,IF($AS53+2=$J$18,AP53*$H$28,IF($AS53+3=$J$18,AP53*$H$27,AP53))))) -> 2173799.9 | AY53: =IF($AS53>$J$19,0,IF($AS53=$J$19,AQ53*$H$30,IF($AS53+1=$J$19,AQ53*$H$29,IF($AS53+2=$J$19,AQ53*$H$28,IF($AS53+3=$J$19,AQ53*$H$27,AQ53))))) -> 4472839.2
H54: 2028 | I54: =AC54+AT54 -> 0 | J54: =AD54+AU54 -> 0 | K54: =AE54+AV54 -> 0 | L54: =AF54+AW54 -> 0 | M54: =AG54+AX54 -> 2545676 | N54: =AH54+AY54 -> 8624369.5 | S54: 2028 | T54: =HLOOKUP($S54,CapX!$A$11:$AP$14,2,FALSE) -> 4367694.8 | U54: =IF($K$14="",$T54,IF($K$14>$S54,$T54,HLOOKUP($S54-$K$14,CapX!$A$18:$AP$26,$H$24,FALSE)*$T54)) -> 4367694.8 | V54: =IF($K$15="",$T54,IF($K$15>$S54,$T54,HLOOKUP($S54-$K$15,CapX!$A$18:$AP$26,$H$24,FALSE)*$T54)) -> 4367694.8 | W54: =IF($K$16="",$T54,IF($K$16>$S54,$T54,HLOOKUP($S54-$K$16,CapX!$A$18:$AP$26,$H$24,FALSE)*$T54)) -> 4367694.8 | X54: =IF($K$17="",$T54,IF($K$17>$S54,$T54,HLOOKUP($S54-$K$17,CapX!$A$18:$AP$26,$H$24,FALSE)*$T54)) -> 4367694.8 | Y54: =IF($K$18="",$T54,IF($K$18>$S54,$T54,HLOOKUP($S54-$K$18,CapX!$A$18:$AP$26,$H$24,FALSE)*$T54)) -> 4367694.8 | Z54: =IF($K$19="",$T54,IF($K$19>$S54,$T54,HLOOKUP($S54-$K$19,CapX!$A$18:$AP$26,$H$24,FALSE)*$T54)) -> 4367694.8 | AB54: 2028 | AC54: =IF($AB54>$I$14,0,IF($AB54=$I$14,U54*$H$30,IF($AB54+1=$I$14,U54*$H$29,IF($AB54+2=$I$14,U54*$H$28,IF($AB54+3=$I$14,U54*$H$27,U54))))) -> 0 | AD54: =IF($AB54>$I$15,0,IF($AB54=$I$15,U54*$H$30,IF($AB54+1=$I$15,U54*$H$29,IF($AB54+2=$I$15,U54*$H$28,IF($AB54+3=$I$15,U54*$H$27,V54))))) -> 0 | AE54: =IF($AB54>$I$16,0,IF($AB54=$I$16,U54*$H$30,IF($AB54+1=$I$16,U54*$H$29,IF($AB54+2=$I$16,U54*$H$28,IF($AB54+3=$I$16,U54*$H$27,W54))))) -> 0 | AF54: =IF($AB54>$I$17,0,IF($AB54=$I$17,U54*$H$30,IF($AB54+1=$I$17,U54*$H$29,IF($AB54+2=$I$17,U54*$H$28,IF($AB54+3=$I$17,U54*$H$27,X54))))) -> 0 | AG54: =IF($AB54>$I$18,0,IF($AB54=$I$18,U54*$H$30,IF($AB54+1=$I$18,U54*$H$29,IF($AB54+2=$I$18,U54*$H$28,IF($AB54+3=$I$18,U54*$H$27,Y54))))) -> 934686.69 | AH54: =IF($AB54>$I$19,0,IF($AB54=$I$19,U54*$H$30,IF($AB54+1=$I$19,U54*$H$29,IF($AB54+2=$I$19,U54*$H$28,IF($AB54+3=$I$19,U54*$H$27,Z54))))) -> 3166578.7 | AJ54: 2028 | AK54: =HLOOKUP($S54,CapX!$A$11:$AP$14,3,FALSE) -> 7527987.3 | AL54: =IF($L$14="",$AK54,IF($L$14>$AJ54,$AK54,HLOOKUP($AJ54-$L$14,CapX!$A$18:$AP$26,$H$24,FALSE)*$AK54)) -> 7527987.3 | AM54: =IF($L$15="",$AK54,IF($L$15>$AJ54,$AK54,HLOOKUP($AJ54-$L$15,CapX!$A$18:$AP$26,$H$24,FALSE)*$AK54)) -> 7527987.3 | AN54: =IF($L$16="",$AK54,IF($L$16>$AJ54,$AK54,HLOOKUP($AJ54-$L$16,CapX!$A$18:$AP$26,$H$24,FALSE)*$AK54)) -> 7527987.3 | AO54: =IF($L$17="",$AK54,IF($L$17>$AJ54,$AK54,HLOOKUP($AJ54-$L$17,CapX!$A$18:$AP$26,$H$24,FALSE)*$AK54)) -> 7527987.3 | AP54: =IF($L$18="",$AK54,IF($L$18>$AJ54,$AK54,HLOOKUP($AJ54-$L$18,CapX!$A$18:$AP$26,$H$24,FALSE)*$AK54)) -> 7527987.3 | AQ54: =IF($L$19="",$AK54,IF($L$19>$AJ54,$AK54,HLOOKUP($AJ54-$L$19,CapX!$A$18:$AP$26,$H$24,FALSE)*$AK54)) -> 7527987.3 | AS54: 2028 | AT54: =IF($AS54>$J$14,0,IF($AS54=$J$14,AL54*$H$30,IF($AS54+1=$J$14,AL54*$H$29,IF($AS54+2=$J$14,AL54*$H$28,IF($AS54+3=$J$14,AL54*$H$27,AL54))))) -> 0 | AU54: =IF($AS54>$J$15,0,IF($AS54=$J$15,AM54*$H$30,IF($AS54+1=$J$15,AM54*$H$29,IF($AS54+2=$J$15,AM54*$H$28,IF($AS54+3=$J$15,AM54*$H$27,AM54))))) -> 0 | AV54: =IF($AS54>$J$16,0,IF($AS54=$J$16,AN54*$H$30,IF($AS54+1=$J$16,AN54*$H$29,IF($AS54+2=$J$16,AN54*$H$28,IF($AS54+3=$J$16,AN54*$H$27,AN54))))) -> 0 | AW54: =IF($AS54>$J$17,0,IF($AS54=$J$17,AO54*$H$30,IF($AS54+1=$J$17,AO54*$H$29,IF($AS54+2=$J$17,AO54*$H$28,IF($AS54+3=$J$17,AO54*$H$27,AO54))))) -> 0 | AX54: =IF($AS54>$J$18,0,IF($AS54=$J$18,AP54*$H$30,IF($AS54+1=$J$18,AP54*$H$29,IF($AS54+2=$J$18,AP54*$H$28,IF($AS54+3=$J$18,AP54*$H$27,AP54))))) -> 1610989.3 | AY54: =IF($AS54>$J$19,0,IF($AS54=$J$19,AQ54*$H$30,IF($AS54+1=$J$19,AQ54*$H$29,IF($AS54+2=$J$19,AQ54*$H$28,IF($AS54+3=$J$19,AQ54*$H$27,AQ54))))) -> 5457790.8
... H71: 2045 | I71: =AC71+AT71 -> 0 | J71: =AD71+AU71 -> 0 | K71: =AE71+AV71 -> 0 | L71: =AF71+AW71 -> 0 | M71: =AG71+AX71 -> 0 | N71: =AH71+AY71 -> 0 | S71: 2045 | T71: =HLOOKUP($S71,CapX!$A$11:$AP$14,2,FALSE) -> 14595188 | U71: =IF($K$14="",$T71,IF($K$14>$S71,$T71,HLOOKUP($S71-$K$14,CapX!$A$18:$AP$26,$H$24,FALSE)*$T71)) -> 14595188 | V71: =IF($K$15="",$T71,IF($K$15>$S71,$T71,HLOOKUP($S71-$K$15,CapX!$A$18:$AP$26,$H$24,FALSE)*$T71)) -> 14595188 | W71: =IF($K$16="",$T71,IF($K$16>$S71,$T71,HLOOKUP($S71-$K$16,CapX!$A$18:$AP$26,$H$24,FALSE)*$T71)) -> 14595188 | X71: =IF($K$17="",$T71,IF($K$17>$S71,$T71,HLOOKUP($S71-$K$17,CapX!$A$18:$AP$26,$H$24,FALSE)*$T71)) -> 14595188 | Y71: =IF($K$18="",$T71,IF($K$18>$S71,$T71,HLOOKUP($S71-$K$18,CapX!$A$18:$AP$26,$H$24,FALSE)*$T71)) -> 14595188 | Z71: =IF($K$19="",$T71,IF($K$19>$S71,$T71,HLOOKUP($S71-$K$19,CapX!$A$18:$AP$26,$H$24,FALSE)*$T71)) -> 14595188 | AB71: 2045 | AC71: =IF($AB71>$I$14,0,IF($AB71=$I$14,U71*$H$30,IF($AB71+1=$I$14,U71*$H$29,IF($AB71+2=$I$14,U71*$H$28,IF($AB71+3=$I$14,U71*$H$27,U71))))) -> 0 | AD71: =IF($AB71>$I$15,0,IF($AB71=$I$15,U71*$H$30,IF($AB71+1=$I$15,U71*$H$29,IF($AB71+2=$I$15,U71*$H$28,IF($AB71+3=$I$15,U71*$H$27,V71))))) -> 0 | AE71: =IF($AB71>$I$16,0,IF($AB71=$I$16,U71*$H$30,IF($AB71+1=$I$16,U71*$H$29,IF($AB71+2=$I$16,U71*$H$28,IF($AB71+3=$I$16,U71*$H$27,W71))))) -> 0 | AF71: =IF($AB71>$I$17,0,IF($AB71=$I$17,U71*$H$30,IF($AB71+1=$I$17,U71*$H$29,IF($AB71+2=$I$17,U71*$H$28,IF($AB71+3=$I$17,U71*$H$27,X71))))) -> 0 | AG71: =IF($AB71>$I$18,0,IF($AB71=$I$18,U71*$H$30,IF($AB71+1=$I$18,U71*$H$29,IF($AB71+2=$I$18,U71*$H$28,IF($AB71+3=$I$18,U71*$H$27,Y71))))) -> 0 | AH71: =IF($AB71>$I$19,0,IF($AB71=$I$19,U71*$H$30,IF($AB71+1=$I$19,U71*$H$29,IF($AB71+2=$I$19,U71*$H$28,IF($AB71+3=$I$19,U71*$H$27,Z71))))) -> 0 | AJ71: 2045 | AK71: =HLOOKUP($S71,CapX!$A$11:$AP$14,3,FALSE) -> 5672641.7 | AL71: =IF($L$14="",$AK71,IF($L$14>$AJ71,$AK71,HLOOKUP($AJ71-$L$14,CapX!$A$18:$AP$26,$H$24,FALSE)*$AK71)) -> 5672641.7 | AM71: =IF($L$15="",$AK71,IF($L$15>$AJ71,$AK71,HLOOKUP($AJ71-$L$15,CapX!$A$18:$AP$26,$H$24,FALSE)*$AK71)) -> 5672641.7 | AN71: =IF($L$16="",$AK71,IF($L$16>$AJ71,$AK71,HLOOKUP($AJ71-$L$16,CapX!$A$18:$AP$26,$H$24,FALSE)*$AK71)) -> 5672641.7 | AO71: =IF($L$17="",$AK71,IF($L$17>$AJ71,$AK71,HLOOKUP($AJ71-$L$17,CapX!$A$18:$AP$26,$H$24,FALSE)*$AK71)) -> 5672641.7 | AP71: =IF($L$18="",$AK71,IF($L$18>$AJ71,$AK71,HLOOKUP($AJ71-$L$18,CapX!$A$18:$AP$26,$H$24,FALSE)*$AK71)) -> 5672641.7 | AQ71: =IF($L$19="",$AK71,IF($L$19>$AJ71,$AK71,HLOOKUP($AJ71-$L$19,CapX!$A$18:$AP$26,$H$24,FALSE)*$AK71)) -> 5672641.7 | AS71: 2045 | AT71: =IF($AS71>$J$14,0,IF($AS71=$J$14,AL71*$H$30,IF($AS71+1=$J$14,AL71*$H$29,IF($AS71+2=$J$14,AL71*$H$28,IF($AS71+3=$J$14,AL71*$H$27,AL71))))) -> 0 | AU71: =IF($AS71>$J$15,0,IF($AS71=$J$15,AM71*$H$30,IF($AS71+1=$J$15,AM71*$H$29,IF($AS71+2=$J$15,AM71*$H$28,IF($AS71+3=$J$15,AM71*$H$27,AM71))))) -> 0 | AV71: =IF($AS71>$J$16,0,IF($AS71=$J$16,AN71*$H$30,IF($AS71+1=$J$16,AN71*$H$29,IF($AS71+2=$J$16,AN71*$H$28,IF($AS71+3=$J$16,AN71*$H$27,AN71))))) -> 0 | AW71: =IF($AS71>$J$17,0,IF($AS71=$J$17,AO71*$H$30,IF($AS71+1=$J$17,AO71*$H$29,IF($AS71+2=$J$17,AO71*$H$28,IF($AS71+3=$J$17,AO71*$H$27,AO71))))) -> 0 | AX71: =IF($AS71>$J$18,0,IF($AS71=$J$18,AP71*$H$30,IF($AS71+1=$J$18,AP71*$H$29,IF($AS71+2=$J$18,AP71*$H$28,IF($AS71+3=$J$18,AP71*$H$27,AP71))))) -> 0 | AY71: =IF($AS71>$J$19,0,IF($AS71=$J$19,AQ71*$H$30,IF($AS71+1=$J$19,AQ71*$H$29,IF($AS71+2=$J$19,AQ71*$H$28,IF($AS71+3=$J$19,AQ71*$H$27,AQ71))))) -> 0
H72: Total | I72: =SUM(I43:I71) -> 66945284 | J72: =SUM(J43:J71) -> 81630515 | K72: =SUM(K43:K71) -> 96111029 | L72: =SUM(L43:L71) -> 1.2535154e+08 | M72: =SUM(M43:M71) -> 1.5500797e+08 | N72: =SUM(N43:N71) -> 1.868745e+08
B73: 6: On-Going CapX - H2O | BA73: Jones Pipeline | BI73: Hybrid Cooling
H75: Year | I75: =I42 -> 1 | J75: =J42 -> 1A | K75: =K42 -> 1B | L75: =L42 -> 1C | M75: =M42 -> 1D | N75: =N42 -> 1E | BA75: Year | BB75: =U42 -> 1 | BC75: =V42 -> 1A | BD75: =W42 -> 1B | BE75: =X42 -> 1C | BF75: =Y42 -> 1D | BG75: =Z42 -> 1E | BI75: Year | BJ75: =BB75 -> 1 | BK75: =BC75 -> 1A | BL75: =BD75 -> 1B | BM75: =BE75 -> 1C | BN75: =BF75 -> 1D | BO75: =BG75 -> 1E
H76: 2017 | I76: =IF($H$14="","",HLOOKUP($H$14,'Capx - H2O'!$E$352:$AU$382,$H76-2015,FALSE)+BB76+BJ76) -> 600000 | J76: =IF($H$15="","",HLOOKUP($H$15,'Capx - H2O'!$E$352:$AU$382,$H76-2015,FALSE)+BC76+BK76) -> 8600000 | K76: =IF($H$16="","",HLOOKUP($H$16,'Capx - H2O'!$E$352:$AU$382,$H76-2015,FALSE)+BD76+BL76) -> 8850000 | L76: =IF($H$17="","",HLOOKUP($H$17,'Capx - H2O'!$E$352:$AU$382,$H76-2015,FALSE)+BE76+BM76) -> 8850000 | M76: =IF($H$18="","",HLOOKUP($H$18,'Capx - H2O'!$E$352:$AU$382,$H76-2015,FALSE)+BF76+BN76) -> 8850000 | N76: =IF($H$19="","",HLOOKUP($H$19,'Capx - H2O'!$E$352:$AU$382,$H76-2015,FALSE)+BG76+BO76) -> 8850000 | BA76: 2017 | BB76: =IF($E$14="",0,IF($H43>$E$14,0,IF($H43-$E$14<-3,0,OFFSET(Extras!$E$3,0,'Scenario 1'!$H43-'Scenario 1'!$E$14)))) -> 0 | BC76: =IF($E$15="",0,IF($H43>$E$15,0,IF($H43-$E$15<-3,0,OFFSET(Extras!$E$3,0,'Scenario 1'!$H43-'Scenario 1'!$E$15)))) -> 0 | BD76: =IF($E$16="",0,IF($H43>$E$16,0,IF($H43-$E$16<-3,0,OFFSET(Extras!$E$3,0,'Scenario 1'!$H43-'Scenario 1'!$E$16)))) -> 0 | BE76: =IF($E$17="",0,IF($H43>$E$17,0,IF($H43-$E$17<-3,0,OFFSET(Extras!$E$3,0,'Scenario 1'!$H43-'Scenario 1'!$E$17)))) -> 0 | BF76: =IF($E$18="",0,IF($H43>$E$18,0,IF($H43-$E$18<-3,0,OFFSET(Extras!$E$3,0,'Scenario 1'!$H43-'Scenario 1'!$E$18)))) -> 0 | BG76: =IF($E$19="",0,IF($H43>$E$19,0,IF($H43-$E$19<-3,0,OFFSET(Extras!$E$3,0,'Scenario 1'!$H43-'Scenario 1'!$E$19)))) -> 0 | BI76: 2017 | BJ76: =IF($G$14="",0,IF($H43>$G$14,0,IF($H43-$G$14<-3,0,OFFSET(Extras!$E$4,0,'Scenario 1'!$H43-'Scenario 1'!$G$14)))) -> 0 | BK76: =IF($G$15="",0,IF($H43>$G$15,0,IF($H43-$G$15<-3,0,OFFSET(Extras!$E$4,0,'Scenario 1'!$H43-'Scenario 1'!$G$15)))) -> 0 | BL76: =IF($G$16="",0,IF($H43>$G$16,0,IF($H43-$G$16<-3,0,OFFSET(Extras!$E$4,0,'Scenario 1'!$H43-'Scenario 1'!$G$16)))) -> 0 | BM76: =IF($G$17="",0,IF($H43>$G$17,0,IF($H43-$G$17<-3,0,OFFSET(Extras!$E$4,0,'Scenario 1'!$H43-'Scenario 1'!$G$17)))) -> 0 | BN76: =IF($G$18="",0,IF($H43>$G$18,0,IF($H43-$G$18<-3,0,OFFSET(Extras!$E$4,0,'Scenario 1'!$H43-'Scenario 1'!$G$18)))) -> 0 | BO76: =IF($G$19="",0,IF($H43>$G$19,0,IF($H43-$G$19<-3,0,OFFSET(Extras!$E$4,0,'Scenario 1'!$H43-'Scenario 1'!$G$19)))) -> 0
H77: 2018 | I77: =IF($H$14="","",HLOOKUP($H$14,'Capx - H2O'!$E$352:$AU$382,$H77-2015,FALSE)+BB77+BJ77) -> 4641000 | J77: =IF($H$15="","",HLOOKUP($H$15,'Capx - H2O'!$E$352:$AU$382,$H77-2015,FALSE)+BC77+BK77) -> 4641000 | K77: =IF($H$16="","",HLOOKUP($H$16,'Capx - H2O'!$E$352:$AU$382,$H77-2015,FALSE)+BD77+BL77) -> 4641000 | L77: =IF($H$17="","",HLOOKUP($H$17,'Capx - H2O'!$E$352:$AU$382,$H77-2015,FALSE)+BE77+BM77) -> 12891000 | M77: =IF($H$18="","",HLOOKUP($H$18,'Capx - H2O'!$E$352:$AU$382,$H77-2015,FALSE)+BF77+BN77) -> 12891000 | N77: =IF($H$19="","",HLOOKUP($H$19,'Capx - H2O'!$E$352:$AU$382,$H77-2015,FALSE)+BG77+BO77) -> 12891000 | BA77: 2018 | BB77: =IF($E$14="",0,IF($H44>$E$14,0,IF($H44-$E$14<-3,0,OFFSET(Extras!$E$3,0,'Scenario 1'!$H44-'Scenario 1'!$E$14)))) -> 0 | BC77: =IF($E$15="",0,IF($H44>$E$15,0,IF($H44-$E$15<-3,0,OFFSET(Extras!$E$3,0,'Scenario 1'!$H44-'Scenario 1'!$E$15)))) -> 0 | BD77: =IF($E$16="",0,IF($H44>$E$16,0,IF($H44-$E$16<-3,0,OFFSET(Extras!$E$3,0,'Scenario 1'!$H44-'Scenario 1'!$E$16)))) -> 0 | BE77: =IF($E$17="",0,IF($H44>$E$17,0,IF($H44-$E$17<-3,0,OFFSET(Extras!$E$3,0,'Scenario 1'!$H44-'Scenario 1'!$E$17)))) -> 0 | BF77: =IF($E$18="",0,IF($H44>$E$18,0,IF($H44-$E$18<-3,0,OFFSET(Extras!$E$3,0,'Scenario 1'!$H44-'Scenario 1'!$E$18)))) -> 0 | BG77: =IF($E$19="",0,IF($H44>$E$19,0,IF($H44-$E$19<-3,0,OFFSET(Extras!$E$3,0,'Scenario 1'!$H44-'Scenario 1'!$E$19)))) -> 0 | BI77: 2018 | BJ77: =IF($G$14="",0,IF($H44>$G$14,0,IF($H44-$G$14<-3,0,OFFSET(Extras!$E$4,0,'Scenario 1'!$H44-'Scenario 1'!$G$14)))) -> 0 | BK77: =IF($G$15="",0,IF($H44>$G$15,0,IF($H44-$G$15<-3,0,OFFSET(Extras!$E$4,0,'Scenario 1'!$H44-'Scenario 1'!$G$15)))) -> 0 | BL77: =IF($G$16="",0,IF($H44>$G$16,0,IF($H44-$G$16<-3,0,OFFSET(Extras!$E$4,0,'Scenario 1'!$H44-'Scenario 1'!$G$16)))) -> 0 | BM77: =IF($G$17="",0,IF($H44>$G$17,0,IF($H44-$G$17<-3,0,OFFSET(Extras!$E$4,0,'Scenario 1'!$H44-'Scenario 1'!$G$17)))) -> 0 | BN77: =IF($G$18="",0,IF($H44>$G$18,0,IF($H44-$G$18<-3,0,OFFSET(Extras!$E$4,0,'Scenario 1'!$H44-'Scenario 1'!$G$18)))) -> 0 | BO77: =IF($G$19="",0,IF($H44>$G$19,0,IF($H44-$G$19<-3,0,OFFSET(Extras!$E$4,0,'Scenario 1'!$H44-'Scenario 1'!$G$19)))) -> 0
H78: 2019 | I78: =IF($H$14="","",HLOOKUP($H$14,'Capx - H2O'!$E$352:$AU$382,$H78-2015,FALSE)+BB78+BJ78) -> 728000 | J78: =IF($H$15="","",HLOOKUP($H$15,'Capx - H2O'!$E$352:$AU$382,$H78-2015,FALSE)+BC78+BK78) -> 728000 | K78: =IF($H$16="","",HLOOKUP($H$16,'Capx - H2O'!$E$352:$AU$382,$H78-2015,FALSE)+BD78+BL78) -> 728000 | L78: =IF($H$17="","",HLOOKUP($H$17,'Capx - H2O'!$E$352:$AU$382,$H78-2015,FALSE)+BE78+BM78) -> 728000 | M78: =IF($H$18="","",HLOOKUP($H$18,'Capx - H2O'!$E$352:$AU$382,$H78-2015,FALSE)+BF78+BN78) -> 17228000 | N78: =IF($H$19="","",HLOOKUP($H$19,'Capx - H2O'!$E$352:$AU$382,$H78-2015,FALSE)+BG78+BO78) -> 17228000 | BA78: 2019 | BB78: =IF($E$14="",0,IF($H45>$E$14,0,IF($H45-$E$14<-3,0,OFFSET(Extras!$E$3,0,'Scenario 1'!$H45-'Scenario 1'!$E$14)))) -> 0 | BC78: =IF($E$15="",0,IF($H45>$E$15,0,IF($H45-$E$15<-3,0,OFFSET(Extras!$E$3,0,'Scenario 1'!$H45-'Scenario 1'!$E$15)))) -> 0 | BD78: =IF($E$16="",0,IF($H45>$E$16,0,IF($H45-$E$16<-3,0,OFFSET(Extras!$E$3,0,'Scenario 1'!$H45-'Scenario 1'!$E$16)))) -> 0 | BE78: =IF($E$17="",0,IF($H45>$E$17,0,IF($H45-$E$17<-3,0,OFFSET(Extras!$E$3,0,'Scenario 1'!$H45-'Scenario 1'!$E$17)))) -> 0 | BF78: =IF($E$18="",0,IF($H45>$E$18,0,IF($H45-$E$18<-3,0,OFFSET(Extras!$E$3,0,'Scenario 1'!$H45-'Scenario 1'!$E$18)))) -> 0 | BG78: =IF($E$19="",0,IF($H45>$E$19,0,IF($H45-$E$19<-3,0,OFFSET(Extras!$E$3,0,'Scenario 1'!$H45-'Scenario 1'!$E$19)))) -> 0 | BI78: 2019 | BJ78: =IF($G$14="",0,IF($H45>$G$14,0,IF($H45-$G$14<-3,0,OFFSET(Extras!$E$4,0,'Scenario 1'!$H45-'Scenario 1'!$G$14)))) -> 0 | BK78: =IF($G$15="",0,IF($H45>$G$15,0,IF($H45-$G$15<-3,0,OFFSET(Extras!$E$4,0,'Scenario 1'!$H45-'Scenario 1'!$G$15)))) -> 0 | BL78: =IF($G$16="",0,IF($H45>$G$16,0,IF($H45-$G$16<-3,0,OFFSET(Extras!$E$4,0,'Scenario 1'!$H45-'Scenario 1'!$G$16)))) -> 0 | BM78: =IF($G$17="",0,IF($H45>$G$17,0,IF($H45-$G$17<-3,0,OFFSET(Extras!$E$4,0,'Scenario 1'!$H45-'Scenario 1'!$G$17)))) -> 0 | BN78: =IF($G$18="",0,IF($H45>$G$18,0,IF($H45-$G$18<-3,0,OFFSET(Extras!$E$4,0,'Scenario 1'!$H45-'Scenario 1'!$G$18)))) -> 0 | BO78: =IF($G$19="",0,IF($H45>$G$19,0,IF($H45-$G$19<-3,0,OFFSET(Extras!$E$4,0,'Scenario 1'!$H45-'Scenario 1'!$G$19)))) -> 0
H79: 2020 | I79: =IF($H$14="","",HLOOKUP($H$14,'Capx - H2O'!$E$352:$AU$382,$H79-2015,FALSE)+BB79+BJ79) -> 2015208 | J79: =IF($H$15="","",HLOOKUP($H$15,'Capx - H2O'!$E$352:$AU$382,$H79-2015,FALSE)+BC79+BK79) -> 2015208 | K79: =IF($H$16="","",HLOOKUP($H$16,'Capx - H2O'!$E$352:$AU$382,$H79-2015,FALSE)+BD79+BL79) -> 2015208 | L79: =IF($H$17="","",HLOOKUP($H$17,'Capx - H2O'!$E$352:$AU$382,$H79-2015,FALSE)+BE79+BM79) -> 2015208 | M79: =IF($H$18="","",HLOOKUP($H$18,'Capx - H2O'!$E$352:$AU$382,$H79-2015,FALSE)+BF79+BN79) -> 2015208 | N79: =IF($H$19="","",HLOOKUP($H$19,'Capx - H2O'!$E$352:$AU$382,$H79-2015,FALSE)+BG79+BO79) -> 18515208 | BA79: 2020 | BB79: =IF($E$14="",0,IF($H46>$E$14,0,IF($H46-$E$14<-3,0,OFFSET(Extras!$E$3,0,'Scenario 1'!$H46-'Scenario 1'!$E$14)))) -> 0 | BC79: =IF($E$15="",0,IF($H46>$E$15,0,IF($H46-$E$15<-3,0,OFFSET(Extras!$E$3,0,'Scenario 1'!$H46-'Scenario 1'!$E$15)))) -> 0 | BD79: =IF($E$16="",0,IF($H46>$E$16,0,IF($H46-$E$16<-3,0,OFFSET(Extras!$E$3,0,'Scenario 1'!$H46-'Scenario 1'!$E$16)))) -> 0 | BE79: =IF($E$17="",0,IF($H46>$E$17,0,IF($H46-$E$17<-3,0,OFFSET(Extras!$E$3,0,'Scenario 1'!$H46-'Scenario 1'!$E$17)))) -> 0 | BF79: =IF($E$18="",0,IF($H46>$E$18,0,IF($H46-$E$18<-3,0,OFFSET(Extras!$E$3,0,'Scenario 1'!$H46-'Scenario 1'!$E$18)))) -> 0 | BG79: =IF($E$19="",0,IF($H46>$E$19,0,IF($H46-$E$19<-3,0,OFFSET(Extras!$E$3,0,'Scenario 1'!$H46-'Scenario 1'!$E$19)))) -> 0 | BI79: 2020 | BJ79: =IF($G$14="",0,IF($H46>$G$14,0,IF($H46-$G$14<-3,0,OFFSET(Extras!$E$4,0,'Scenario 1'!$H46-'Scenario 1'!$G$14)))) -> 0 | BK79: =IF($G$15="",0,IF($H46>$G$15,0,IF($H46-$G$15<-3,0,OFFSET(Extras!$E$4,0,'Scenario 1'!$H46-'Scenario 1'!$G$15)))) -> 0 | BL79: =IF($G$16="",0,IF($H46>$G$16,0,IF($H46-$G$16<-3,0,OFFSET(Extras!$E$4,0,'Scenario 1'!$H46-'Scenario 1'!$G$16)))) -> 0 | BM79: =IF($G$17="",0,IF($H46>$G$17,0,IF($H46-$G$17<-3,0,OFFSET(Extras!$E$4,0,'Scenario 1'!$H46-'Scenario 1'!$G$17)))) -> 0 | BN79: =IF($G$18="",0,IF($H46>$G$18,0,IF($H46-$G$18<-3,0,OFFSET(Extras!$E$4,0,'Scenario 1'!$H46-'Scenario 1'!$G$18)))) -> 0 | BO79: =IF($G$19="",0,IF($H46>$G$19,0,IF($H46-$G$19<-3,0,OFFSET(Extras!$E$4,0,'Scenario 1'!$H46-'Scenario 1'!$G$19)))) -> 0
H80: 2021 | I80: =IF($H$14="","",HLOOKUP($H$14,'Capx - H2O'!$E$352:$AU$382,$H80-2015,FALSE)+BB80+BJ80) -> 648000 | J80: =IF($H$15="","",HLOOKUP($H$15,'Capx - H2O'!$E$352:$AU$382,$H80-2015,FALSE)+BC80+BK80) -> 648000 | K80: =IF($H$16="","",HLOOKUP($H$16,'Capx - H2O'!$E$352:$AU$382,$H80-2015,FALSE)+BD80+BL80) -> 648000 | L80: =IF($H$17="","",HLOOKUP($H$17,'Capx - H2O'!$E$352:$AU$382,$H80-2015,FALSE)+BE80+BM80) -> 648000 | M80: =IF($H$18="","",HLOOKUP($H$18,'Capx - H2O'!$E$352:$AU$382,$H80-2015,FALSE)+BF80+BN80) -> 648000 | N80: =IF($H$19="","",HLOOKUP($H$19,'Capx - H2O'!$E$352:$AU$382,$H80-2015,FALSE)+BG80+BO80) -> 648000 | BA80: 2021 | BB80: =IF($E$14="",0,IF($H47>$E$14,0,IF($H47-$E$14<-3,0,OFFSET(Extras!$E$3,0,'Scenario 1'!$H47-'Scenario 1'!$E$14)))) -> 0 | BC80: =IF($E$15="",0,IF($H47>$E$15,0,IF($H47-$E$15<-3,0,OFFSET(Extras!$E$3,0,'Scenario 1'!$H47-'Scenario 1'!$E$15)))) -> 0 | BD80: =IF($E$16="",0,IF($H47>$E$16,0,IF($H47-$E$16<-3,0,OFFSET(Extras!$E$3,0,'Scenario 1'!$H47-'Scenario 1'!$E$16)))) -> 0 | BE80: =IF($E$17="",0,IF($H47>$E$17,0,IF($H47-$E$17<-3,0,OFFSET(Extras!$E$3,0,'Scenario 1'!$H47-'Scenario 1'!$E$17)))) -> 0 | BF80: =IF($E$18="",0,IF($H47>$E$18,0,IF($H47-$E$18<-3,0,OFFSET(Extras!$E$3,0,'Scenario 1'!$H47-'Scenario 1'!$E$18)))) -> 0 | BG80: =IF($E$19="",0,IF($H47>$E$19,0,IF($H47-$E$19<-3,0,OFFSET(Extras!$E$3,0,'Scenario 1'!$H47-'Scenario 1'!$E$19)))) -> 0 | BI80: 2021 | BJ80: =IF($G$14="",0,IF($H47>$G$14,0,IF($H47-$G$14<-3,0,OFFSET(Extras!$E$4,0,'Scenario 1'!$H47-'Scenario 1'!$G$14)))) -> 0 | BK80: =IF($G$15="",0,IF($H47>$G$15,0,IF($H47-$G$15<-3,0,OFFSET(Extras!$E$4,0,'Scenario 1'!$H47-'Scenario 1'!$G$15)))) -> 0 | BL80: =IF($G$16="",0,IF($H47>$G$16,0,IF($H47-$G$16<-3,0,OFFSET(Extras!$E$4,0,'Scenario 1'!$H47-'Scenario 1'!$G$16)))) -> 0 | BM80: =IF($G$17="",0,IF($H47>$G$17,0,IF($H47-$G$17<-3,0,OFFSET(Extras!$E$4,0,'Scenario 1'!$H47-'Scenario 1'!$G$17)))) -> 0 | BN80: =IF($G$18="",0,IF($H47>$G$18,0,IF($H47-$G$18<-3,0,OFFSET(Extras!$E$4,0,'Scenario 1'!$H47-'Scenario 1'!$G$18)))) -> 0 | BO80: =IF($G$19="",0,IF($H47>$G$19,0,IF($H47-$G$19<-3,0,OFFSET(Extras!$E$4,0,'Scenario 1'!$H47-'Scenario 1'!$G$19)))) -> 0
H81: 2022 | I81: =IF($H$14="","",HLOOKUP($H$14,'Capx - H2O'!$E$352:$AU$382,$H81-2015,FALSE)+BB81+BJ81) -> 990000 | J81: =IF($H$15="","",HLOOKUP($H$15,'Capx - H2O'!$E$352:$AU$382,$H81-2015,FALSE)+BC81+BK81) -> 990000 | K81: =IF($H$16="","",HLOOKUP($H$16,'Capx - H2O'!$E$352:$AU$382,$H81-2015,FALSE)+BD81+BL81) -> 990000 | L81: =IF($H$17="","",HLOOKUP($H$17,'Capx - H2O'!$E$352:$AU$382,$H81-2015,FALSE)+BE81+BM81) -> 990000 | M81: =IF($H$18="","",HLOOKUP($H$18,'Capx - H2O'!$E$352:$AU$382,$H81-2015,FALSE)+BF81+BN81) -> 990000 | N81: =IF($H$19="","",HLOOKUP($H$19,'Capx - H2O'!$E$352:$AU$382,$H81-2015,FALSE)+BG81+BO81) -> 990000 | BA81: 2022 | BB81: =IF($E$14="",0,IF($H48>$E$14,0,IF($H48-$E$14<-3,0,OFFSET(Extras!$E$3,0,'Scenario 1'!$H48-'Scenario 1'!$E$14)))) -> 0 | BC81: =IF($E$15="",0,IF($H48>$E$15,0,IF($H48-$E$15<-3,0,OFFSET(Extras!$E$3,0,'Scenario 1'!$H48-'Scenario 1'!$E$15)))) -> 0 | BD81: =IF($E$16="",0,IF($H48>$E$16,0,IF($H48-$E$16<-3,0,OFFSET(Extras!$E$3,0,'Scenario 1'!$H48-'Scenario 1'!$E$16)))) -> 0 | BE81: =IF($E$17="",0,IF($H48>$E$17,0,IF($H48-$E$17<-3,0,OFFSET(Extras!$E$3,0,'Scenario 1'!$H48-'Scenario 1'!$E$17)))) -> 0 | BF81: =IF($E$18="",0,IF($H48>$E$18,0,IF($H48-$E$18<-3,0,OFFSET(Extras!$E$3,0,'Scenario 1'!$H48-'Scenario 1'!$E$18)))) -> 0 | BG81: =IF($E$19="",0,IF($H48>$E$19,0,IF($H48-$E$19<-3,0,OFFSET(Extras!$E$3,0,'Scenario 1'!$H48-'Scenario 1'!$E$19)))) -> 0 | BI81: 2022 | BJ81: =IF($G$14="",0,IF($H48>$G$14,0,IF($H48-$G$14<-3,0,OFFSET(Extras!$E$4,0,'Scenario 1'!$H48-'Scenario 1'!$G$14)))) -> 0 | BK81: =IF($G$15="",0,IF($H48>$G$15,0,IF($H48-$G$15<-3,0,OFFSET(Extras!$E$4,0,'Scenario 1'!$H48-'Scenario 1'!$G$15)))) -> 0 | BL81: =IF($G$16="",0,IF($H48>$G$16,0,IF($H48-$G$16<-3,0,OFFSET(Extras!$E$4,0,'Scenario 1'!$H48-'Scenario 1'!$G$16)))) -> 0 | BM81: =IF($G$17="",0,IF($H48>$G$17,0,IF($H48-$G$17<-3,0,OFFSET(Extras!$E$4,0,'Scenario 1'!$H48-'Scenario 1'!$G$17)))) -> 0 | BN81: =IF($G$18="",0,IF($H48>$G$18,0,IF($H48-$G$18<-3,0,OFFSET(Extras!$E$4,0,'Scenario 1'!$H48-'Scenario 1'!$G$18)))) -> 0 | BO81: =IF($G$19="",0,IF($H48>$G$19,0,IF($H48-$G$19<-3,0,OFFSET(Extras!$E$4,0,'Scenario 1'!$H48-'Scenario 1'!$G$19)))) -> 0
H82: 2023 | I82: =IF($H$14="","",HLOOKUP($H$14,'Capx - H2O'!$E$352:$AU$382,$H82-2015,FALSE)+BB82+BJ82) -> 0 | J82: =IF($H$15="","",HLOOKUP($H$15,'Capx - H2O'!$E$352:$AU$382,$H82-2015,FALSE)+BC82+BK82) -> 5004027.9 | K82: =IF($H$16="","",HLOOKUP($H$16,'Capx - H2O'!$E$352:$AU$382,$H82-2015,FALSE)+BD82+BL82) -> 5004027.9 | L82: =IF($H$17="","",HLOOKUP($H$17,'Capx - H2O'!$E$352:$AU$382,$H82-2015,FALSE)+BE82+BM82) -> 5004027.9 | M82: =IF($H$18="","",HLOOKUP($H$18,'Capx - H2O'!$E$352:$AU$382,$H82-2015,FALSE)+BF82+BN82) -> 5004027.9 | N82: =IF($H$19="","",HLOOKUP($H$19,'Capx - H2O'!$E$352:$AU$382,$H82-2015,FALSE)+BG82+BO82) -> 5004027.9 | BA82: 2023 | BB82: =IF($E$14="",0,IF($H49>$E$14,0,IF($H49-$E$14<-3,0,OFFSET(Extras!$E$3,0,'Scenario 1'!$H49-'Scenario 1'!$E$14)))) -> 0 | BC82: =IF($E$15="",0,IF($H49>$E$15,0,IF($H49-$E$15<-3,0,OFFSET(Extras!$E$3,0,'Scenario 1'!$H49-'Scenario 1'!$E$15)))) -> 0 | BD82: =IF($E$16="",0,IF($H49>$E$16,0,IF($H49-$E$16<-3,0,OFFSET(Extras!$E$3,0,'Scenario 1'!$H49-'Scenario 1'!$E$16)))) -> 0 | BE82: =IF($E$17="",0,IF($H49>$E$17,0,IF($H49-$E$17<-3,0,OFFSET(Extras!$E$3,0,'Scenario 1'!$H49-'Scenario 1'!$E$17)))) -> 0 | BF82: =IF($E$18="",0,IF($H49>$E$18,0,IF($H49-$E$18<-3,0,OFFSET(Extras!$E$3,0,'Scenario 1'!$H49-'Scenario 1'!$E$18)))) -> 0 | BG82: =IF($E$19="",0,IF($H49>$E$19,0,IF($H49-$E$19<-3,0,OFFSET(Extras!$E$3,0,'Scenario 1'!$H49-'Scenario 1'!$E$19)))) -> 0 | BI82: 2023 | BJ82: =IF($G$14="",0,IF($H49>$G$14,0,IF($H49-$G$14<-3,0,OFFSET(Extras!$E$4,0,'Scenario 1'!$H49-'Scenario 1'!$G$14)))) -> 0 | BK82: =IF($G$15="",0,IF($H49>$G$15,0,IF($H49-$G$15<-3,0,OFFSET(Extras!$E$4,0,'Scenario 1'!$H49-'Scenario 1'!$G$15)))) -> 0 | BL82: =IF($G$16="",0,IF($H49>$G$16,0,IF($H49-$G$16<-3,0,OFFSET(Extras!$E$4,0,'Scenario 1'!$H49-'Scenario 1'!$G$16)))) -> 0 | BM82: =IF($G$17="",0,IF($H49>$G$17,0,IF($H49-$G$17<-3,0,OFFSET(Extras!$E$4,0,'Scenario 1'!$H49-'Scenario 1'!$G$17)))) -> 0 | BN82: =IF($G$18="",0,IF($H49>$G$18,0,IF($H49-$G$18<-3,0,OFFSET(Extras!$E$4,0,'Scenario 1'!$H49-'Scenario 1'!$G$18)))) -> 0 | BO82: =IF($G$19="",0,IF($H49>$G$19,0,IF($H49-$G$19<-3,0,OFFSET(Extras!$E$4,0,'Scenario 1'!$H49-'Scenario 1'!$G$19)))) -> 0
H83: 2024 | I83: =IF($H$14="","",HLOOKUP($H$14,'Capx - H2O'!$E$352:$AU$382,$H83-2015,FALSE)+BB83+BJ83) -> 0 | J83: =IF($H$15="","",HLOOKUP($H$15,'Capx - H2O'!$E$352:$AU$382,$H83-2015,FALSE)+BC83+BK83) -> 0 | K83: =IF($H$16="","",HLOOKUP($H$16,'Capx - H2O'!$E$352:$AU$382,$H83-2015,FALSE)+BD83+BL83) -> 855000 | L83: =IF($H$17="","",HLOOKUP($H$17,'Capx - H2O'!$E$352:$AU$382,$H83-2015,FALSE)+BE83+BM83) -> 855000 | M83: =IF($H$18="","",HLOOKUP($H$18,'Capx - H2O'!$E$352:$AU$382,$H83-2015,FALSE)+BF83+BN83) -> 855000 | N83: =IF($H$19="","",HLOOKUP($H$19,'Capx - H2O'!$E$352:$AU$382,$H83-2015,FALSE)+BG83+BO83) -> 855000 | BA83: 2024 | BB83: =IF($E$14="",0,IF($H50>$E$14,0,IF($H50-$E$14<-3,0,OFFSET(Extras!$E$3,0,'Scenario 1'!$H50-'Scenario 1'!$E$14)))) -> 0 | BC83: =IF($E$15="",0,IF($H50>$E$15,0,IF($H50-$E$15<-3,0,OFFSET(Extras!$E$3,0,'Scenario 1'!$H50-'Scenario 1'!$E$15)))) -> 0 | BD83: =IF($E$16="",0,IF($H50>$E$16,0,IF($H50-$E$16<-3,0,OFFSET(Extras!$E$3,0,'Scenario 1'!$H50-'Scenario 1'!$E$16)))) -> 0 | BE83: =IF($E$17="",0,IF($H50>$E$17,0,IF($H50-$E$17<-3,0,OFFSET(Extras!$E$3,0,'Scenario 1'!$H50-'Scenario 1'!$E$17)))) -> 0 | BF83: =IF($E$18="",0,IF($H50>$E$18,0,IF($H50-$E$18<-3,0,OFFSET(Extras!$E$3,0,'Scenario 1'!$H50-'Scenario 1'!$E$18)))) -> 0 | BG83: =IF($E$19="",0,IF($H50>$E$19,0,IF($H50-$E$19<-3,0,OFFSET(Extras!$E$3,0,'Scenario 1'!$H50-'Scenario 1'!$E$19)))) -> 0 | BI83: 2024 | BJ83: =IF($G$14="",0,IF($H50>$G$14,0,IF($H50-$G$14<-3,0,OFFSET(Extras!$E$4,0,'Scenario 1'!$H50-'Scenario 1'!$G$14)))) -> 0 | BK83: =IF($G$15="",0,IF($H50>$G$15,0,IF($H50-$G$15<-3,0,OFFSET(Extras!$E$4,0,'Scenario 1'!$H50-'Scenario 1'!$G$15)))) -> 0 | BL83: =IF($G$16="",0,IF($H50>$G$16,0,IF($H50-$G$16<-3,0,OFFSET(Extras!$E$4,0,'Scenario 1'!$H50-'Scenario 1'!$G$16)))) -> 0 | BM83: =IF($G$17="",0,IF($H50>$G$17,0,IF($H50-$G$17<-3,0,OFFSET(Extras!$E$4,0,'Scenario 1'!$H50-'Scenario 1'!$G$17)))) -> 0 | BN83: =IF($G$18="",0,IF($H50>$G$18,0,IF($H50-$G$18<-3,0,OFFSET(Extras!$E$4,0,'Scenario 1'!$H50-'Scenario 1'!$G$18)))) -> 0 | BO83: =IF($G$19="",0,IF($H50>$G$19,0,IF($H50-$G$19<-3,0,OFFSET(Extras!$E$4,0,'Scenario 1'!$H50-'Scenario 1'!$G$19)))) -> 0
H84: 2025 | I84: =IF($H$14="","",HLOOKUP($H$14,'Capx - H2O'!$E$352:$AU$382,$H84-2015,FALSE)+BB84+BJ84) -> 0 | J84: =IF($H$15="","",HLOOKUP($H$15,'Capx - H2O'!$E$352:$AU$382,$H84-2015,FALSE)+BC84+BK84) -> 0 | K84: =IF($H$16="","",HLOOKUP($H$16,'Capx - H2O'!$E$352:$AU$382,$H84-2015,FALSE)+BD84+BL84) -> 0 | L84: =IF($H$17="","",HLOOKUP($H$17,'Capx - H2O'!$E$352:$AU$382,$H84-2015,FALSE)+BE84+BM84) -> 1224995.6 | M84: =IF($H$18="","",HLOOKUP($H$18,'Capx - H2O'!$E$352:$AU$382,$H84-2015,FALSE)+BF84+BN84) -> 1224995.6 | N84: =IF($H$19="","",HLOOKUP($H$19,'Capx - H2O'!$E$352:$AU$382,$H84-2015,FALSE)+BG84+BO84) -> 1224995.6 | BA84: 2025 | BB84: =IF($E$14="",0,IF($H51>$E$14,0,IF($H51-$E$14<-3,0,OFFSET(Extras!$E$3,0,'Scenario 1'!$H51-'Scenario 1'!$E$14)))) -> 0 | BC84: =IF($E$15="",0,IF($H51>$E$15,0,IF($H51-$E$15<-3,0,OFFSET(Extras!$E$3,0,'Scenario 1'!$H51-'Scenario 1'!$E$15)))) -> 0 | BD84: =IF($E$16="",0,IF($H51>$E$16,0,IF($H51-$E$16<-3,0,OFFSET(Extras!$E$3,0,'Scenario 1'!$H51-'Scenario 1'!$E$16)))) -> 0 | BE84: =IF($E$17="",0,IF($H51>$E$17,0,IF($H51-$E$17<-3,0,OFFSET(Extras!$E$3,0,'Scenario 1'!$H51-'Scenario 1'!$E$17)))) -> 0 | BF84: =IF($E$18="",0,IF($H51>$E$18,0,IF($H51-$E$18<-3,0,OFFSET(Extras!$E$3,0,'Scenario 1'!$H51-'Scenario 1'!$E$18)))) -> 0 | BG84: =IF($E$19="",0,IF($H51>$E$19,0,IF($H51-$E$19<-3,0,OFFSET(Extras!$E$3,0,'Scenario 1'!$H51-'Scenario 1'!$E$19)))) -> 0 | BI84: 2025 | BJ84: =IF($G$14="",0,IF($H51>$G$14,0,IF($H51-$G$14<-3,0,OFFSET(Extras!$E$4,0,'Scenario 1'!$H51-'Scenario 1'!$G$14)))) -> 0 | BK84: =IF($G$15="",0,IF($H51>$G$15,0,IF($H51-$G$15<-3,0,OFFSET(Extras!$E$4,0,'Scenario 1'!$H51-'Scenario 1'!$G$15)))) -> 0 | BL84: =IF($G$16="",0,IF($H51>$G$16,0,IF($H51-$G$16<-3,0,OFFSET(Extras!$E$4,0,'Scenario 1'!$H51-'Scenario 1'!$G$16)))) -> 0 | BM84: =IF($G$17="",0,IF($H51>$G$17,0,IF($H51-$G$17<-3,0,OFFSET(Extras!$E$4,0,'Scenario 1'!$H51-'Scenario 1'!$G$17)))) -> 0 | BN84: =IF($G$18="",0,IF($H51>$G$18,0,IF($H51-$G$18<-3,0,OFFSET(Extras!$E$4,0,'Scenario 1'!$H51-'Scenario 1'!$G$18)))) -> 0 | BO84: =IF($G$19="",0,IF($H51>$G$19,0,IF($H51-$G$19<-3,0,OFFSET(Extras!$E$4,0,'Scenario 1'!$H51-'Scenario 1'!$G$19)))) -> 0
H85: 2026 | I85: =IF($H$14="","",HLOOKUP($H$14,'Capx - H2O'!$E$352:$AU$382,$H85-2015,FALSE)+BB85+BJ85) -> 0 | J85: =IF($H$15="","",HLOOKUP($H$15,'Capx - H2O'!$E$352:$AU$382,$H85-2015,FALSE)+BC85+BK85) -> 0 | K85: =IF($H$16="","",HLOOKUP($H$16,'Capx - H2O'!$E$352:$AU$382,$H85-2015,FALSE)+BD85+BL85) -> 0 | L85: =IF($H$17="","",HLOOKUP($H$17,'Capx - H2O'!$E$352:$AU$382,$H85-2015,FALSE)+BE85+BM85) -> 0 | M85: =IF($H$18="","",HLOOKUP($H$18,'Capx - H2O'!$E$352:$AU$382,$H85-2015,FALSE)+BF85+BN85) -> 708000 | N85: =IF($H$19="","",HLOOKUP($H$19,'Capx - H2O'!$E$352:$AU$382,$H85-2015,FALSE)+BG85+BO85) -> 708000 | BA85: 2026 | BB85: =IF($E$14="",0,IF($H52>$E$14,0,IF($H52-$E$14<-3,0,OFFSET(Extras!$E$3,0,'Scenario 1'!$H52-'Scenario 1'!$E$14)))) -> 0 | BC85: =IF($E$15="",0,IF($H52>$E$15,0,IF($H52-$E$15<-3,0,OFFSET(Extras!$E$3,0,'Scenario 1'!$H52-'Scenario 1'!$E$15)))) -> 0 | BD85: =IF($E$16="",0,IF($H52>$E$16,0,IF($H52-$E$16<-3,0,OFFSET(Extras!$E$3,0,'Scenario 1'!$H52-'Scenario 1'!$E$16)))) -> 0 | BE85: =IF($E$17="",0,IF($H52>$E$17,0,IF($H52-$E$17<-3,0,OFFSET(Extras!$E$3,0,'Scenario 1'!$H52-'Scenario 1'!$E$17)))) -> 0 | BF85: =IF($E$18="",0,IF($H52>$E$18,0,IF($H52-$E$18<-3,0,OFFSET(Extras!$E$3,0,'Scenario 1'!$H52-'Scenario 1'!$E$18)))) -> 0 | BG85: =IF($E$19="",0,IF($H52>$E$19,0,IF($H52-$E$19<-3,0,OFFSET(Extras!$E$3,0,'Scenario 1'!$H52-'Scenario 1'!$E$19)))) -> 0 | BI85: 2026 | BJ85: =IF($G$14="",0,IF($H52>$G$14,0,IF($H52-$G$14<-3,0,OFFSET(Extras!$E$4,0,'Scenario 1'!$H52-'Scenario 1'!$G$14)))) -> 0 | BK85: =IF($G$15="",0,IF($H52>$G$15,0,IF($H52-$G$15<-3,0,OFFSET(Extras!$E$4,0,'Scenario 1'!$H52-'Scenario 1'!$G$15)))) -> 0 | BL85: =IF($G$16="",0,IF($H52>$G$16,0,IF($H52-$G$16<-3,0,OFFSET(Extras!$E$4,0,'Scenario 1'!$H52-'Scenario 1'!$G$16)))) -> 0 | BM85: =IF($G$17="",0,IF($H52>$G$17,0,IF($H52-$G$17<-3,0,OFFSET(Extras!$E$4,0,'Scenario 1'!$H52-'Scenario 1'!$G$17)))) -> 0 | BN85: =IF($G$18="",0,IF($H52>$G$18,0,IF($H52-$G$18<-3,0,OFFSET(Extras!$E$4,0,'Scenario 1'!$H52-'Scenario 1'!$G$18)))) -> 0 | BO85: =IF($G$19="",0,IF($H52>$G$19,0,IF($H52-$G$19<-3,0,OFFSET(Extras!$E$4,0,'Scenario 1'!$H52-'Scenario 1'!$G$19)))) -> 0
H86: 2027 | I86: =IF($H$14="","",HLOOKUP($H$14,'Capx - H2O'!$E$352:$AU$382,$H86-2015,FALSE)+BB86+BJ86) -> 0 | J86: =IF($H$15="","",HLOOKUP($H$15,'Capx - H2O'!$E$352:$AU$382,$H86-2015,FALSE)+BC86+BK86) -> 0 | K86: =IF($H$16="","",HLOOKUP($H$16,'Capx - H2O'!$E$352:$AU$382,$H86-2015,FALSE)+BD86+BL86) -> 0 | L86: =IF($H$17="","",HLOOKUP($H$17,'Capx - H2O'!$E$352:$AU$382,$H86-2015,FALSE)+BE86+BM86) -> 0 | M86: =IF($H$18="","",HLOOKUP($H$18,'Capx - H2O'!$E$352:$AU$382,$H86-2015,FALSE)+BF86+BN86) -> 1041497.2 | N86: =IF($H$19="","",HLOOKUP($H$19,'Capx - H2O'!$E$352:$AU$382,$H86-2015,FALSE)+BG86+BO86) -> 1041497.2 | BA86: 2027 | BB86: =IF($E$14="",0,IF($H53>$E$14,0,IF($H53-$E$14<-3,0,OFFSET(Extras!$E$3,0,'Scenario 1'!$H53-'Scenario 1'!$E$14)))) -> 0 | BC86: =IF($E$15="",0,IF($H53>$E$15,0,IF($H53-$E$15<-3,0,OFFSET(Extras!$E$3,0,'Scenario 1'!$H53-'Scenario 1'!$E$15)))) -> 0 | BD86: =IF($E$16="",0,IF($H53>$E$16,0,IF($H53-$E$16<-3,0,OFFSET(Extras!$E$3,0,'Scenario 1'!$H53-'Scenario 1'!$E$16)))) -> 0 | BE86: =IF($E$17="",0,IF($H53>$E$17,0,IF($H53-$E$17<-3,0,OFFSET(Extras!$E$3,0,'Scenario 1'!$H53-'Scenario 1'!$E$17)))) -> 0 | BF86: =IF($E$18="",0,IF($H53>$E$18,0,IF($H53-$E$18<-3,0,OFFSET(Extras!$E$3,0,'Scenario 1'!$H53-'Scenario 1'!$E$18)))) -> 0 | BG86: =IF($E$19="",0,IF($H53>$E$19,0,IF($H53-$E$19<-3,0,OFFSET(Extras!$E$3,0,'Scenario 1'!$H53-'Scenario 1'!$E$19)))) -> 0 | BI86: 2027 | BJ86: =IF($G$14="",0,IF($H53>$G$14,0,IF($H53-$G$14<-3,0,OFFSET(Extras!$E$4,0,'Scenario 1'!$H53-'Scenario 1'!$G$14)))) -> 0 | BK86: =IF($G$15="",0,IF($H53>$G$15,0,IF($H53-$G$15<-3,0,OFFSET(Extras!$E$4,0,'Scenario 1'!$H53-'Scenario 1'!$G$15)))) -> 0 | BL86: =IF($G$16="",0,IF($H53>$G$16,0,IF($H53-$G$16<-3,0,OFFSET(Extras!$E$4,0,'Scenario 1'!$H53-'Scenario 1'!$G$16)))) -> 0 | BM86: =IF($G$17="",0,IF($H53>$G$17,0,IF($H53-$G$17<-3,0,OFFSET(Extras!$E$4,0,'Scenario 1'!$H53-'Scenario 1'!$G$17)))) -> 0 | BN86: =IF($G$18="",0,IF($H53>$G$18,0,IF($H53-$G$18<-3,0,OFFSET(Extras!$E$4,0,'Scenario 1'!$H53-'Scenario 1'!$G$18)))) -> 0 | BO86: =IF($G$19="",0,IF($H53>$G$19,0,IF($H53-$G$19<-3,0,OFFSET(Extras!$E$4,0,'Scenario 1'!$H53-'Scenario 1'!$G$19)))) -> 0
H87: 2028 | I87: =IF($H$14="","",HLOOKUP($H$14,'Capx - H2O'!$E$352:$AU$382,$H87-2015,FALSE)+BB87+BJ87) -> 0 | J87: =IF($H$15="","",HLOOKUP($H$15,'Capx - H2O'!$E$352:$AU$382,$H87-2015,FALSE)+BC87+BK87) -> 0 | K87: =IF($H$16="","",HLOOKUP($H$16,'Capx - H2O'!$E$352:$AU$382,$H87-2015,FALSE)+BD87+BL87) -> 0 | L87: =IF($H$17="","",HLOOKUP($H$17,'Capx - H2O'!$E$352:$AU$382,$H87-2015,FALSE)+BE87+BM87) -> 0 | M87: =IF($H$18="","",HLOOKUP($H$18,'Capx - H2O'!$E$352:$AU$382,$H87-2015,FALSE)+BF87+BN87) -> 0 | N87: =IF($H$19="","",HLOOKUP($H$19,'Capx - H2O'!$E$352:$AU$382,$H87-2015,FALSE)+BG87+BO87) -> 732000 | BA87: 2028 | BB87: =IF($E$14="",0,IF($H54>$E$14,0,IF($H54-$E$14<-3,0,OFFSET(Extras!$E$3,0,'Scenario 1'!$H54-'Scenario 1'!$E$14)))) -> 0 | BC87: =IF($E$15="",0,IF($H54>$E$15,0,IF($H54-$E$15<-3,0,OFFSET(Extras!$E$3,0,'Scenario 1'!$H54-'Scenario 1'!$E$15)))) -> 0 | BD87: =IF($E$16="",0,IF($H54>$E$16,0,IF($H54-$E$16<-3,0,OFFSET(Extras!$E$3,0,'Scenario 1'!$H54-'Scenario 1'!$E$16)))) -> 0 | BE87: =IF($E$17="",0,IF($H54>$E$17,0,IF($H54-$E$17<-3,0,OFFSET(Extras!$E$3,0,'Scenario 1'!$H54-'Scenario 1'!$E$17)))) -> 0 | BF87: =IF($E$18="",0,IF($H54>$E$18,0,IF($H54-$E$18<-3,0,OFFSET(Extras!$E$3,0,'Scenario 1'!$H54-'Scenario 1'!$E$18)))) -> 0 | BG87: =IF($E$19="",0,IF($H54>$E$19,0,IF($H54-$E$19<-3,0,OFFSET(Extras!$E$3,0,'Scenario 1'!$H54-'Scenario 1'!$E$19)))) -> 0 | BI87: 2028 | BJ87: =IF($G$14="",0,IF($H54>$G$14,0,IF($H54-$G$14<-3,0,OFFSET(Extras!$E$4,0,'Scenario 1'!$H54-'Scenario 1'!$G$14)))) -> 0 | BK87: =IF($G$15="",0,IF($H54>$G$15,0,IF($H54-$G$15<-3,0,OFFSET(Extras!$E$4,0,'Scenario 1'!$H54-'Scenario 1'!$G$15)))) -> 0 | BL87: =IF($G$16="",0,IF($H54>$G$16,0,IF($H54-$G$16<-3,0,OFFSET(Extras!$E$4,0,'Scenario 1'!$H54-'Scenario 1'!$G$16)))) -> 0 | BM87: =IF($G$17="",0,IF($H54>$G$17,0,IF($H54-$G$17<-3,0,OFFSET(Extras!$E$4,0,'Scenario 1'!$H54-'Scenario 1'!$G$17)))) -> 0 | BN87: =IF($G$18="",0,IF($H54>$G$18,0,IF($H54-$G$18<-3,0,OFFSET(Extras!$E$4,0,'Scenario 1'!$H54-'Scenario 1'!$G$18)))) -> 0 | BO87: =IF($G$19="",0,IF($H54>$G$19,0,IF($H54-$G$19<-3,0,OFFSET(Extras!$E$4,0,'Scenario 1'!$H54-'Scenario 1'!$G$19)))) -> 0
... H104: 2045 | I104: =IF($H$14="","",HLOOKUP($H$14,'Capx - H2O'!$E$352:$AU$382,$H104-2015,FALSE)+BB104+BJ104) -> 0 | J104: =IF($H$15="","",HLOOKUP($H$15,'Capx - H2O'!$E$352:$AU$382,$H104-2015,FALSE)+BC104+BK104) -> 0 | K104: =IF($H$16="","",HLOOKUP($H$16,'Capx - H2O'!$E$352:$AU$382,$H104-2015,FALSE)+BD104+BL104) -> 0 | L104: =IF($H$17="","",HLOOKUP($H$17,'Capx - H2O'!$E$352:$AU$382,$H104-2015,FALSE)+BE104+BM104) -> 0 | M104: =IF($H$18="","",HLOOKUP($H$18,'Capx - H2O'!$E$352:$AU$382,$H104-2015,FALSE)+BF104+BN104) -> 0 | N104: =IF($H$19="","",HLOOKUP($H$19,'Capx - H2O'!$E$352:$AU$382,$H104-2015,FALSE)+BG104+BO104) -> 0 | BA104: 2045 | BB104: =IF($E$14="",0,IF($H71>$E$14,0,IF($H71-$E$14<-3,0,OFFSET(Extras!$E$3,0,'Scenario 1'!$H71-'Scenario 1'!$E$14)))) -> 0 | BC104: =IF($E$15="",0,IF($H71>$E$15,0,IF($H71-$E$15<-3,0,OFFSET(Extras!$E$3,0,'Scenario 1'!$H71-'Scenario 1'!$E$15)))) -> 0 | BD104: =IF($E$16="",0,IF($H71>$E$16,0,IF($H71-$E$16<-3,0,OFFSET(Extras!$E$3,0,'Scenario 1'!$H71-'Scenario 1'!$E$16)))) -> 0 | BE104: =IF($E$17="",0,IF($H71>$E$17,0,IF($H71-$E$17<-3,0,OFFSET(Extras!$E$3,0,'Scenario 1'!$H71-'Scenario 1'!$E$17)))) -> 0 | BF104: =IF($E$18="",0,IF($H71>$E$18,0,IF($H71-$E$18<-3,0,OFFSET(Extras!$E$3,0,'Scenario 1'!$H71-'Scenario 1'!$E$18)))) -> 0 | BG104: =IF($E$19="",0,IF($H71>$E$19,0,IF($H71-$E$19<-3,0,OFFSET(Extras!$E$3,0,'Scenario 1'!$H71-'Scenario 1'!$E$19)))) -> 0 | BI104: 2045 | BJ104: =IF($G$14="",0,IF($H71>$G$14,0,IF($H71-$G$14<-3,0,OFFSET(Extras!$E$4,0,'Scenario 1'!$H71-'Scenario 1'!$G$14)))) -> 0 | BK104: =IF($G$15="",0,IF($H71>$G$15,0,IF($H71-$G$15<-3,0,OFFSET(Extras!$E$4,0,'Scenario 1'!$H71-'Scenario 1'!$G$15)))) -> 0 | BL104: =IF($G$16="",0,IF($H71>$G$16,0,IF($H71-$G$16<-3,0,OFFSET(Extras!$E$4,0,'Scenario 1'!$H71-'Scenario 1'!$G$16)))) -> 0 | BM104: =IF($G$17="",0,IF($H71>$G$17,0,IF($H71-$G$17<-3,0,OFFSET(Extras!$E$4,0,'Scenario 1'!$H71-'Scenario 1'!$G$17)))) -> 0 | BN104: =IF($G$18="",0,IF($H71>$G$18,0,IF($H71-$G$18<-3,0,OFFSET(Extras!$E$4,0,'Scenario 1'!$H71-'Scenario 1'!$G$18)))) -> 0 | BO104: =IF($G$19="",0,IF($H71>$G$19,0,IF($H71-$G$19<-3,0,OFFSET(Extras!$E$4,0,'Scenario 1'!$H71-'Scenario 1'!$G$19)))) -> 0
H105: Total | I105: =SUM(I76:I104) -> 9622208 | J105: =SUM(J76:J104) -> 22626236 | K105: =SUM(K76:K104) -> 23731236 | L105: =SUM(L76:L104) -> 33206231 | M105: =SUM(M76:M104) -> 51455729 | N105: =SUM(N76:N104) -> 71066068
B106: 7: Fixed O&M - Labor | S106: 1st Unit - Step 1 - Reduce baseline based on scenario | AB106: 1st Unit - Step 1 - Single Unit Operation and Retirement | AJ106: 2nd Unit - Step 1 - Reduce baseline based on scenario | AS106: 2nd Unit - Step 1 - Single Unit Operation and Retirement
H108: Year | I108: =I42 -> 1 | J108: =J42 -> 1A | K108: =K42 -> 1B | L108: =L42 -> 1C | M108: =M42 -> 1D | N108: =N42 -> 1E | S108: Year | T108: Baseline | U108: =U42 -> 1 | V108: =V42 -> 1A | W108: =W42 -> 1B | X108: =X42 -> 1C | Y108: =Y42 -> 1D | Z108: =Z42 -> 1E | AB108: Year | AC108: =U108 -> 1 | AD108: =V108 -> 1A | AE108: =W108 -> 1B | AF108: =X108 -> 1C | AG108: =Y108 -> 1D | AH108: =Z108 -> 1E | AJ108: Year | AK108: Baseline | AL108: =AL42 -> 1 | AM108: =AM42 -> 1A | AN108: =AN42 -> 1B | AO108: =AO42 -> 1C | AP108: =AP42 -> 1D | AQ108: =AQ42 -> 1E | AS108: Year | AT108: =AL108 -> 1 | AU108: =AM108 -> 1A | AV108: =AN108 -> 1B | AW108: =AO108 -> 1C | AX108: =AP108 -> 1D | AY108: =AQ108 -> 1E
H109: 2017 | I109: =AC109+AT109 -> 18063856 | J109: =AD109+AU109 -> 18063856 | K109: =AE109+AV109 -> 18063856 | L109: =AF109+AW109 -> 18063856 | M109: =AG109+AX109 -> 18063856 | N109: =AH109+AY109 -> 18063856 | S109: 2017 | T109: =HLOOKUP($S109,'Fixed - Labor'!$A$21:$AE$24,2,FALSE) -> 5908687.3 | U109: =IF($S109>$I$14,"Retired",IF($K$14="","A",IF($S109<$K$14,"A",IF($S109<=$I$14,"B")))) -> A | V109: =IF($S109>$I$15,"Retired",IF($K$15="","A",IF($S109<$K$15,"A",IF($S109<=$I$15,"B")))) -> A | W109: =IF($S109>$I$16,"Retired",IF($K$16="","A",IF($S109<$K$16,"A",IF($S109<=$I$16,"B")))) -> A | X109: =IF($S109>$I$17,"Retired",IF($K$17="","A",IF($S109<$K$17,"A",IF($S109<=$I$17,"B")))) -> A | Y109: =IF($S109>$I$18,"Retired",IF($K$18="","A",IF($S109<$K$18,"A",IF($S109<=$I$18,"B")))) -> A | Z109: =IF($S109>$I$19,"Retired",IF($K$19="","A",IF($S109<$K$19,"A",IF($S109<=$I$19,"B")))) -> A | AB109: 2017 | AC109: =IF(U109="Retired",0,HLOOKUP(U109,'Fixed - Labor'!$C$29:$E$37,'Scenario 1'!$H$24,FALSE)*$T109) -> 5908687.3 | AD109: =IF(V109="Retired",0,HLOOKUP(V109,'Fixed - Labor'!$C$29:$E$37,'Scenario 1'!$H$24,FALSE)*$T109) -> 5908687.3 | AE109: =IF(W109="Retired",0,HLOOKUP(W109,'Fixed - Labor'!$C$29:$E$37,'Scenario 1'!$H$24,FALSE)*$T109) -> 5908687.3 | AF109: =IF(X109="Retired",0,HLOOKUP(X109,'Fixed - Labor'!$C$29:$E$37,'Scenario 1'!$H$24,FALSE)*$T109) -> 5908687.3 | AG109: =IF(Y109="Retired",0,HLOOKUP(Y109,'Fixed - Labor'!$C$29:$E$37,'Scenario 1'!$H$24,FALSE)*$T109) -> 5908687.3 | AH109: =IF(Z109="Retired",0,HLOOKUP(Z109,'Fixed - Labor'!$C$29:$E$37,'Scenario 1'!$H$24,FALSE)*$T109) -> 5908687.3 | AJ109: 2017 | AK109: =HLOOKUP($AJ109,'Fixed - Labor'!$A$21:$AE$24,3,FALSE) -> 12155169 | AL109: =IF($S109>$J$14,"Retired",IF($L$14="","A",IF($S109<$L$14,"A",IF(AND($S109<=$J$14,$S109<=$I$14),"B","C")))) -> A | AM109: =IF($S109>$J$15,"Retired",IF($L$15="","A",IF($S109<$L$15,"A",IF(AND($S109<=$J$15,$S109<=$I$15),"B","C")))) -> A | AN109: =IF($S109>$J$16,"Retired",IF($L$16="","A",IF($S109<$L$16,"A",IF(AND($S109<=$J$16,$S109<=$I$16),"B","C")))) -> A | AO109: =IF($S109>$J$17,"Retired",IF($L$17="","A",IF($S109<$L$17,"A",IF(AND($S109<=$J$17,$S109<=$I$17),"B","C")))) -> A | AP109: =IF($S109>$J$18,"Retired",IF($L$18="","A",IF($S109<$L$18,"A",IF(AND($S109<=$J$18,$S109<=$I$18),"B","C")))) -> A | AQ109: =IF($S109>$J$19,"Retired",IF($L$19="","A",IF($S109<$L$19,"A",IF(AND($S109<=$J$19,$S109<=$I$19),"B","C")))) -> A | AS109: 2017 | AT109: =IF(AL109="Retired",0,HLOOKUP(AL109,'Fixed - Labor'!$C$29:$E$37,'Scenario 1'!$H$24,FALSE)*$AK109) -> 12155169 | AU109: =IF(AM109="Retired",0,HLOOKUP(AM109,'Fixed - Labor'!$C$29:$E$37,'Scenario 1'!$H$24,FALSE)*$AK109) -> 12155169 | AV109: =IF(AN109="Retired",0,HLOOKUP(AN109,'Fixed - Labor'!$C$29:$E$37,'Scenario 1'!$H$24,FALSE)*$AK109) -> 12155169 | AW109: =IF(AO109="Retired",0,HLOOKUP(AO109,'Fixed - Labor'!$C$29:$E$37,'Scenario 1'!$H$24,FALSE)*$AK109) -> 12155169 | AX109: =IF(AP109="Retired",0,HLOOKUP(AP109,'Fixed - Labor'!$C$29:$E$37,'Scenario 1'!$H$24,FALSE)*$AK109) -> 12155169 | AY109: =IF(AQ109="Retired",0,HLOOKUP(AQ109,'Fixed - Labor'!$C$29:$E$37,'Scenario 1'!$H$24,FALSE)*$AK109) -> 12155169
H110: 2018 | I110: =AC110+AT110 -> 18538570 | J110: =AD110+AU110 -> 18538570 | K110: =AE110+AV110 -> 18538570 | L110: =AF110+AW110 -> 18538570 | M110: =AG110+AX110 -> 18538570 | N110: =AH110+AY110 -> 18538570 | S110: 2018 | T110: =HLOOKUP($S110,'Fixed - Labor'!$A$21:$AE$24,2,FALSE) -> 6063966.2 | U110: =IF($S110>$I$14,"Retired",IF($K$14="","A",IF($S110<$K$14,"A",IF($S110<=$I$14,"B")))) -> A | V110: =IF($S110>$I$15,"Retired",IF($K$15="","A",IF($S110<$K$15,"A",IF($S110<=$I$15,"B")))) -> A | W110: =IF($S110>$I$16,"Retired",IF($K$16="","A",IF($S110<$K$16,"A",IF($S110<=$I$16,"B")))) -> A | X110: =IF($S110>$I$17,"Retired",IF($K$17="","A",IF($S110<$K$17,"A",IF($S110<=$I$17,"B")))) -> A | Y110: =IF($S110>$I$18,"Retired",IF($K$18="","A",IF($S110<$K$18,"A",IF($S110<=$I$18,"B")))) -> A | Z110: =IF($S110>$I$19,"Retired",IF($K$19="","A",IF($S110<$K$19,"A",IF($S110<=$I$19,"B")))) -> A | AB110: 2018 | AC110: =IF(U110="Retired",0,HLOOKUP(U110,'Fixed - Labor'!$C$29:$E$37,'Scenario 1'!$H$24,FALSE)*$T110) -> 6063966.2 | AD110: =IF(V110="Retired",0,HLOOKUP(V110,'Fixed - Labor'!$C$29:$E$37,'Scenario 1'!$H$24,FALSE)*$T110) -> 6063966.2 | AE110: =IF(W110="Retired",0,HLOOKUP(W110,'Fixed - Labor'!$C$29:$E$37,'Scenario 1'!$H$24,FALSE)*$T110) -> 6063966.2 | AF110: =IF(X110="Retired",0,HLOOKUP(X110,'Fixed - Labor'!$C$29:$E$37,'Scenario 1'!$H$24,FALSE)*$T110) -> 6063966.2 | AG110: =IF(Y110="Retired",0,HLOOKUP(Y110,'Fixed - Labor'!$C$29:$E$37,'Scenario 1'!$H$24,FALSE)*$T110) -> 6063966.2 | AH110: =IF(Z110="Retired",0,HLOOKUP(Z110,'Fixed - Labor'!$C$29:$E$37,'Scenario 1'!$H$24,FALSE)*$T110) -> 6063966.2 | AJ110: 2018 | AK110: =HLOOKUP($AJ110,'Fixed - Labor'!$A$21:$AE$24,3,FALSE) -> 12474604 | AL110: =IF($S110>$J$14,"Retired",IF($L$14="","A",IF($S110<$L$14,"A",IF(AND($S110<=$J$14,$S110<=$I$14),"B","C")))) -> A | AM110: =IF($S110>$J$15,"Retired",IF($L$15="","A",IF($S110<$L$15,"A",IF(AND($S110<=$J$15,$S110<=$I$15),"B","C")))) -> A | AN110: =IF($S110>$J$16,"Retired",IF($L$16="","A",IF($S110<$L$16,"A",IF(AND($S110<=$J$16,$S110<=$I$16),"B","C")))) -> A | AO110: =IF($S110>$J$17,"Retired",IF($L$17="","A",IF($S110<$L$17,"A",IF(AND($S110<=$J$17,$S110<=$I$17),"B","C")))) -> A | AP110: =IF($S110>$J$18,"Retired",IF($L$18="","A",IF($S110<$L$18,"A",IF(AND($S110<=$J$18,$S110<=$I$18),"B","C")))) -> A | AQ110: =IF($S110>$J$19,"Retired",IF($L$19="","A",IF($S110<$L$19,"A",IF(AND($S110<=$J$19,$S110<=$I$19),"B","C")))) -> A | AS110: 2018 | AT110: =IF(AL110="Retired",0,HLOOKUP(AL110,'Fixed - Labor'!$C$29:$E$37,'Scenario 1'!$H$24,FALSE)*$AK110) -> 12474604 | AU110: =IF(AM110="Retired",0,HLOOKUP(AM110,'Fixed - Labor'!$C$29:$E$37,'Scenario 1'!$H$24,FALSE)*$AK110) -> 12474604 | AV110: =IF(AN110="Retired",0,HLOOKUP(AN110,'Fixed - Labor'!$C$29:$E$37,'Scenario 1'!$H$24,FALSE)*$AK110) -> 12474604 | AW110: =IF(AO110="Retired",0,HLOOKUP(AO110,'Fixed - Labor'!$C$29:$E$37,'Scenario 1'!$H$24,FALSE)*$AK110) -> 12474604 | AX110: =IF(AP110="Retired",0,HLOOKUP(AP110,'Fixed - Labor'!$C$29:$E$37,'Scenario 1'!$H$24,FALSE)*$AK110) -> 12474604 | AY110: =IF(AQ110="Retired",0,HLOOKUP(AQ110,'Fixed - Labor'!$C$29:$E$37,'Scenario 1'!$H$24,FALSE)*$AK110) -> 12474604
H111: 2019 | I111: =AC111+AT111 -> 18854305 | J111: =AD111+AU111 -> 18854305 | K111: =AE111+AV111 -> 18854305 | L111: =AF111+AW111 -> 18854305 | M111: =AG111+AX111 -> 18854305 | N111: =AH111+AY111 -> 18854305 | S111: 2019 | T111: =HLOOKUP($S111,'Fixed - Labor'!$A$21:$AE$24,2,FALSE) -> 6167243.3 | U111: =IF($S111>$I$14,"Retired",IF($K$14="","A",IF($S111<$K$14,"A",IF($S111<=$I$14,"B")))) -> A | V111: =IF($S111>$I$15,"Retired",IF($K$15="","A",IF($S111<$K$15,"A",IF($S111<=$I$15,"B")))) -> A | W111: =IF($S111>$I$16,"Retired",IF($K$16="","A",IF($S111<$K$16,"A",IF($S111<=$I$16,"B")))) -> A | X111: =IF($S111>$I$17,"Retired",IF($K$17="","A",IF($S111<$K$17,"A",IF($S111<=$I$17,"B")))) -> A | Y111: =IF($S111>$I$18,"Retired",IF($K$18="","A",IF($S111<$K$18,"A",IF($S111<=$I$18,"B")))) -> A | Z111: =IF($S111>$I$19,"Retired",IF($K$19="","A",IF($S111<$K$19,"A",IF($S111<=$I$19,"B")))) -> A | AB111: 2019 | AC111: =IF(U111="Retired",0,HLOOKUP(U111,'Fixed - Labor'!$C$29:$E$37,'Scenario 1'!$H$24,FALSE)*$T111) -> 6167243.3 | AD111: =IF(V111="Retired",0,HLOOKUP(V111,'Fixed - Labor'!$C$29:$E$37,'Scenario 1'!$H$24,FALSE)*$T111) -> 6167243.3 | AE111: =IF(W111="Retired",0,HLOOKUP(W111,'Fixed - Labor'!$C$29:$E$37,'Scenario 1'!$H$24,FALSE)*$T111) -> 6167243.3 | AF111: =IF(X111="Retired",0,HLOOKUP(X111,'Fixed - Labor'!$C$29:$E$37,'Scenario 1'!$H$24,FALSE)*$T111) -> 6167243.3 | AG111: =IF(Y111="Retired",0,HLOOKUP(Y111,'Fixed - Labor'!$C$29:$E$37,'Scenario 1'!$H$24,FALSE)*$T111) -> 6167243.3 | AH111: =IF(Z111="Retired",0,HLOOKUP(Z111,'Fixed - Labor'!$C$29:$E$37,'Scenario 1'!$H$24,FALSE)*$T111) -> 6167243.3 | AJ111: 2019 | AK111: =HLOOKUP($AJ111,'Fixed - Labor'!$A$21:$AE$24,3,FALSE) -> 12687062 | AL111: =IF($S111>$J$14,"Retired",IF($L$14="","A",IF($S111<$L$14,"A",IF(AND($S111<=$J$14,$S111<=$I$14),"B","C")))) -> A | AM111: =IF($S111>$J$15,"Retired",IF($L$15="","A",IF($S111<$L$15,"A",IF(AND($S111<=$J$15,$S111<=$I$15),"B","C")))) -> A | AN111: =IF($S111>$J$16,"Retired",IF($L$16="","A",IF($S111<$L$16,"A",IF(AND($S111<=$J$16,$S111<=$I$16),"B","C")))) -> A | AO111: =IF($S111>$J$17,"Retired",IF($L$17="","A",IF($S111<$L$17,"A",IF(AND($S111<=$J$17,$S111<=$I$17),"B","C")))) -> A | AP111: =IF($S111>$J$18,"Retired",IF($L$18="","A",IF($S111<$L$18,"A",IF(AND($S111<=$J$18,$S111<=$I$18),"B","C")))) -> A | AQ111: =IF($S111>$J$19,"Retired",IF($L$19="","A",IF($S111<$L$19,"A",IF(AND($S111<=$J$19,$S111<=$I$19),"B","C")))) -> A | AS111: 2019 | AT111: =IF(AL111="Retired",0,HLOOKUP(AL111,'Fixed - Labor'!$C$29:$E$37,'Scenario 1'!$H$24,FALSE)*$AK111) -> 12687062 | AU111: =IF(AM111="Retired",0,HLOOKUP(AM111,'Fixed - Labor'!$C$29:$E$37,'Scenario 1'!$H$24,FALSE)*$AK111) -> 12687062 | AV111: =IF(AN111="Retired",0,HLOOKUP(AN111,'Fixed - Labor'!$C$29:$E$37,'Scenario 1'!$H$24,FALSE)*$AK111) -> 12687062 | AW111: =IF(AO111="Retired",0,HLOOKUP(AO111,'Fixed - Labor'!$C$29:$E$37,'Scenario 1'!$H$24,FALSE)*$AK111) -> 12687062 | AX111: =IF(AP111="Retired",0,HLOOKUP(AP111,'Fixed - Labor'!$C$29:$E$37,'Scenario 1'!$H$24,FALSE)*$AK111) -> 12687062 | AY111: =IF(AQ111="Retired",0,HLOOKUP(AQ111,'Fixed - Labor'!$C$29:$E$37,'Scenario 1'!$H$24,FALSE)*$AK111) -> 12687062
H112: 2020 | I112: =AC112+AT112 -> 19834948 | J112: =AD112+AU112 -> 19834948 | K112: =AE112+AV112 -> 19834948 | L112: =AF112+AW112 -> 19834948 | M112: =AG112+AX112 -> 19834948 | N112: =AH112+AY112 -> 19834948 | S112: 2020 | T112: =HLOOKUP($S112,'Fixed - Labor'!$A$21:$AE$24,2,FALSE) -> 6488011.6 | U112: =IF($S112>$I$14,"Retired",IF($K$14="","A",IF($S112<$K$14,"A",IF($S112<=$I$14,"B")))) -> A | V112: =IF($S112>$I$15,"Retired",IF($K$15="","A",IF($S112<$K$15,"A",IF($S112<=$I$15,"B")))) -> A | W112: =IF($S112>$I$16,"Retired",IF($K$16="","A",IF($S112<$K$16,"A",IF($S112<=$I$16,"B")))) -> A | X112: =IF($S112>$I$17,"Retired",IF($K$17="","A",IF($S112<$K$17,"A",IF($S112<=$I$17,"B")))) -> A | Y112: =IF($S112>$I$18,"Retired",IF($K$18="","A",IF($S112<$K$18,"A",IF($S112<=$I$18,"B")))) -> A | Z112: =IF($S112>$I$19,"Retired",IF($K$19="","A",IF($S112<$K$19,"A",IF($S112<=$I$19,"B")))) -> A | AB112: 2020 | AC112: =IF(U112="Retired",0,HLOOKUP(U112,'Fixed - Labor'!$C$29:$E$37,'Scenario 1'!$H$24,FALSE)*$T112) -> 6488011.6 | AD112: =IF(V112="Retired",0,HLOOKUP(V112,'Fixed - Labor'!$C$29:$E$37,'Scenario 1'!$H$24,FALSE)*$T112) -> 6488011.6 | AE112: =IF(W112="Retired",0,HLOOKUP(W112,'Fixed - Labor'!$C$29:$E$37,'Scenario 1'!$H$24,FALSE)*$T112) -> 6488011.6 | AF112: =IF(X112="Retired",0,HLOOKUP(X112,'Fixed - Labor'!$C$29:$E$37,'Scenario 1'!$H$24,FALSE)*$T112) -> 6488011.6 | AG112: =IF(Y112="Retired",0,HLOOKUP(Y112,'Fixed - Labor'!$C$29:$E$37,'Scenario 1'!$H$24,FALSE)*$T112) -> 6488011.6 | AH112: =IF(Z112="Retired",0,HLOOKUP(Z112,'Fixed - Labor'!$C$29:$E$37,'Scenario 1'!$H$24,FALSE)*$T112) -> 6488011.6 | AJ112: 2020 | AK112: =HLOOKUP($AJ112,'Fixed - Labor'!$A$21:$AE$24,3,FALSE) -> 13346937 | AL112: =IF($S112>$J$14,"Retired",IF($L$14="","A",IF($S112<$L$14,"A",IF(AND($S112<=$J$14,$S112<=$I$14),"B","C")))) -> A | AM112: =IF($S112>$J$15,"Retired",IF($L$15="","A",IF($S112<$L$15,"A",IF(AND($S112<=$J$15,$S112<=$I$15),"B","C")))) -> A | AN112: =IF($S112>$J$16,"Retired",IF($L$16="","A",IF($S112<$L$16,"A",IF(AND($S112<=$J$16,$S112<=$I$16),"B","C")))) -> A | AO112: =IF($S112>$J$17,"Retired",IF($L$17="","A",IF($S112<$L$17,"A",IF(AND($S112<=$J$17,$S112<=$I$17),"B","C")))) -> A | AP112: =IF($S112>$J$18,"Retired",IF($L$18="","A",IF($S112<$L$18,"A",IF(AND($S112<=$J$18,$S112<=$I$18),"B","C")))) -> A | AQ112: =IF($S112>$J$19,"Retired",IF($L$19="","A",IF($S112<$L$19,"A",IF(AND($S112<=$J$19,$S112<=$I$19),"B","C")))) -> A | AS112: 2020 | AT112: =IF(AL112="Retired",0,HLOOKUP(AL112,'Fixed - Labor'!$C$29:$E$37,'Scenario 1'!$H$24,FALSE)*$AK112) -> 13346937 | AU112: =IF(AM112="Retired",0,HLOOKUP(AM112,'Fixed - Labor'!$C$29:$E$37,'Scenario 1'!$H$24,FALSE)*$AK112) -> 13346937 | AV112: =IF(AN112="Retired",0,HLOOKUP(AN112,'Fixed - Labor'!$C$29:$E$37,'Scenario 1'!$H$24,FALSE)*$AK112) -> 13346937 | AW112: =IF(AO112="Retired",0,HLOOKUP(AO112,'Fixed - Labor'!$C$29:$E$37,'Scenario 1'!$H$24,FALSE)*$AK112) -> 13346937 | AX112: =IF(AP112="Retired",0,HLOOKUP(AP112,'Fixed - Labor'!$C$29:$E$37,'Scenario 1'!$H$24,FALSE)*$AK112) -> 13346937 | AY112: =IF(AQ112="Retired",0,HLOOKUP(AQ112,'Fixed - Labor'!$C$29:$E$37,'Scenario 1'!$H$24,FALSE)*$AK112) -> 13346937
H113: 2021 | I113: =AC113+AT113 -> 19947342 | J113: =AD113+AU113 -> 19947342 | K113: =AE113+AV113 -> 19947342 | L113: =AF113+AW113 -> 19947342 | M113: =AG113+AX113 -> 19947342 | N113: =AH113+AY113 -> 19947342 | S113: 2021 | T113: =HLOOKUP($S113,'Fixed - Labor'!$A$21:$AE$24,2,FALSE) -> 6524775.6 | U113: =IF($S113>$I$14,"Retired",IF($K$14="","A",IF($S113<$K$14,"A",IF($S113<=$I$14,"B")))) -> A | V113: =IF($S113>$I$15,"Retired",IF($K$15="","A",IF($S113<$K$15,"A",IF($S113<=$I$15,"B")))) -> A | W113: =IF($S113>$I$16,"Retired",IF($K$16="","A",IF($S113<$K$16,"A",IF($S113<=$I$16,"B")))) -> A | X113: =IF($S113>$I$17,"Retired",IF($K$17="","A",IF($S113<$K$17,"A",IF($S113<=$I$17,"B")))) -> A | Y113: =IF($S113>$I$18,"Retired",IF($K$18="","A",IF($S113<$K$18,"A",IF($S113<=$I$18,"B")))) -> A | Z113: =IF($S113>$I$19,"Retired",IF($K$19="","A",IF($S113<$K$19,"A",IF($S113<=$I$19,"B")))) -> A | AB113: 2021 | AC113: =IF(U113="Retired",0,HLOOKUP(U113,'Fixed - Labor'!$C$29:$E$37,'Scenario 1'!$H$24,FALSE)*$T113) -> 6524775.6 | AD113: =IF(V113="Retired",0,HLOOKUP(V113,'Fixed - Labor'!$C$29:$E$37,'Scenario 1'!$H$24,FALSE)*$T113) -> 6524775.6 | AE113: =IF(W113="Retired",0,HLOOKUP(W113,'Fixed - Labor'!$C$29:$E$37,'Scenario 1'!$H$24,FALSE)*$T113) -> 6524775.6 | AF113: =IF(X113="Retired",0,HLOOKUP(X113,'Fixed - Labor'!$C$29:$E$37,'Scenario 1'!$H$24,FALSE)*$T113) -> 6524775.6 | AG113: =IF(Y113="Retired",0,HLOOKUP(Y113,'Fixed - Labor'!$C$29:$E$37,'Scenario 1'!$H$24,FALSE)*$T113) -> 6524775.6 | AH113: =IF(Z113="Retired",0,HLOOKUP(Z113,'Fixed - Labor'!$C$29:$E$37,'Scenario 1'!$H$24,FALSE)*$T113) -> 6524775.6 | AJ113: 2021 | AK113: =HLOOKUP($AJ113,'Fixed - Labor'!$A$21:$AE$24,3,FALSE) -> 13422567 | AL113: =IF($S113>$J$14,"Retired",IF($L$14="","A",IF($S113<$L$14,"A",IF(AND($S113<=$J$14,$S113<=$I$14),"B","C")))) -> A | AM113: =IF($S113>$J$15,"Retired",IF($L$15="","A",IF($S113<$L$15,"A",IF(AND($S113<=$J$15,$S113<=$I$15),"B","C")))) -> A | AN113: =IF($S113>$J$16,"Retired",IF($L$16="","A",IF($S113<$L$16,"A",IF(AND($S113<=$J$16,$S113<=$I$16),"B","C")))) -> A | AO113: =IF($S113>$J$17,"Retired",IF($L$17="","A",IF($S113<$L$17,"A",IF(AND($S113<=$J$17,$S113<=$I$17),"B","C")))) -> A | AP113: =IF($S113>$J$18,"Retired",IF($L$18="","A",IF($S113<$L$18,"A",IF(AND($S113<=$J$18,$S113<=$I$18),"B","C")))) -> A | AQ113: =IF($S113>$J$19,"Retired",IF($L$19="","A",IF($S113<$L$19,"A",IF(AND($S113<=$J$19,$S113<=$I$19),"B","C")))) -> A | AS113: 2021 | AT113: =IF(AL113="Retired",0,HLOOKUP(AL113,'Fixed - Labor'!$C$29:$E$37,'Scenario 1'!$H$24,FALSE)*$AK113) -> 13422567 | AU113: =IF(AM113="Retired",0,HLOOKUP(AM113,'Fixed - Labor'!$C$29:$E$37,'Scenario 1'!$H$24,FALSE)*$AK113) -> 13422567 | AV113: =IF(AN113="Retired",0,HLOOKUP(AN113,'Fixed - Labor'!$C$29:$E$37,'Scenario 1'!$H$24,FALSE)*$AK113) -> 13422567 | AW113: =IF(AO113="Retired",0,HLOOKUP(AO113,'Fixed - Labor'!$C$29:$E$37,'Scenario 1'!$H$24,FALSE)*$AK113) -> 13422567 | AX113: =IF(AP113="Retired",0,HLOOKUP(AP113,'Fixed - Labor'!$C$29:$E$37,'Scenario 1'!$H$24,FALSE)*$AK113) -> 13422567 | AY113: =IF(AQ113="Retired",0,HLOOKUP(AQ113,'Fixed - Labor'!$C$29:$E$37,'Scenario 1'!$H$24,FALSE)*$AK113) -> 13422567
H114: 2022 | I114: =AC114+AT114 -> 20346289 | J114: =AD114+AU114 -> 20346289 | K114: =AE114+AV114 -> 20346289 | L114: =AF114+AW114 -> 20346289 | M114: =AG114+AX114 -> 20346289 | N114: =AH114+AY114 -> 20346289 | S114: 2022 | T114: =HLOOKUP($S114,'Fixed - Labor'!$A$21:$AE$24,2,FALSE) -> 6655271.1 | U114: =IF($S114>$I$14,"Retired",IF($K$14="","A",IF($S114<$K$14,"A",IF($S114<=$I$14,"B")))) -> A | V114: =IF($S114>$I$15,"Retired",IF($K$15="","A",IF($S114<$K$15,"A",IF($S114<=$I$15,"B")))) -> A | W114: =IF($S114>$I$16,"Retired",IF($K$16="","A",IF($S114<$K$16,"A",IF($S114<=$I$16,"B")))) -> A | X114: =IF($S114>$I$17,"Retired",IF($K$17="","A",IF($S114<$K$17,"A",IF($S114<=$I$17,"B")))) -> A | Y114: =IF($S114>$I$18,"Retired",IF($K$18="","A",IF($S114<$K$18,"A",IF($S114<=$I$18,"B")))) -> A | Z114: =IF($S114>$I$19,"Retired",IF($K$19="","A",IF($S114<$K$19,"A",IF($S114<=$I$19,"B")))) -> A | AB114: 2022 | AC114: =IF(U114="Retired",0,HLOOKUP(U114,'Fixed - Labor'!$C$29:$E$37,'Scenario 1'!$H$24,FALSE)*$T114) -> 6655271.1 | AD114: =IF(V114="Retired",0,HLOOKUP(V114,'Fixed - Labor'!$C$29:$E$37,'Scenario 1'!$H$24,FALSE)*$T114) -> 6655271.1 | AE114: =IF(W114="Retired",0,HLOOKUP(W114,'Fixed - Labor'!$C$29:$E$37,'Scenario 1'!$H$24,FALSE)*$T114) -> 6655271.1 | AF114: =IF(X114="Retired",0,HLOOKUP(X114,'Fixed - Labor'!$C$29:$E$37,'Scenario 1'!$H$24,FALSE)*$T114) -> 6655271.1 | AG114: =IF(Y114="Retired",0,HLOOKUP(Y114,'Fixed - Labor'!$C$29:$E$37,'Scenario 1'!$H$24,FALSE)*$T114) -> 6655271.1 | AH114: =IF(Z114="Retired",0,HLOOKUP(Z114,'Fixed - Labor'!$C$29:$E$37,'Scenario 1'!$H$24,FALSE)*$T114) -> 6655271.1 | AJ114: 2022 | AK114: =HLOOKUP($AJ114,'Fixed - Labor'!$A$21:$AE$24,3,FALSE) -> 13691018 | AL114: =IF($S114>$J$14,"Retired",IF($L$14="","A",IF($S114<$L$14,"A",IF(AND($S114<=$J$14,$S114<=$I$14),"B","C")))) -> A | AM114: =IF($S114>$J$15,"Retired",IF($L$15="","A",IF($S114<$L$15,"A",IF(AND($S114<=$J$15,$S114<=$I$15),"B","C")))) -> A | AN114: =IF($S114>$J$16,"Retired",IF($L$16="","A",IF($S114<$L$16,"A",IF(AND($S114<=$J$16,$S114<=$I$16),"B","C")))) -> A | AO114: =IF($S114>$J$17,"Retired",IF($L$17="","A",IF($S114<$L$17,"A",IF(AND($S114<=$J$17,$S114<=$I$17),"B","C")))) -> A | AP114: =IF($S114>$J$18,"Retired",IF($L$18="","A",IF($S114<$L$18,"A",IF(AND($S114<=$J$18,$S114<=$I$18),"B","C")))) -> A | AQ114: =IF($S114>$J$19,"Retired",IF($L$19="","A",IF($S114<$L$19,"A",IF(AND($S114<=$J$19,$S114<=$I$19),"B","C")))) -> A | AS114: 2022 | AT114: =IF(AL114="Retired",0,HLOOKUP(AL114,'Fixed - Labor'!$C$29:$E$37,'Scenario 1'!$H$24,FALSE)*$AK114) -> 13691018 | AU114: =IF(AM114="Retired",0,HLOOKUP(AM114,'Fixed - Labor'!$C$29:$E$37,'Scenario 1'!$H$24,FALSE)*$AK114) -> 13691018 | AV114: =IF(AN114="Retired",0,HLOOKUP(AN114,'Fixed - Labor'!$C$29:$E$37,'Scenario 1'!$H$24,FALSE)*$AK114) -> 13691018 | AW114: =IF(AO114="Retired",0,HLOOKUP(AO114,'Fixed - Labor'!$C$29:$E$37,'Scenario 1'!$H$24,FALSE)*$AK114) -> 13691018 | AX114: =IF(AP114="Retired",0,HLOOKUP(AP114,'Fixed - Labor'!$C$29:$E$37,'Scenario 1'!$H$24,FALSE)*$AK114) -> 13691018 | AY114: =IF(AQ114="Retired",0,HLOOKUP(AQ114,'Fixed - Labor'!$C$29:$E$37,'Scenario 1'!$H$24,FALSE)*$AK114) -> 13691018
H115: 2023 | I115: =AC115+AT115 -> 20753215 | J115: =AD115+AU115 -> 20753215 | K115: =AE115+AV115 -> 20753215 | L115: =AF115+AW115 -> 20753215 | M115: =AG115+AX115 -> 20753215 | N115: =AH115+AY115 -> 20753215 | S115: 2023 | T115: =HLOOKUP($S115,'Fixed - Labor'!$A$21:$AE$24,2,FALSE) -> 6788376.6 | U115: =IF($S115>$I$14,"Retired",IF($K$14="","A",IF($S115<$K$14,"A",IF($S115<=$I$14,"B")))) -> A | V115: =IF($S115>$I$15,"Retired",IF($K$15="","A",IF($S115<$K$15,"A",IF($S115<=$I$15,"B")))) -> A | W115: =IF($S115>$I$16,"Retired",IF($K$16="","A",IF($S115<$K$16,"A",IF($S115<=$I$16,"B")))) -> A | X115: =IF($S115>$I$17,"Retired",IF($K$17="","A",IF($S115<$K$17,"A",IF($S115<=$I$17,"B")))) -> A | Y115: =IF($S115>$I$18,"Retired",IF($K$18="","A",IF($S115<$K$18,"A",IF($S115<=$I$18,"B")))) -> A | Z115: =IF($S115>$I$19,"Retired",IF($K$19="","A",IF($S115<$K$19,"A",IF($S115<=$I$19,"B")))) -> A | AB115: 2023 | AC115: =IF(U115="Retired",0,HLOOKUP(U115,'Fixed - Labor'!$C$29:$E$37,'Scenario 1'!$H$24,FALSE)*$T115) -> 6788376.6 | AD115: =IF(V115="Retired",0,HLOOKUP(V115,'Fixed - Labor'!$C$29:$E$37,'Scenario 1'!$H$24,FALSE)*$T115) -> 6788376.6 | AE115: =IF(W115="Retired",0,HLOOKUP(W115,'Fixed - Labor'!$C$29:$E$37,'Scenario 1'!$H$24,FALSE)*$T115) -> 6788376.6 | AF115: =IF(X115="Retired",0,HLOOKUP(X115,'Fixed - Labor'!$C$29:$E$37,'Scenario 1'!$H$24,FALSE)*$T115) -> 6788376.6 | AG115: =IF(Y115="Retired",0,HLOOKUP(Y115,'Fixed - Labor'!$C$29:$E$37,'Scenario 1'!$H$24,FALSE)*$T115) -> 6788376.6 | AH115: =IF(Z115="Retired",0,HLOOKUP(Z115,'Fixed - Labor'!$C$29:$E$37,'Scenario 1'!$H$24,FALSE)*$T115) -> 6788376.6 | AJ115: 2023 | AK115: =HLOOKUP($AJ115,'Fixed - Labor'!$A$21:$AE$24,3,FALSE) -> 13964838 | AL115: =IF($S115>$J$14,"Retired",IF($L$14="","A",IF($S115<$L$14,"A",IF(AND($S115<=$J$14,$S115<=$I$14),"B","C")))) -> A | AM115: =IF($S115>$J$15,"Retired",IF($L$15="","A",IF($S115<$L$15,"A",IF(AND($S115<=$J$15,$S115<=$I$15),"B","C")))) -> A | AN115: =IF($S115>$J$16,"Retired",IF($L$16="","A",IF($S115<$L$16,"A",IF(AND($S115<=$J$16,$S115<=$I$16),"B","C")))) -> A | AO115: =IF($S115>$J$17,"Retired",IF($L$17="","A",IF($S115<$L$17,"A",IF(AND($S115<=$J$17,$S115<=$I$17),"B","C")))) -> A | AP115: =IF($S115>$J$18,"Retired",IF($L$18="","A",IF($S115<$L$18,"A",IF(AND($S115<=$J$18,$S115<=$I$18),"B","C")))) -> A | AQ115: =IF($S115>$J$19,"Retired",IF($L$19="","A",IF($S115<$L$19,"A",IF(AND($S115<=$J$19,$S115<=$I$19),"B","C")))) -> A | AS115: 2023 | AT115: =IF(AL115="Retired",0,HLOOKUP(AL115,'Fixed - Labor'!$C$29:$E$37,'Scenario 1'!$H$24,FALSE)*$AK115) -> 13964838 | AU115: =IF(AM115="Retired",0,HLOOKUP(AM115,'Fixed - Labor'!$C$29:$E$37,'Scenario 1'!$H$24,FALSE)*$AK115) -> 13964838 | AV115: =IF(AN115="Retired",0,HLOOKUP(AN115,'Fixed - Labor'!$C$29:$E$37,'Scenario 1'!$H$24,FALSE)*$AK115) -> 13964838 | AW115: =IF(AO115="Retired",0,HLOOKUP(AO115,'Fixed - Labor'!$C$29:$E$37,'Scenario 1'!$H$24,FALSE)*$AK115) -> 13964838 | AX115: =IF(AP115="Retired",0,HLOOKUP(AP115,'Fixed - Labor'!$C$29:$E$37,'Scenario 1'!$H$24,FALSE)*$AK115) -> 13964838 | AY115: =IF(AQ115="Retired",0,HLOOKUP(AQ115,'Fixed - Labor'!$C$29:$E$37,'Scenario 1'!$H$24,FALSE)*$AK115) -> 13964838
H116: 2024 | I116: =AC116+AT116 -> 0 | J116: =AD116+AU116 -> 21168279 | K116: =AE116+AV116 -> 21168279 | L116: =AF116+AW116 -> 21168279 | M116: =AG116+AX116 -> 21168279 | N116: =AH116+AY116 -> 21168279 | S116: 2024 | T116: =HLOOKUP($S116,'Fixed - Labor'!$A$21:$AE$24,2,FALSE) -> 6924144.1 | U116: =IF($S116>$I$14,"Retired",IF($K$14="","A",IF($S116<$K$14,"A",IF($S116<=$I$14,"B")))) -> Retired | V116: =IF($S116>$I$15,"Retired",IF($K$15="","A",IF($S116<$K$15,"A",IF($S116<=$I$15,"B")))) -> A | W116: =IF($S116>$I$16,"Retired",IF($K$16="","A",IF($S116<$K$16,"A",IF($S116<=$I$16,"B")))) -> A | X116: =IF($S116>$I$17,"Retired",IF($K$17="","A",IF($S116<$K$17,"A",IF($S116<=$I$17,"B")))) -> A | Y116: =IF($S116>$I$18,"Retired",IF($K$18="","A",IF($S116<$K$18,"A",IF($S116<=$I$18,"B")))) -> A | Z116: =IF($S116>$I$19,"Retired",IF($K$19="","A",IF($S116<$K$19,"A",IF($S116<=$I$19,"B")))) -> A | AB116: 2024 | AC116: =IF(U116="Retired",0,HLOOKUP(U116,'Fixed - Labor'!$C$29:$E$37,'Scenario 1'!$H$24,FALSE)*$T116) -> 0 | AD116: =IF(V116="Retired",0,HLOOKUP(V116,'Fixed - Labor'!$C$29:$E$37,'Scenario 1'!$H$24,FALSE)*$T116) -> 6924144.1 | AE116: =IF(W116="Retired",0,HLOOKUP(W116,'Fixed - Labor'!$C$29:$E$37,'Scenario 1'!$H$24,FALSE)*$T116) -> 6924144.1 | AF116: =IF(X116="Retired",0,HLOOKUP(X116,'Fixed - Labor'!$C$29:$E$37,'Scenario 1'!$H$24,FALSE)*$T116) -> 6924144.1 | AG116: =IF(Y116="Retired",0,HLOOKUP(Y116,'Fixed - Labor'!$C$29:$E$37,'Scenario 1'!$H$24,FALSE)*$T116) -> 6924144.1 | AH116: =IF(Z116="Retired",0,HLOOKUP(Z116,'Fixed - Labor'!$C$29:$E$37,'Scenario 1'!$H$24,FALSE)*$T116) -> 6924144.1 | AJ116: 2024 | AK116: =HLOOKUP($AJ116,'Fixed - Labor'!$A$21:$AE$24,3,FALSE) -> 14244135 | AL116: =IF($S116>$J$14,"Retired",IF($L$14="","A",IF($S116<$L$14,"A",IF(AND($S116<=$J$14,$S116<=$I$14),"B","C")))) -> Retired | AM116: =IF($S116>$J$15,"Retired",IF($L$15="","A",IF($S116<$L$15,"A",IF(AND($S116<=$J$15,$S116<=$I$15),"B","C")))) -> A | AN116: =IF($S116>$J$16,"Retired",IF($L$16="","A",IF($S116<$L$16,"A",IF(AND($S116<=$J$16,$S116<=$I$16),"B","C")))) -> A | AO116: =IF($S116>$J$17,"Retired",IF($L$17="","A",IF($S116<$L$17,"A",IF(AND($S116<=$J$17,$S116<=$I$17),"B","C")))) -> A | AP116: =IF($S116>$J$18,"Retired",IF($L$18="","A",IF($S116<$L$18,"A",IF(AND($S116<=$J$18,$S116<=$I$18),"B","C")))) -> A | AQ116: =IF($S116>$J$19,"Retired",IF($L$19="","A",IF($S116<$L$19,"A",IF(AND($S116<=$J$19,$S116<=$I$19),"B","C")))) -> A | AS116: 2024 | AT116: =IF(AL116="Retired",0,HLOOKUP(AL116,'Fixed - Labor'!$C$29:$E$37,'Scenario 1'!$H$24,FALSE)*$AK116) -> 0 | AU116: =IF(AM116="Retired",0,HLOOKUP(AM116,'Fixed - Labor'!$C$29:$E$37,'Scenario 1'!$H$24,FALSE)*$AK116) -> 14244135 | AV116: =IF(AN116="Retired",0,HLOOKUP(AN116,'Fixed - Labor'!$C$29:$E$37,'Scenario 1'!$H$24,FALSE)*$AK116) -> 14244135 | AW116: =IF(AO116="Retired",0,HLOOKUP(AO116,'Fixed - Labor'!$C$29:$E$37,'Scenario 1'!$H$24,FALSE)*$AK116) -> 14244135 | AX116: =IF(AP116="Retired",0,HLOOKUP(AP116,'Fixed - Labor'!$C$29:$E$37,'Scenario 1'!$H$24,FALSE)*$AK116) -> 14244135 | AY116: =IF(AQ116="Retired",0,HLOOKUP(AQ116,'Fixed - Labor'!$C$29:$E$37,'Scenario 1'!$H$24,FALSE)*$AK116) -> 14244135
H117: 2025 | I117: =AC117+AT117 -> 0 | J117: =AD117+AU117 -> 0 | K117: =AE117+AV117 -> 21591645 | L117: =AF117+AW117 -> 21591645 | M117: =AG117+AX117 -> 21591645 | N117: =AH117+AY117 -> 21591645 | S117: 2025 | T117: =HLOOKUP($S117,'Fixed - Labor'!$A$21:$AE$24,2,FALSE) -> 7062627 | U117: =IF($S117>$I$14,"Retired",IF($K$14="","A",IF($S117<$K$14,"A",IF($S117<=$I$14,"B")))) -> Retired | V117: =IF($S117>$I$15,"Retired",IF($K$15="","A",IF($S117<$K$15,"A",IF($S117<=$I$15,"B")))) -> Retired | W117: =IF($S117>$I$16,"Retired",IF($K$16="","A",IF($S117<$K$16,"A",IF($S117<=$I$16,"B")))) -> A | X117: =IF($S117>$I$17,"Retired",IF($K$17="","A",IF($S117<$K$17,"A",IF($S117<=$I$17,"B")))) -> A | Y117: =IF($S117>$I$18,"Retired",IF($K$18="","A",IF($S117<$K$18,"A",IF($S117<=$I$18,"B")))) -> A | Z117: =IF($S117>$I$19,"Retired",IF($K$19="","A",IF($S117<$K$19,"A",IF($S117<=$I$19,"B")))) -> A | AB117: 2025 | AC117: =IF(U117="Retired",0,HLOOKUP(U117,'Fixed - Labor'!$C$29:$E$37,'Scenario 1'!$H$24,FALSE)*$T117) -> 0 | AD117: =IF(V117="Retired",0,HLOOKUP(V117,'Fixed - Labor'!$C$29:$E$37,'Scenario 1'!$H$24,FALSE)*$T117) -> 0 | AE117: =IF(W117="Retired",0,HLOOKUP(W117,'Fixed - Labor'!$C$29:$E$37,'Scenario 1'!$H$24,FALSE)*$T117) -> 7062627 | AF117: =IF(X117="Retired",0,HLOOKUP(X117,'Fixed - Labor'!$C$29:$E$37,'Scenario 1'!$H$24,FALSE)*$T117) -> 7062627 | AG117: =IF(Y117="Retired",0,HLOOKUP(Y117,'Fixed - Labor'!$C$29:$E$37,'Scenario 1'!$H$24,FALSE)*$T117) -> 7062627 | AH117: =IF(Z117="Retired",0,HLOOKUP(Z117,'Fixed - Labor'!$C$29:$E$37,'Scenario 1'!$H$24,FALSE)*$T117) -> 7062627 | AJ117: 2025 | AK117: =HLOOKUP($AJ117,'Fixed - Labor'!$A$21:$AE$24,3,FALSE) -> 14529018 | AL117: =IF($S117>$J$14,"Retired",IF($L$14="","A",IF($S117<$L$14,"A",IF(AND($S117<=$J$14,$S117<=$I$14),"B","C")))) -> Retired | AM117: =IF($S117>$J$15,"Retired",IF($L$15="","A",IF($S117<$L$15,"A",IF(AND($S117<=$J$15,$S117<=$I$15),"B","C")))) -> Retired | AN117: =IF($S117>$J$16,"Retired",IF($L$16="","A",IF($S117<$L$16,"A",IF(AND($S117<=$J$16,$S117<=$I$16),"B","C")))) -> A | AO117: =IF($S117>$J$17,"Retired",IF($L$17="","A",IF($S117<$L$17,"A",IF(AND($S117<=$J$17,$S117<=$I$17),"B","C")))) -> A | AP117: =IF($S117>$J$18,"Retired",IF($L$18="","A",IF($S117<$L$18,"A",IF(AND($S117<=$J$18,$S117<=$I$18),"B","C")))) -> A | AQ117: =IF($S117>$J$19,"Retired",IF($L$19="","A",IF($S117<$L$19,"A",IF(AND($S117<=$J$19,$S117<=$I$19),"B","C")))) -> A | AS117: 2025 | AT117: =IF(AL117="Retired",0,HLOOKUP(AL117,'Fixed - Labor'!$C$29:$E$37,'Scenario 1'!$H$24,FALSE)*$AK117) -> 0 | AU117: =IF(AM117="Retired",0,HLOOKUP(AM117,'Fixed - Labor'!$C$29:$E$37,'Scenario 1'!$H$24,FALSE)*$AK117) -> 0 | AV117: =IF(AN117="Retired",0,HLOOKUP(AN117,'Fixed - Labor'!$C$29:$E$37,'Scenario 1'!$H$24,FALSE)*$AK117) -> 14529018 | AW117: =IF(AO117="Retired",0,HLOOKUP(AO117,'Fixed - Labor'!$C$29:$E$37,'Scenario 1'!$H$24,FALSE)*$AK117) -> 14529018 | AX117: =IF(AP117="Retired",0,HLOOKUP(AP117,'Fixed - Labor'!$C$29:$E$37,'Scenario 1'!$H$24,FALSE)*$AK117) -> 14529018 | AY117: =IF(AQ117="Retired",0,HLOOKUP(AQ117,'Fixed - Labor'!$C$29:$E$37,'Scenario 1'!$H$24,FALSE)*$AK117) -> 14529018
H118: 2026 | I118: =AC118+AT118 -> 0 | J118: =AD118+AU118 -> 0 | K118: =AE118+AV118 -> 0 | L118: =AF118+AW118 -> 22023478 | M118: =AG118+AX118 -> 22023478 | N118: =AH118+AY118 -> 22023478 | S118: 2026 | T118: =HLOOKUP($S118,'Fixed - Labor'!$A$21:$AE$24,2,FALSE) -> 7203879.5 | U118: =IF($S118>$I$14,"Retired",IF($K$14="","A",IF($S118<$K$14,"A",IF($S118<=$I$14,"B")))) -> Retired | V118: =IF($S118>$I$15,"Retired",IF($K$15="","A",IF($S118<$K$15,"A",IF($S118<=$I$15,"B")))) -> Retired | W118: =IF($S118>$I$16,"Retired",IF($K$16="","A",IF($S118<$K$16,"A",IF($S118<=$I$16,"B")))) -> Retired | X118: =IF($S118>$I$17,"Retired",IF($K$17="","A",IF($S118<$K$17,"A",IF($S118<=$I$17,"B")))) -> A | Y118: =IF($S118>$I$18,"Retired",IF($K$18="","A",IF($S118<$K$18,"A",IF($S118<=$I$18,"B")))) -> A | Z118: =IF($S118>$I$19,"Retired",IF($K$19="","A",IF($S118<$K$19,"A",IF($S118<=$I$19,"B")))) -> A | AB118: 2026 | AC118: =IF(U118="Retired",0,HLOOKUP(U118,'Fixed - Labor'!$C$29:$E$37,'Scenario 1'!$H$24,FALSE)*$T118) -> 0 | AD118: =IF(V118="Retired",0,HLOOKUP(V118,'Fixed - Labor'!$C$29:$E$37,'Scenario 1'!$H$24,FALSE)*$T118) -> 0 | AE118: =IF(W118="Retired",0,HLOOKUP(W118,'Fixed - Labor'!$C$29:$E$37,'Scenario 1'!$H$24,FALSE)*$T118) -> 0 | AF118: =IF(X118="Retired",0,HLOOKUP(X118,'Fixed - Labor'!$C$29:$E$37,'Scenario 1'!$H$24,FALSE)*$T118) -> 7203879.5 | AG118: =IF(Y118="Retired",0,HLOOKUP(Y118,'Fixed - Labor'!$C$29:$E$37,'Scenario 1'!$H$24,FALSE)*$T118) -> 7203879.5 | AH118: =IF(Z118="Retired",0,HLOOKUP(Z118,'Fixed - Labor'!$C$29:$E$37,'Scenario 1'!$H$24,FALSE)*$T118) -> 7203879.5 | AJ118: 2026 | AK118: =HLOOKUP($AJ118,'Fixed - Labor'!$A$21:$AE$24,3,FALSE) -> 14819598 | AL118: =IF($S118>$J$14,"Retired",IF($L$14="","A",IF($S118<$L$14,"A",IF(AND($S118<=$J$14,$S118<=$I$14),"B","C")))) -> Retired | AM118: =IF($S118>$J$15,"Retired",IF($L$15="","A",IF($S118<$L$15,"A",IF(AND($S118<=$J$15,$S118<=$I$15),"B","C")))) -> Retired | AN118: =IF($S118>$J$16,"Retired",IF($L$16="","A",IF($S118<$L$16,"A",IF(AND($S118<=$J$16,$S118<=$I$16),"B","C")))) -> Retired | AO118: =IF($S118>$J$17,"Retired",IF($L$17="","A",IF($S118<$L$17,"A",IF(AND($S118<=$J$17,$S118<=$I$17),"B","C")))) -> A | AP118: =IF($S118>$J$18,"Retired",IF($L$18="","A",IF($S118<$L$18,"A",IF(AND($S118<=$J$18,$S118<=$I$18),"B","C")))) -> A | AQ118: =IF($S118>$J$19,"Retired",IF($L$19="","A",IF($S118<$L$19,"A",IF(AND($S118<=$J$19,$S118<=$I$19),"B","C")))) -> A | AS118: 2026 | AT118: =IF(AL118="Retired",0,HLOOKUP(AL118,'Fixed - Labor'!$C$29:$E$37,'Scenario 1'!$H$24,FALSE)*$AK118) -> 0 | AU118: =IF(AM118="Retired",0,HLOOKUP(AM118,'Fixed - Labor'!$C$29:$E$37,'Scenario 1'!$H$24,FALSE)*$AK118) -> 0 | AV118: =IF(AN118="Retired",0,HLOOKUP(AN118,'Fixed - Labor'!$C$29:$E$37,'Scenario 1'!$H$24,FALSE)*$AK118) -> 0 | AW118: =IF(AO118="Retired",0,HLOOKUP(AO118,'Fixed - Labor'!$C$29:$E$37,'Scenario 1'!$H$24,FALSE)*$AK118) -> 14819598 | AX118: =IF(AP118="Retired",0,HLOOKUP(AP118,'Fixed - Labor'!$C$29:$E$37,'Scenario 1'!$H$24,FALSE)*$AK118) -> 14819598 | AY118: =IF(AQ118="Retired",0,HLOOKUP(AQ118,'Fixed - Labor'!$C$29:$E$37,'Scenario 1'!$H$24,FALSE)*$AK118) -> 14819598
H119: 2027 | I119: =AC119+AT119 -> 0 | J119: =AD119+AU119 -> 0 | K119: =AE119+AV119 -> 0 | L119: =AF119+AW119 -> 22463947 | M119: =AG119+AX119 -> 22463947 | N119: =AH119+AY119 -> 22463947 | S119: 2027 | T119: =HLOOKUP($S119,'Fixed - Labor'!$A$21:$AE$24,2,FALSE) -> 7347957.1 | U119: =IF($S119>$I$14,"Retired",IF($K$14="","A",IF($S119<$K$14,"A",IF($S119<=$I$14,"B")))) -> Retired | V119: =IF($S119>$I$15,"Retired",IF($K$15="","A",IF($S119<$K$15,"A",IF($S119<=$I$15,"B")))) -> Retired | W119: =IF($S119>$I$16,"Retired",IF($K$16="","A",IF($S119<$K$16,"A",IF($S119<=$I$16,"B")))) -> Retired | X119: =IF($S119>$I$17,"Retired",IF($K$17="","A",IF($S119<$K$17,"A",IF($S119<=$I$17,"B")))) -> A | Y119: =IF($S119>$I$18,"Retired",IF($K$18="","A",IF($S119<$K$18,"A",IF($S119<=$I$18,"B")))) -> A | Z119: =IF($S119>$I$19,"Retired",IF($K$19="","A",IF($S119<$K$19,"A",IF($S119<=$I$19,"B")))) -> A | AB119: 2027 | AC119: =IF(U119="Retired",0,HLOOKUP(U119,'Fixed - Labor'!$C$29:$E$37,'Scenario 1'!$H$24,FALSE)*$T119) -> 0 | AD119: =IF(V119="Retired",0,HLOOKUP(V119,'Fixed - Labor'!$C$29:$E$37,'Scenario 1'!$H$24,FALSE)*$T119) -> 0 | AE119: =IF(W119="Retired",0,HLOOKUP(W119,'Fixed - Labor'!$C$29:$E$37,'Scenario 1'!$H$24,FALSE)*$T119) -> 0 | AF119: =IF(X119="Retired",0,HLOOKUP(X119,'Fixed - Labor'!$C$29:$E$37,'Scenario 1'!$H$24,FALSE)*$T119) -> 7347957.1 | AG119: =IF(Y119="Retired",0,HLOOKUP(Y119,'Fixed - Labor'!$C$29:$E$37,'Scenario 1'!$H$24,FALSE)*$T119) -> 7347957.1 | AH119: =IF(Z119="Retired",0,HLOOKUP(Z119,'Fixed - Labor'!$C$29:$E$37,'Scenario 1'!$H$24,FALSE)*$T119) -> 7347957.1 | AJ119: 2027 | AK119: =HLOOKUP($AJ119,'Fixed - Labor'!$A$21:$AE$24,3,FALSE) -> 15115990 | AL119: =IF($S119>$J$14,"Retired",IF($L$14="","A",IF($S119<$L$14,"A",IF(AND($S119<=$J$14,$S119<=$I$14),"B","C")))) -> Retired | AM119: =IF($S119>$J$15,"Retired",IF($L$15="","A",IF($S119<$L$15,"A",IF(AND($S119<=$J$15,$S119<=$I$15),"B","C")))) -> Retired | AN119: =IF($S119>$J$16,"Retired",IF($L$16="","A",IF($S119<$L$16,"A",IF(AND($S119<=$J$16,$S119<=$I$16),"B","C")))) -> Retired | AO119: =IF($S119>$J$17,"Retired",IF($L$17="","A",IF($S119<$L$17,"A",IF(AND($S119<=$J$17,$S119<=$I$17),"B","C")))) -> A | AP119: =IF($S119>$J$18,"Retired",IF($L$18="","A",IF($S119<$L$18,"A",IF(AND($S119<=$J$18,$S119<=$I$18),"B","C")))) -> A | AQ119: =IF($S119>$J$19,"Retired",IF($L$19="","A",IF($S119<$L$19,"A",IF(AND($S119<=$J$19,$S119<=$I$19),"B","C")))) -> A | AS119: 2027 | AT119: =IF(AL119="Retired",0,HLOOKUP(AL119,'Fixed - Labor'!$C$29:$E$37,'Scenario 1'!$H$24,FALSE)*$AK119) -> 0 | AU119: =IF(AM119="Retired",0,HLOOKUP(AM119,'Fixed - Labor'!$C$29:$E$37,'Scenario 1'!$H$24,FALSE)*$AK119) -> 0 | AV119: =IF(AN119="Retired",0,HLOOKUP(AN119,'Fixed - Labor'!$C$29:$E$37,'Scenario 1'!$H$24,FALSE)*$AK119) -> 0 | AW119: =IF(AO119="Retired",0,HLOOKUP(AO119,'Fixed - Labor'!$C$29:$E$37,'Scenario 1'!$H$24,FALSE)*$AK119) -> 15115990 | AX119: =IF(AP119="Retired",0,HLOOKUP(AP119,'Fixed - Labor'!$C$29:$E$37,'Scenario 1'!$H$24,FALSE)*$AK119) -> 15115990 | AY119: =IF(AQ119="Retired",0,HLOOKUP(AQ119,'Fixed - Labor'!$C$29:$E$37,'Scenario 1'!$H$24,FALSE)*$AK119) -> 15115990
H120: 2028 | I120: =AC120+AT120 -> 0 | J120: =AD120+AU120 -> 0 | K120: =AE120+AV120 -> 0 | L120: =AF120+AW120 -> 0 | M120: =AG120+AX120 -> 22913226 | N120: =AH120+AY120 -> 22913226 | S120: 2028 | T120: =HLOOKUP($S120,'Fixed - Labor'!$A$21:$AE$24,2,FALSE) -> 7494916.2 | U120: =IF($S120>$I$14,"Retired",IF($K$14="","A",IF($S120<$K$14,"A",IF($S120<=$I$14,"B")))) -> Retired | V120: =IF($S120>$I$15,"Retired",IF($K$15="","A",IF($S120<$K$15,"A",IF($S120<=$I$15,"B")))) -> Retired | W120: =IF($S120>$I$16,"Retired",IF($K$16="","A",IF($S120<$K$16,"A",IF($S120<=$I$16,"B")))) -> Retired | X120: =IF($S120>$I$17,"Retired",IF($K$17="","A",IF($S120<$K$17,"A",IF($S120<=$I$17,"B")))) -> Retired | Y120: =IF($S120>$I$18,"Retired",IF($K$18="","A",IF($S120<$K$18,"A",IF($S120<=$I$18,"B")))) -> A | Z120: =IF($S120>$I$19,"Retired",IF($K$19="","A",IF($S120<$K$19,"A",IF($S120<=$I$19,"B")))) -> A | AB120: 2028 | AC120: =IF(U120="Retired",0,HLOOKUP(U120,'Fixed - Labor'!$C$29:$E$37,'Scenario 1'!$H$24,FALSE)*$T120) -> 0 | AD120: =IF(V120="Retired",0,HLOOKUP(V120,'Fixed - Labor'!$C$29:$E$37,'Scenario 1'!$H$24,FALSE)*$T120) -> 0 | AE120: =IF(W120="Retired",0,HLOOKUP(W120,'Fixed - Labor'!$C$29:$E$37,'Scenario 1'!$H$24,FALSE)*$T120) -> 0 | AF120: =IF(X120="Retired",0,HLOOKUP(X120,'Fixed - Labor'!$C$29:$E$37,'Scenario 1'!$H$24,FALSE)*$T120) -> 0 | AG120: =IF(Y120="Retired",0,HLOOKUP(Y120,'Fixed - Labor'!$C$29:$E$37,'Scenario 1'!$H$24,FALSE)*$T120) -> 7494916.2 | AH120: =IF(Z120="Retired",0,HLOOKUP(Z120,'Fixed - Labor'!$C$29:$E$37,'Scenario 1'!$H$24,FALSE)*$T120) -> 7494916.2 | AJ120: 2028 | AK120: =HLOOKUP($AJ120,'Fixed - Labor'!$A$21:$AE$24,3,FALSE) -> 15418310 | AL120: =IF($S120>$J$14,"Retired",IF($L$14="","A",IF($S120<$L$14,"A",IF(AND($S120<=$J$14,$S120<=$I$14),"B","C")))) -> Retired | AM120: =IF($S120>$J$15,"Retired",IF($L$15="","A",IF($S120<$L$15,"A",IF(AND($S120<=$J$15,$S120<=$I$15),"B","C")))) -> Retired | AN120: =IF($S120>$J$16,"Retired",IF($L$16="","A",IF($S120<$L$16,"A",IF(AND($S120<=$J$16,$S120<=$I$16),"B","C")))) -> Retired | AO120: =IF($S120>$J$17,"Retired",IF($L$17="","A",IF($S120<$L$17,"A",IF(AND($S120<=$J$17,$S120<=$I$17),"B","C")))) -> Retired | AP120: =IF($S120>$J$18,"Retired",IF($L$18="","A",IF($S120<$L$18,"A",IF(AND($S120<=$J$18,$S120<=$I$18),"B","C")))) -> A | AQ120: =IF($S120>$J$19,"Retired",IF($L$19="","A",IF($S120<$L$19,"A",IF(AND($S120<=$J$19,$S120<=$I$19),"B","C")))) -> A | AS120: 2028 | AT120: =IF(AL120="Retired",0,HLOOKUP(AL120,'Fixed - Labor'!$C$29:$E$37,'Scenario 1'!$H$24,FALSE)*$AK120) -> 0 | AU120: =IF(AM120="Retired",0,HLOOKUP(AM120,'Fixed - Labor'!$C$29:$E$37,'Scenario 1'!$H$24,FALSE)*$AK120) -> 0 | AV120: =IF(AN120="Retired",0,HLOOKUP(AN120,'Fixed - Labor'!$C$29:$E$37,'Scenario 1'!$H$24,FALSE)*$AK120) -> 0 | AW120: =IF(AO120="Retired",0,HLOOKUP(AO120,'Fixed - Labor'!$C$29:$E$37,'Scenario 1'!$H$24,FALSE)*$AK120) -> 0 | AX120: =IF(AP120="Retired",0,HLOOKUP(AP120,'Fixed - Labor'!$C$29:$E$37,'Scenario 1'!$H$24,FALSE)*$AK120) -> 15418310 | AY120: =IF(AQ120="Retired",0,HLOOKUP(AQ120,'Fixed - Labor'!$C$29:$E$37,'Scenario 1'!$H$24,FALSE)*$AK120) -> 15418310
... H137: 2045 | I137: =AC137+AT137 -> 0 | J137: =AD137+AU137 -> 0 | K137: =AE137+AV137 -> 0 | L137: =AF137+AW137 -> 0 | M137: =AG137+AX137 -> 0 | N137: =AH137+AY137 -> 0 | S137: 2045 | T137: =HLOOKUP($S137,'Fixed - Labor'!$A$21:$AE$24,2,FALSE) -> 10494692 | U137: =IF($S137>$I$14,"Retired",IF($K$14="","A",IF($S137<$K$14,"A",IF($S137<=$I$14,"B")))) -> Retired | V137: =IF($S137>$I$15,"Retired",IF($K$15="","A",IF($S137<$K$15,"A",IF($S137<=$I$15,"B")))) -> Retired | W137: =IF($S137>$I$16,"Retired",IF($K$16="","A",IF($S137<$K$16,"A",IF($S137<=$I$16,"B")))) -> Retired | X137: =IF($S137>$I$17,"Retired",IF($K$17="","A",IF($S137<$K$17,"A",IF($S137<=$I$17,"B")))) -> Retired | Y137: =IF($S137>$I$18,"Retired",IF($K$18="","A",IF($S137<$K$18,"A",IF($S137<=$I$18,"B")))) -> Retired | Z137: =IF($S137>$I$19,"Retired",IF($K$19="","A",IF($S137<$K$19,"A",IF($S137<=$I$19,"B")))) -> Retired | AB137: 2045 | AC137: =IF(U137="Retired",0,HLOOKUP(U137,'Fixed - Labor'!$C$29:$E$37,'Scenario 1'!$H$24,FALSE)*$T137) -> 0 | AD137: =IF(V137="Retired",0,HLOOKUP(V137,'Fixed - Labor'!$C$29:$E$37,'Scenario 1'!$H$24,FALSE)*$T137) -> 0 | AE137: =IF(W137="Retired",0,HLOOKUP(W137,'Fixed - Labor'!$C$29:$E$37,'Scenario 1'!$H$24,FALSE)*$T137) -> 0 | AF137: =IF(X137="Retired",0,HLOOKUP(X137,'Fixed - Labor'!$C$29:$E$37,'Scenario 1'!$H$24,FALSE)*$T137) -> 0 | AG137: =IF(Y137="Retired",0,HLOOKUP(Y137,'Fixed - Labor'!$C$29:$E$37,'Scenario 1'!$H$24,FALSE)*$T137) -> 0 | AH137: =IF(Z137="Retired",0,HLOOKUP(Z137,'Fixed - Labor'!$C$29:$E$37,'Scenario 1'!$H$24,FALSE)*$T137) -> 0 | AJ137: 2045 | AK137: =HLOOKUP($AJ137,'Fixed - Labor'!$A$21:$AE$24,3,FALSE) -> 21589356 | AL137: =IF($S137>$J$14,"Retired",IF($L$14="","A",IF($S137<$L$14,"A",IF(AND($S137<=$J$14,$S137<=$I$14),"B","C")))) -> Retired | AM137: =IF($S137>$J$15,"Retired",IF($L$15="","A",IF($S137<$L$15,"A",IF(AND($S137<=$J$15,$S137<=$I$15),"B","C")))) -> Retired | AN137: =IF($S137>$J$16,"Retired",IF($L$16="","A",IF($S137<$L$16,"A",IF(AND($S137<=$J$16,$S137<=$I$16),"B","C")))) -> Retired | AO137: =IF($S137>$J$17,"Retired",IF($L$17="","A",IF($S137<$L$17,"A",IF(AND($S137<=$J$17,$S137<=$I$17),"B","C")))) -> Retired | AP137: =IF($S137>$J$18,"Retired",IF($L$18="","A",IF($S137<$L$18,"A",IF(AND($S137<=$J$18,$S137<=$I$18),"B","C")))) -> Retired | AQ137: =IF($S137>$J$19,"Retired",IF($L$19="","A",IF($S137<$L$19,"A",IF(AND($S137<=$J$19,$S137<=$I$19),"B","C")))) -> Retired | AS137: 2045 | AT137: =IF(AL137="Retired",0,HLOOKUP(AL137,'Fixed - Labor'!$C$29:$E$37,'Scenario 1'!$H$24,FALSE)*$AK137) -> 0 | AU137: =IF(AM137="Retired",0,HLOOKUP(AM137,'Fixed - Labor'!$C$29:$E$37,'Scenario 1'!$H$24,FALSE)*$AK137) -> 0 | AV137: =IF(AN137="Retired",0,HLOOKUP(AN137,'Fixed - Labor'!$C$29:$E$37,'Scenario 1'!$H$24,FALSE)*$AK137) -> 0 | AW137: =IF(AO137="Retired",0,HLOOKUP(AO137,'Fixed - Labor'!$C$29:$E$37,'Scenario 1'!$H$24,FALSE)*$AK137) -> 0 | AX137: =IF(AP137="Retired",0,HLOOKUP(AP137,'Fixed - Labor'!$C$29:$E$37,'Scenario 1'!$H$24,FALSE)*$AK137) -> 0 | AY137: =IF(AQ137="Retired",0,HLOOKUP(AQ137,'Fixed - Labor'!$C$29:$E$37,'Scenario 1'!$H$24,FALSE)*$AK137) -> 0
H138: Total | I138: =SUM(I109:I137) -> 1.3633853e+08 | J138: =SUM(J109:J137) -> 1.575068e+08 | K138: =SUM(K109:K137) -> 1.7909845e+08 | L138: =SUM(L109:L137) -> 2.2358587e+08 | M138: =SUM(M109:M137) -> 2.6987059e+08 | N138: =SUM(N109:N137) -> 3.1802521e+08
S139: *Reduced operations percentages are contained on the "Fixed - Other" Tab
B141: 8: Fixed O&M - Other | S141: 1st Unit - Step 1 - Reduce baseline based on scenario | AB141: 1st Unit - Step 2 - Single Unit Operation and Retirement | AJ141: 2nd Unit - Step 1 - Reduce baseline based on scenario | AS141: 2nd Unit - Step 2 - Single Unit Operation and Retirement
H143: Year | I143: =I108 -> 1 | J143: =J108 -> 1A | K143: =K108 -> 1B | L143: =L108 -> 1C | M143: =M108 -> 1D | N143: =N108 -> 1E | S143: Year | T143: Baseline | U143: =U108 -> 1 | V143: =V108 -> 1A | W143: =W108 -> 1B | X143: =X108 -> 1C | Y143: =Y108 -> 1D | Z143: =Z108 -> 1E | AB143: Year | AC143: =U143 -> 1 | AD143: =V143 -> 1A | AE143: =W143 -> 1B | AF143: =X143 -> 1C | AG143: =Y143 -> 1D | AH143: =Z143 -> 1E | AJ143: Year | AK143: Baseline | AL143: =AL108 -> 1 | AM143: =AM108 -> 1A | AN143: =AN108 -> 1B | AO143: =AO108 -> 1C | AP143: =AP108 -> 1D | AQ143: =AQ108 -> 1E | AS143: Year | AT143: =AL143 -> 1 | AU143: =AM143 -> 1A | AV143: =AN143 -> 1B | AW143: =AO143 -> 1C | AX143: =AP143 -> 1D | AY143: =AQ143 -> 1E
